Workbook
Name _1_: #REF!
Name _2ecm: #REF!
Name _3ecw: #REF!
Name AME: OFFSET([9]AME!$H$15,0,0,MAX([9]AME!$B$15:$B100),1)
Name CDEL: OFFSET([9]CDEL!$G$15,0,0,MAX([9]CDEL!$B$15:$B100),1)
Name CLASSIFICATION: [11]Menus!$C$2:$C$6
Name datazone: '[12]Data (monthly)'!$A$3:$AN$2314
Name Days: [13]QsYs!$J:$J
Name DEPR: #REF!
Name dwl_data: [14]Download!$B$2:$CE$81
Name dwl_data_fy: [15]Download!$B$65:$CE$79
Name dwl_dates: [14]Download!$A$2:$A$81
Name dwl_dates_fy: [15]Download!$A$65:$A$79
Name dwl_vars: [14]Download!$B$1:$CE$1
Name Ev: [16]Determinants!$CL$2:$CL$8
Name General_CDEL: OFFSET([9]CDEL!$G$17,0,0,MAX([9]CDEL!$B$17:$B100)-1,1)
Name General_RDEL: OFFSET([9]RDEL!$G$17,0,0,MAX([9]RDEL!$B$17:$B100)-1,1)
Name Key: [17]Tracker!$P$2:$P$4
Name Migration: #REF!
Name Months: [18]Tracker!$X$2:$X$261
Name RDEL: OFFSET([9]RDEL!$G$15,0,0,MAX([9]RDEL!$B$15:$B100),1)
Name Receipts: OFFSET([9]Receipts!$D$15,0,0,MAX([9]Receipts!$B$15:$B100),1)
Name Sumif_count: '[9]HMT Scorecard (Inputs)'!$A$509
Name Supplementary_tables: '[9]INPUT - HMT Final scorecard'!$C$5:$C$256

Sheet Contents
B2: Supplementary tables
B4: This spreadsheet was published alongside the July 2021 Fiscal risks report
B5: This spreadsheet shows the numbers underpinning the climate change scenarios in Chapter 3 of our 2021 Fiscal risks report. To construct paths for each of these, we draw on scenarios produced by the Climate Change Committee (CCC) for whole economy costs and savings from decarbonisation, and by the Bank of England for the price of carbon necessary to achieve net zero and its economic implications. The economic and fiscal consequences of the transition to net zero are subject to many sources of uncertainty. We therefore also consider alternative scenarios and sensitivities including delayed action, variations in productivity and the public sector spending share, and the potential for offsetting fiscal adjustments.
B10: We would welcome any feedback on the detail or format of this database to feedback@obr.uk
B12: July 2021 Fiscal risks report: Supplementary Tables
C13: Table 1.1: Hypothetical baseline
C14: Table 1.2: Early action scenario
C15: Table 1.3: Late action scenario
C16: Table 1.4: High productivity variant
C17: Table 1.4: Productivity gains
C18: Table 1.5: Low productivity variant
C19: Table 1.6: High public spending share variant
C20: Table 1.7: Low public spending share variant
C21: Table 1.8: Net-zero CAPEX spending allocated from within existing PSNI totals
C22: Table 1.9: Motoring tax revenues maintained
C23: Table 1.10: Combination of motoring tax revenues maintained and net-zero CAPEX spending allocated from within existing PSNI totals
C24: Table 1.11: Central spending assumptions
... C28: Table 1.15: Carbon tax revenues in the late action scenario

Sheet 1.1
A1: Back to contents
B2: Table 1.1: Hypothetical baseline
B4: £ billion, unless otherwise stated | C4: 2019-20 | D4: 2020-21 | E4: 2021-22 | F4: 2022-23 | G4: 2023-24 | H4: 2024-25 | I4: 2025-26 | J4: 2026-27 | K4: 2027-28 | L4: 2028-29 | M4: 2029-30 | N4: 2030-31 | O4: 2031-32 | P4: 2032-33 | Q4: 2033-34 | R4: 2034-35 | S4: 2035-36 | T4: 2036-37 | U4: 2037-38 | V4: 2038-39 | W4: 2039-40 | X4: 2040-41 | Y4: 2041-42 | Z4: 2042-43 | AA4: 2043-44 | AB4: 2044-45 | AC4: 2045-46 | AD4: 2046-47 | AE4: 2047-48 | AF4: 2048-49 | AG4: 2049-50 | AH4: 2050-51
B5: Nominal GDP | C5: 2220.063 | D5: 2101.287 | E5: 2264.7214 | F5: 2374.6056 | G5: 2459.1633 | H5: 2551.7255 | I5: 2651.7214 | J5: 2760.4475 | K5: 2873.1345 | L5: 2990.0062 | M5: 3110.7194 | N5: 3235.149 | O5: 3363.2881 | P5: 3495.3372 | Q5: 3632.1218 | R5: 3773.3826 | S5: 3918.8557 | T5: 4075.0234 | U5: 4237.1972 | V5: 4405.3689 | W5: 4579.0424 | X5: 4758.2132 | Y5: 4943.37 | Z5: 5134.4142 | AA5: 5331.3396 | AB5: 5534.4525 | AC5: 5744.1639 | AD5: 5960.6658 | AE5: 6183.5689 | AF5: 6413.45 | AG5: 6650.9544 | AH5: 6897.0053
B6: Nominal GDP (Percentage change on a year earlier) | C6: 2.6511924 | D6: -5.3501174 | E6: 7.7778234 | F6: 4.8519952 | G6: 3.5609149 | H6: 3.763972 | I6: 3.9187545 | J6: 4.1002103 | K6: 4.0821999 | L6: 4.0677412 | M6: 4.0372231 | N6: 4.000026 | O6: 3.960841 | P6: 3.9261911 | Q6: 3.9133441 | R6: 3.8892106 | S6: 3.8552435 | T6: 3.9850338 | U6: 3.9797002 | V6: 3.9689379 | W6: 3.942314 | X6: 3.9128456 | Y6: 3.8913096 | Z6: 3.8646556 | AA6: 3.8353999 | AB6: 3.8097912 | AC6: 3.7891995 | AD6: 3.7690762 | AE6: 3.7395673 | AF6: 3.7176121 | AG6: 3.7032236 | AH6: 3.6994815
B7: Real GDP | C7: 2206.0188 | D7: 1950.265 | E7: 2136.4174 | F7: 2243.2169 | G7: 2276.9803 | H7: 2314.3734 | I7: 2354.701 | J7: 2396.0699 | K7: 2437.8126 | L7: 2479.9379 | M7: 2522.0513 | N7: 2563.9629 | O7: 2605.5889 | P7: 2647.0081 | Q7: 2688.7533 | R7: 2730.5225 | S7: 2772.034 | T7: 2817.6936 | U7: 2863.9583 | V7: 2910.6814 | W7: 2957.4091 | X7: 3004.0352 | Y7: 3050.7639 | Z7: 3097.4247 | AA7: 3143.9133 | AB7: 3190.3126 | AC7: 3236.7546 | AD7: 3283.2359 | AE7: 3329.4377 | AF7: 3375.575 | AG7: 3421.8769 | AH7: 3468.6888
B8: Real GDP (Percentage change on a year earlier) | C8: 0.44000534 | D8: -11.593456 | E8: 9.5449805 | F8: 4.9990013 | G8: 1.5051304 | H8: 1.6422232 | I8: 1.7424842 | J8: 1.7568656 | K8: 1.7421309 | L8: 1.7279972 | M8: 1.6981653 | N8: 1.6618045 | O8: 1.6235005 | P8: 1.5896296 | Q8: 1.5770715 | R8: 1.5534806 | S8: 1.5202771 | T8: 1.6471494 | U8: 1.6419357 | V8: 1.6314153 | W8: 1.60539 | X8: 1.5765842 | Y8: 1.5555324 | Z8: 1.5294776 | AA8: 1.5008797 | AB8: 1.4758467 | AC8: 1.455718 | AD8: 1.4360471 | AE8: 1.4072016 | AF8: 1.3857401 | AG8: 1.3716751 | AH8: 1.3680172
B9: Primary receipts | C9: 800.843 | D9: 762.78931 | E9: 794.18247 | F9: 858.97917 | G9: 916.26415 | H9: 963.37584 | I9: 1004.5178 | J9: 1045.7052 | K9: 1088.393 | L9: 1132.666 | M9: 1178.3942 | N9: 1225.5303 | O9: 1274.0716 | P9: 1324.0941 | Q9: 1375.9104 | R9: 1429.4225 | S9: 1484.5302 | T9: 1543.6893 | U9: 1605.1235 | V9: 1668.8298 | W9: 1734.6203 | X9: 1802.4933 | Y9: 1872.6339 | Z9: 1945.0048 | AA9: 2019.6035 | AB9: 2096.5462 | AC9: 2175.9885 | AD9: 2258.0032 | AE9: 2342.4427 | AF9: 2429.5256 | AG9: 2519.4964 | AH9: 2612.7047
B10: of which:
B11: Fuel duty | C11: 27.572 | D11: 21.53798 | E11: 26.031758 | F11: 29.225207 | G11: 30.145399 | H11: 30.593823 | I11: 31.187537 | J11: 32.466292 | K11: 33.791631 | L11: 35.166187 | M11: 36.585924 | N11: 38.049371 | O11: 39.556446 | P11: 41.109507 | Q11: 42.718264 | R11: 44.379667 | S11: 46.090611 | T11: 47.927338 | U11: 49.834702 | V11: 51.812611 | W11: 53.855226 | X11: 55.962498 | Y11: 58.140172 | Z11: 60.38709 | AA11: 62.703176 | AB11: 65.092036 | AC11: 67.558503 | AD11: 70.104835 | AE11: 72.726452 | AF11: 75.43014 | AG11: 78.223486 | AH11: 81.11735
B12: VED | C12: 6.771 | D12: 6.938 | E12: 7.008 | F12: 7.065 | G12: 7.18 | H12: 7.296 | I12: 7.463 | J12: 7.7689987 | K12: 8.0861448 | L12: 8.4150682 | M12: 8.7548033 | N12: 9.1049977 | O12: 9.4656322 | P12: 9.837271 | Q12: 10.222237 | R12: 10.619802 | S12: 11.029221 | T12: 11.468739 | U12: 11.92516 | V12: 12.398463 | W12: 12.887249 | X12: 13.391507 | Y12: 13.912612 | Z12: 14.450287 | AA12: 15.004513 | AB12: 15.576153 | AC12: 16.166365 | AD12: 16.775688 | AE12: 17.403026 | AF12: 18.050003 | AG12: 18.718435 | AH12: 19.41092
B13: APD | C13: 3.655 | D13: 0.60476139 | E13: 1.3482154 | F13: 2.0220758 | G13: 3.0955134 | H13: 4.2726865 | I13: 4.4249254 | J13: 4.6063567 | K13: 4.7943974 | L13: 4.9894211 | M13: 5.1908551 | N13: 5.3984907 | O13: 5.6123163 | P13: 5.8326666 | Q13: 6.0609189 | R13: 6.2966408 | S13: 6.5393916 | T13: 6.7999886 | U13: 7.0706077 | V13: 7.3512358 | W13: 7.6410446 | X13: 7.9400268 | Y13: 8.2489979 | Z13: 8.5677932 | AA13: 8.8964024 | AB13: 9.2353367 | AC13: 9.585282 | AD13: 9.9465586 | AE13: 10.318517 | AF13: 10.702119 | AG13: 11.098443 | AH13: 11.509028
B14: Landfill | C14: 0.732 | D14: 0.71876983 | E14: 0.74131054 | F14: 0.71421953 | G14: 0.62516095 | H14: 0.61042796 | I14: 0.62501976 | J14: 0.65064688 | K14: 0.67720759 | L14: 0.70475464 | M14: 0.73320716 | N14: 0.76253563 | O14: 0.79273846 | P14: 0.82386288 | Q14: 0.85610347 | R14: 0.88939914 | S14: 0.92368764 | T14: 0.96049691 | U14: 0.9987218 | V14: 1.0383605 | W14: 1.0792959 | X14: 1.1215271 | Y14: 1.1651692 | Z14: 1.2101989 | AA14: 1.2566149 | AB14: 1.3044893 | AC14: 1.353919 | AD14: 1.4049492 | AE14: 1.4574883 | AF14: 1.511672 | AG14: 1.5676526 | AH14: 1.6256476
B15: Plastics | C15: 0 | D15: 0 | E15: 0 | F15: 0.30153077 | G15: 0.2438767 | H15: 0.22499325 | I15: 0.2126082 | J15: 0.22132558 | K15: 0.23036053 | L15: 0.239731 | M15: 0.24940948 | N15: 0.25938592 | O15: 0.26965979 | P15: 0.28024714 | Q15: 0.29121418 | R15: 0.30254011 | S15: 0.31420377 | T15: 0.3267249 | U15: 0.33972757 | V15: 0.35321114 | W15: 0.36713584 | X15: 0.3815013 | Y15: 0.39634669 | Z15: 0.41166413 | AA15: 0.42745309 | AB15: 0.44373816 | AC15: 0.46055229 | AD15: 0.47791085 | AE15: 0.49578265 | AF15: 0.51421393 | AG15: 0.53325642 | AH15: 0.55298414
B16: Carbon tax | C16: 1.5812711 | D16: 1.7214706 | E16: 1.7354169 | F16: 1.6910443 | G16: 1.6957065 | H16: 1.697572 | I16: 1.6310708 | J16: 1.6979481 | K16: 1.7672617 | L16: 1.8391494 | M16: 1.9133999 | N16: 1.9899364 | O16: 2.0687546 | P16: 2.1499779 | Q16: 2.2341139 | R16: 2.3210033 | S16: 2.4104836 | T16: 2.5065422 | U16: 2.6062951 | V16: 2.7097373 | W16: 2.8165637 | X16: 2.9267715 | Y16: 3.0406612 | Z16: 3.1581723 | AA16: 3.2793008 | AB16: 3.4042354 | AC16: 3.5332286 | AD16: 3.6663987 | AE16: 3.8035061 | AF16: 3.9449058 | AG16: 4.0909944 | AH16: 4.24234
B17: Road tax | C17: 0 | D17: 0 | E17: 0 | F17: 0 | G17: 0 | H17: 0 | I17: 0 | J17: 0 | K17: 0 | L17: 0 | M17: 0 | N17: 0 | O17: 0 | P17: 0 | Q17: 0 | R17: 0 | S17: 0 | T17: 0 | U17: 0 | V17: 0 | W17: 0 | X17: 0 | Y17: 0 | Z17: 0 | AA17: 0 | AB17: 0 | AC17: 0 | AD17: 0 | AE17: 0 | AF17: 0 | AG17: 0 | AH17: 0
B18: Non net zero related receipts | C18: 760.53173 | D18: 731.26833 | E18: 757.31777 | F18: 817.96009 | G18: 873.2785 | H18: 918.68034 | I18: 958.97368 | J18: 998.29362 | K18: 1039.046 | L18: 1081.3117 | M18: 1124.9666 | N18: 1169.9656 | O18: 1216.3061 | P18: 1264.0606 | Q18: 1313.5276 | R18: 1364.6135 | S18: 1417.2226 | T18: 1473.6994 | U18: 1532.3482 | V18: 1593.1662 | W18: 1655.9738 | X18: 1720.7695 | Y18: 1787.73 | Z18: 1856.8196 | AA18: 1928.036 | AB18: 2001.4902 | AC18: 2077.3306 | AD18: 2155.6268 | AE18: 2236.2379 | AF18: 2319.3726 | AG18: 2405.2641 | AH18: 2494.2464
B19: Primary spending | C19: 830.44 | D19: 1097.8293 | E19: 1008.1873 | F19: 946.52595 | G19: 980.03974 | H19: 1014.0874 | I19: 1053.1779 | J19: 1091.1773 | K19: 1130.9334 | L19: 1172.011 | M19: 1214.2577 | N19: 1257.5979 | O19: 1302.0041 | P19: 1347.5296 | Q19: 1394.4701 | R19: 1442.7165 | S19: 1492.1355 | T19: 1545.1508 | U19: 1600.1188 | V19: 1656.8794 | W19: 1715.2121 | X19: 1775.0654 | Y19: 1843.0745 | Z19: 1913.3621 | AA19: 1985.9039 | AB19: 2060.796 | AC19: 2138.1848 | AD19: 2218.1387 | AE19: 2300.5032 | AF19: 2385.4632 | AG19: 2473.2636 | AH19: 2564.2544
B20: of which:
B21: Net zero spending | C21: 0 | D21: 0 | E21: 0 | F21: 0 | G21: 0 | H21: 0 | I21: 0 | J21: 0 | K21: 0 | L21: 0 | M21: 0 | N21: 0 | O21: 0 | P21: 0 | Q21: 0 | R21: 0 | S21: 0 | T21: 0 | U21: 0 | V21: 0 | W21: 0 | X21: 0 | Y21: 0 | Z21: 0 | AA21: 0 | AB21: 0 | AC21: 0 | AD21: 0 | AE21: 0 | AF21: 0 | AG21: 0 | AH21: 0
B22: Non net zero spending | C22: 830.44 | D22: 1097.8293 | E22: 1008.1873 | F22: 946.52595 | G22: 980.03974 | H22: 1014.0874 | I22: 1053.1779 | J22: 1091.1773 | K22: 1130.9334 | L22: 1172.011 | M22: 1214.2577 | N22: 1257.5979 | O22: 1302.0041 | P22: 1347.5296 | Q22: 1394.4701 | R22: 1442.7165 | S22: 1492.1355 | T22: 1545.1508 | U22: 1600.1188 | V22: 1656.8794 | W22: 1715.2121 | X22: 1775.0654 | Y22: 1843.0745 | Z22: 1913.3621 | AA22: 1985.9039 | AB22: 2060.796 | AC22: 2138.1848 | AD22: 2218.1387 | AE22: 2300.5032 | AF22: 2385.4632 | AG22: 2473.2636 | AH22: 2564.2544
B23: Primary deficit | C23: 29.597 | D23: 335.03995 | E23: 214.00482 | F23: 87.546783 | G23: 63.77559 | H23: 50.711521 | I23: 48.660108 | J23: 45.47213 | K23: 42.540389 | L23: 39.34507 | M23: 35.863449 | N23: 32.067575 | O23: 27.932484 | P23: 23.435499 | Q23: 18.559605 | R23: 13.293981 | S23: 7.6052591 | T23: 1.461525 | U23: -5.0046283 | V23: -11.950411 | W23: -19.408206 | X23: -27.427936 | Y23: -29.559386 | Z23: -31.642636 | AA23: -33.699562 | AB23: -35.750129 | AC23: -37.803731 | AD23: -39.864416 | AE23: -41.939524 | AF23: -44.062393 | AG23: -46.232801 | AH23: -48.450289
B24: Net interest spending | C24: 27.48 | D24: 19.58995 | E24: 19.929521 | F24: 19.37354 | G24: 21.565237 | H24: 23.727747 | I24: 25.018281 | J24: 30.308564 | K24: 36.333824 | L24: 42.737543 | M24: 49.533021 | N24: 56.744776 | O24: 64.397583 | P24: 72.519623 | Q24: 81.150571 | R24: 90.294134 | S24: 99.97643 | T24: 110.40733 | U24: 121.32553 | V24: 132.88802 | W24: 145.11355 | X24: 158.05194 | Y24: 165.26637 | Z24: 172.59423 | AA24: 180.05721 | AB24: 187.6837 | AC24: 195.49437 | AD24: 203.49853 | AE24: 211.69285 | AF24: 220.12649 | AG24: 228.81694 | AH24: 237.7891
B25: Public sector net borrowing | C25: 57.077 | D25: 354.6299 | E25: 233.93434 | F25: 106.92032 | G25: 85.340827 | H25: 74.439269 | I25: 73.678388 | J25: 75.780694 | K25: 78.874213 | L25: 82.082612 | M25: 85.39647 | N25: 88.812351 | O25: 92.330067 | P25: 95.955122 | Q25: 99.710176 | R25: 103.58812 | S25: 107.58169 | T25: 111.86886 | U25: 116.3209 | V25: 120.93761 | W25: 125.70535 | X25: 130.624 | Y25: 135.70699 | Z25: 140.95159 | AA25: 146.35765 | AB25: 151.93357 | AC25: 157.69064 | AD25: 163.63412 | AE25: 169.75333 | AF25: 176.0641 | AG25: 182.58414 | AH25: 189.33881
B26: Public sector net debt | C26: 1798.2 | D26: 2197.9306 | E26: 2502.8927 | F26: 2630.6361 | G26: 2747.1762 | H26: 2761.1165 | I26: 2804.2591 | J26: 2897.9836 | K26: 2995.5341 | L26: 3097.0528 | M26: 3202.67 | N26: 3312.5119 | O26: 3426.7045 | P26: 3545.3804 | Q26: 3668.7006 | R26: 3796.817 | S26: 3929.8725 | T26: 4068.2304 | U26: 4212.0945 | V26: 4361.6685 | W26: 4517.1392 | X26: 4678.6931 | Y26: 4846.5337 | Z26: 5020.8607 | AA26: 5201.8738 | AB26: 5389.7832 | AC26: 5584.8128 | AD26: 5787.1933 | AE26: 5997.1419 | AF26: 6214.8955 | AG26: 6440.7131 | AH26: 6674.8848
B27: £ billion, 2019 prices | C27: 2019-20 | D27: 2020-21 | E27: 2021-22 | F27: 2022-23 | G27: 2023-24 | H27: 2024-25 | I27: 2025-26 | J27: 2026-27 | K27: 2027-28 | L27: 2028-29 | M27: 2029-30 | N27: 2030-31 | O27: 2031-32 | P27: 2032-33 | Q27: 2033-34 | R27: 2034-35 | S27: 2035-36 | T27: 2036-37 | U27: 2037-38 | V27: 2038-39 | W27: 2039-40 | X27: 2040-41 | Y27: 2041-42 | Z27: 2042-43 | AA27: 2043-44 | AB27: 2044-45 | AC27: 2045-46 | AD27: 2046-47 | AE27: 2047-48 | AF27: 2048-49 | AG27: 2049-50 | AH27: 2050-51
B28: Primary receipts | C28: 795.77684 | D28: 707.96672 | E28: 749.18939 | F28: 811.45123 | G28: 848.38425 | H28: 873.76616 | I28: 892.00139 | J28: 907.67265 | K28: 923.4855 | L28: 939.4433 | M28: 955.3966 | N28: 971.27343 | O28: 987.04206 | P28: 1002.7324 | Q28: 1018.5462 | R28: 1034.3691 | S28: 1050.0944 | T28: 1067.391 | U28: 1084.9169 | V28: 1102.6164 | W28: 1120.3177 | X28: 1137.9804 | Y28: 1155.6821 | Z28: 1173.358 | AA28: 1190.9687 | AB28: 1208.5455 | AC28: 1226.1385 | AD28: 1243.7465 | AE28: 1261.2485 | AF28: 1278.7261 | AG28: 1296.2661 | AH28: 1313.9992
B29: of which:
B30: Fuel duty | C30: 27.397579 | D30: 19.990019 | E30: 24.556972 | F30: 27.608155 | G30: 27.912128 | H30: 27.748098 | I30: 27.694208 | J30: 28.180758 | K30: 28.671704 | L30: 29.16715 | M30: 29.662457 | N30: 30.155389 | O30: 30.644962 | P30: 31.132103 | Q30: 31.623079 | R30: 32.114337 | S30: 32.602564 | T30: 33.139577 | U30: 33.683707 | V30: 34.233229 | W30: 34.782805 | X30: 35.331186 | Y30: 35.880774 | Z30: 36.429562 | AA30: 36.976326 | AB30: 37.52204 | AC30: 38.068255 | AD30: 38.614933 | AE30: 39.158323 | AF30: 39.700956 | AG30: 40.245524 | AH30: 40.796089
B31: VED | C31: 6.7281664 | D31: 6.4393576 | E31: 6.6109734 | F31: 6.6740884 | G31: 6.6480817 | H31: 6.6173529 | I31: 6.6270663 | J31: 6.743495 | K31: 6.8609755 | L31: 6.979533 | M31: 7.098057 | N31: 7.2160128 | O31: 7.3331648 | P31: 7.4497349 | Q31: 7.5672226 | R31: 7.6847779 | S31: 7.8016078 | T31: 7.930112 | U31: 8.0603193 | V31: 8.1918166 | W31: 8.3233272 | X31: 8.4545515 | Y31: 8.5860648 | Z31: 8.7173867 | AA31: 8.8482242 | AB31: 8.9788104 | AC31: 9.1095166 | AD31: 9.2403335 | AE31: 9.3703636 | AF31: 9.5002125 | AG31: 9.6305246 | AH31: 9.7622718
B32: APD | C32: 3.6318783 | D32: 0.56129646 | E32: 1.2718345 | F32: 1.9101928 | G32: 2.8661874 | H32: 3.8752569 | I32: 3.9292877 | J32: 3.99832 | K32: 4.067976 | L32: 4.1382705 | M32: 4.2085452 | N32: 4.278483 | O32: 4.3479442 | P32: 4.4170604 | Q32: 4.4867206 | R32: 4.5564209 | S32: 4.6256911 | T32: 4.7018832 | U32: 4.7790851 | V32: 4.8570518 | W32: 4.9350264 | X32: 5.0128313 | Y32: 5.0908075 | Z32: 5.1686703 | AA32: 5.2462458 | AB32: 5.3236723 | AC32: 5.40117 | AD32: 5.4787333 | AE32: 5.5558302 | AF32: 5.6328195 | AG32: 5.7100835 | AH32: 5.7881984
B33: Landfill | C33: 0.72736934 | D33: 0.66711097 | E33: 0.69931282 | F33: 0.67470124 | G33: 0.57884694 | H33: 0.5536482 | I33: 0.55501104 | J33: 0.56476184 | K33: 0.57460073 | L33: 0.58452981 | M33: 0.59445609 | N33: 0.60433479 | O33: 0.61414617 | P33: 0.62390882 | Q33: 0.63374831 | R33: 0.64359346 | S33: 0.65337787 | T33: 0.66413998 | U33: 0.67504473 | V33: 0.68605751 | W33: 0.69707141 | X33: 0.70806133 | Y33: 0.71907545 | Z33: 0.73007355 | AA33: 0.74103107 | AB33: 0.75196756 | AC33: 0.76291408 | AD33: 0.77386989 | AE33: 0.7847598 | AF33: 0.79563453 | AG33: 0.80654805 | AH33: 0.81758177
B34: Plastics | C34: 0 | D34: 0 | E34: 0 | F34: 0.28484685 | G34: 0.2258095 | H34: 0.2040652 | I34: 0.18879387 | J34: 0.19211072 | K34: 0.19545754 | L34: 0.19883504 | M34: 0.20221159 | N34: 0.20557195 | O34: 0.20890941 | P34: 0.2122303 | Q34: 0.21557732 | R34: 0.21892627 | S34: 0.22225456 | T34: 0.22591542 | U34: 0.22962481 | V34: 0.23337094 | W34: 0.23711746 | X34: 0.24085581 | Y34: 0.2446024 | Z34: 0.24834354 | AA34: 0.25207088 | AB34: 0.25579106 | AC34: 0.25951466 | AD34: 0.26324141 | AE34: 0.26694575 | AF34: 0.27064492 | AG34: 0.27435729 | AH34: 0.27811055
B35: Carbon tax | C35: 1.5712679 | D35: 1.5977464 | E35: 1.6370998 | F35: 1.5974776 | G35: 1.5700829 | H35: 1.5396701 | I35: 1.4483739 | J35: 1.4738198 | K35: 1.4994957 | L35: 1.525407 | M35: 1.5513109 | N35: 1.5770906 | O35: 1.6026947 | P35: 1.6281716 | Q35: 1.6538491 | R35: 1.6795413 | S35: 1.705075 | T35: 1.7331601 | U35: 1.7616175 | V35: 1.7903568 | W35: 1.819099 | X35: 1.8477786 | Y35: 1.8765214 | Z35: 1.9052224 | AA35: 1.9338175 | AB35: 1.9623576 | AC35: 1.990924 | AD35: 2.0195146 | AE35: 2.0479333 | AF35: 2.0763123 | AG35: 2.1047926 | AH35: 2.1335865
B36: Road tax | C36: 0 | D36: 0 | E36: 0 | F36: 0 | G36: 0 | H36: 0 | I36: 0 | J36: 0 | K36: 0 | L36: 0 | M36: 0 | N36: 0 | O36: 0 | P36: 0 | Q36: 0 | R36: 0 | S36: 0 | T36: 0 | U36: 0 | V36: 0 | W36: 0 | X36: 0 | Y36: 0 | Z36: 0 | AA36: 0 | AB36: 0 | AC36: 0 | AD36: 0 | AE36: 0 | AF36: 0 | AG36: 0 | AH36: 0
B37: Non net zero related receipts | C37: 755.72058 | D37: 678.71119 | E37: 714.41319 | F37: 772.70176 | G37: 808.58312 | H37: 833.22807 | I37: 851.55865 | J37: 866.51939 | K37: 881.61529 | L37: 896.84958 | M37: 912.07957 | N37: 927.23655 | O37: 942.29023 | P37: 957.26916 | Q37: 972.36598 | R37: 987.47149 | S37: 1002.4838 | T37: 1018.9962 | U37: 1035.7275 | V37: 1052.6245 | W37: 1069.5232 | X37: 1086.3851 | Y37: 1103.2842 | Z37: 1120.1587 | AA37: 1136.9709 | AB37: 1153.7509 | AC37: 1170.5462 | AD37: 1187.3558 | AE37: 1204.0643 | AF37: 1220.7495 | AG37: 1237.4942 | AH37: 1254.4234
B38: Primary spending | C38: 825.18661 | D38: 1018.9269 | E38: 951.07011 | F38: 894.15398 | G38: 907.43514 | H38: 919.76068 | I38: 935.21106 | J38: 947.14249 | K38: 959.5804 | L38: 972.07646 | M38: 984.47331 | N38: 996.68804 | O38: 1008.6818 | P38: 1020.48 | Q38: 1032.2853 | R38: 1043.989 | S38: 1055.474 | T38: 1068.4016 | U38: 1081.5342 | V38: 1094.7206 | W38: 1107.7827 | X38: 1120.6641 | Y38: 1137.4397 | Z38: 1154.269 | AA38: 1171.0959 | AB38: 1187.9375 | AC38: 1204.8367 | AD38: 1221.7885 | AE38: 1238.6669 | AF38: 1255.5349 | AG38: 1272.4796 | AH38: 1289.6323
B39: of which:
B40: Net zero spending | C40: 0 | D40: 0 | E40: 0 | F40: 0 | G40: 0 | H40: 0 | I40: 0 | J40: 0 | K40: 0 | L40: 0 | M40: 0 | N40: 0 | O40: 0 | P40: 0 | Q40: 0 | R40: 0 | S40: 0 | T40: 0 | U40: 0 | V40: 0 | W40: 0 | X40: 0 | Y40: 0 | Z40: 0 | AA40: 0 | AB40: 0 | AC40: 0 | AD40: 0 | AE40: 0 | AF40: 0 | AG40: 0 | AH40: 0
B41: Non net zero spending | C41: 825.18661 | D41: 1018.9269 | E41: 951.07011 | F41: 894.15398 | G41: 907.43514 | H41: 919.76068 | I41: 935.21106 | J41: 947.14249 | K41: 959.5804 | L41: 972.07646 | M41: 984.47331 | N41: 996.68804 | O41: 1008.6818 | P41: 1020.48 | Q41: 1032.2853 | R41: 1043.989 | S41: 1055.474 | T41: 1068.4016 | U41: 1081.5342 | V41: 1094.7206 | W41: 1107.7827 | X41: 1120.6641 | Y41: 1137.4397 | Z41: 1154.269 | AA41: 1171.0959 | AB41: 1187.9375 | AC41: 1204.8367 | AD41: 1221.7885 | AE41: 1238.6669 | AF41: 1255.5349 | AG41: 1272.4796 | AH41: 1289.6323
B42: Primary deficit | C42: 29.409768 | D42: 310.96023 | E42: 201.88073 | F42: 82.702756 | G42: 59.050882 | H42: 45.994522 | I42: 43.209669 | J42: 39.469833 | K42: 36.094897 | L42: 32.633153 | M42: 29.076702 | N42: 25.414617 | O42: 21.639707 | P42: 17.747631 | Q42: 13.739131 | R42: 9.6198871 | S42: 5.3796411 | T42: 1.0105782 | U42: -3.3826717 | V42: -7.8957832 | W42: -12.534937 | X42: -17.316266 | Y42: -18.242355 | Z42: -19.088971 | AA42: -19.872773 | AB42: -20.608017 | AC42: -21.301865 | AD42: -21.957997 | AE42: -22.581624 | AF42: -23.191248 | AG42: -23.786504 | AH42: -24.366949
B43: Net interest spending | C43: 27.306161 | D43: 18.181997 | E43: 18.800448 | F43: 18.301588 | G43: 19.967613 | H43: 21.520679 | I43: 22.215973 | J43: 26.307849 | K43: 30.828718 | L43: 35.446901 | M43: 40.159464 | N43: 44.972118 | O43: 49.889757 | P43: 54.918887 | Q43: 60.073389 | R43: 65.339297 | S43: 70.71913 | T43: 76.341654 | U43: 82.004977 | V43: 87.800745 | W43: 93.722685 | X43: 99.784007 | Y43: 101.99291 | Z43: 104.12047 | AA43: 106.18049 | AB43: 108.18951 | AC43: 110.15829 | AD43: 112.09045 | AE43: 113.98242 | AF43: 115.85862 | AG43: 117.72497 | AH43: 119.59051
B44: Public sector net borrowing | C44: 56.715929 | D44: 329.14222 | E44: 220.68118 | F44: 101.00434 | G44: 79.018495 | H44: 67.515201 | I44: 65.425642 | J44: 65.777682 | K44: 66.923616 | L44: 68.080054 | M44: 69.236166 | N44: 70.386735 | O44: 71.529464 | P44: 72.666518 | Q44: 73.812521 | R44: 74.959184 | S44: 76.098771 | T44: 77.352232 | U44: 78.622306 | V44: 79.904962 | W44: 81.187748 | X44: 82.467741 | Y44: 83.750554 | Z44: 85.0315 | AA44: 86.30772 | AB44: 87.58149 | AC44: 88.85643 | AD44: 90.13245 | AE44: 91.400795 | AF44: 92.667372 | AG44: 93.938468 | AH44: 95.223562
B45: Public sector net debt | C45: 1786.8245 | D45: 2039.9627 | E45: 2361.0955 | F45: 2485.0811 | G45: 2543.6563 | H45: 2504.2876 | I45: 2490.1529 | J45: 2515.4513 | K45: 2541.6669 | L45: 2568.7233 | M45: 2596.6013 | N45: 2625.2756 | O45: 2654.7185 | P45: 2684.9057 | Q45: 2715.8315 | R45: 2747.4803 | S45: 2779.8269 | T45: 2812.9965 | U45: 2846.9912 | V45: 2881.808 | W45: 2917.4285 | X45: 2953.8312 | Y45: 2991.0021 | Z45: 3028.9215 | AA45: 3067.5668 | AB45: 3106.9186 | AC45: 3146.9625 | AD45: 3187.6843 | AE45: 3229.0592 | AF45: 3271.0703 | AG45: 3313.709 | AH45: 3356.9784
B46: Per cent of GDP | C46: 2019-20 | D46: 2020-21 | E46: 2021-22 | F46: 2022-23 | G46: 2023-24 | H46: 2024-25 | I46: 2025-26 | J46: 2026-27 | K46: 2027-28 | L46: 2028-29 | M46: 2029-30 | N46: 2030-31 | O46: 2031-32 | P46: 2032-33 | Q46: 2033-34 | R46: 2034-35 | S46: 2035-36 | T46: 2036-37 | U46: 2037-38 | V46: 2038-39 | W46: 2039-40 | X46: 2040-41 | Y46: 2041-42 | Z46: 2042-43 | AA46: 2043-44 | AB46: 2044-45 | AC46: 2045-46 | AD46: 2046-47 | AE46: 2047-48 | AF46: 2048-49 | AG46: 2049-50 | AH46: 2050-51
B47: Primary receipts | C47: 36.007881 | D47: 36.381047 | E47: 35.071643 | F47: 36.168826 | G47: 37.258493 | H47: 37.753819 | I47: 37.879775 | J47: 37.879775 | K47: 37.879775 | L47: 37.879775 | M47: 37.879775 | N47: 37.879775 | O47: 37.879775 | P47: 37.879775 | Q47: 37.879775 | R47: 37.879775 | S47: 37.879775 | T47: 37.879775 | U47: 37.879775 | V47: 37.879775 | W47: 37.879775 | X47: 37.879775 | Y47: 37.879775 | Z47: 37.879775 | AA47: 37.879775 | AB47: 37.879775 | AC47: 37.879775 | AD47: 37.879775 | AE47: 37.879775 | AF47: 37.879775 | AG47: 37.879775 | AH47: 37.879775
B48: of which:
B49: Fuel duty | C49: 1.2397053 | D49: 1.0272486 | E49: 1.1495803 | F49: 1.2305787 | G49: 1.2258169 | H49: 1.198944 | I49: 1.1760636 | J49: 1.1760636 | K49: 1.1760636 | L49: 1.1760636 | M49: 1.1760636 | N49: 1.1760636 | O49: 1.1760636 | P49: 1.1760636 | Q49: 1.1760636 | R49: 1.1760636 | S49: 1.1760636 | T49: 1.1760636 | U49: 1.1760636 | V49: 1.1760636 | W49: 1.1760636 | X49: 1.1760636 | Y49: 1.1760636 | Z49: 1.1760636 | AA49: 1.1760636 | AB49: 1.1760636 | AC49: 1.1760636 | AD49: 1.1760636 | AE49: 1.1760636 | AF49: 1.1760636 | AG49: 1.1760636 | AH49: 1.1760636
B50: VED | C50: 0.3044409 | D50: 0.33090619 | E50: 0.30947809 | F50: 0.29748423 | G50: 0.29196381 | H50: 0.28592357 | I50: 0.28142533 | J50: 0.28142533 | K50: 0.28142533 | L50: 0.28142533 | M50: 0.28142533 | N50: 0.28142533 | O50: 0.28142533 | P50: 0.28142533 | Q50: 0.28142533 | R50: 0.28142533 | S50: 0.28142533 | T50: 0.28142533 | U50: 0.28142533 | V50: 0.28142533 | W50: 0.28142533 | X50: 0.28142533 | Y50: 0.28142533 | Z50: 0.28142533 | AA50: 0.28142533 | AB50: 0.28142533 | AC50: 0.28142533 | AD50: 0.28142533 | AE50: 0.28142533 | AF50: 0.28142533 | AG50: 0.28142533 | AH50: 0.28142533
B51: APD | C51: 0.16433784 | D51: 0.028843945 | E51: 0.059538115 | F51: 0.085143051 | G51: 0.12587436 | H51: 0.16744268 | I51: 0.16686133 | J51: 0.16686133 | K51: 0.16686133 | L51: 0.16686133 | M51: 0.16686133 | N51: 0.16686133 | O51: 0.16686133 | P51: 0.16686133 | Q51: 0.16686133 | R51: 0.16686133 | S51: 0.16686133 | T51: 0.16686133 | U51: 0.16686133 | V51: 0.16686133 | W51: 0.16686133 | X51: 0.16686133 | Y51: 0.16686133 | Z51: 0.16686133 | AA51: 0.16686133 | AB51: 0.16686133 | AC51: 0.16686133 | AD51: 0.16686133 | AE51: 0.16686133 | AF51: 0.16686133 | AG51: 0.16686133 | AH51: 0.16686133
B52: Landfill | C52: 0.03291253 | D52: 0.034281549 | E52: 0.032736782 | F52: 0.030073467 | G52: 0.025421222 | H52: 0.023922114 | I52: 0.023569126 | J52: 0.023569126 | K52: 0.023569126 | L52: 0.023569126 | M52: 0.023569126 | N52: 0.023569126 | O52: 0.023569126 | P52: 0.023569126 | Q52: 0.023569126 | R52: 0.023569126 | S52: 0.023569126 | T52: 0.023569126 | U52: 0.023569126 | V52: 0.023569126 | W52: 0.023569126 | X52: 0.023569126 | Y52: 0.023569126 | Z52: 0.023569126 | AA52: 0.023569126 | AB52: 0.023569126 | AC52: 0.023569126 | AD52: 0.023569126 | AE52: 0.023569126 | AF52: 0.023569126 | AG52: 0.023569126 | AH52: 0.023569126
B53: Plastics | C53: 0 | D53: 0 | E53: 0 | F53: 0.012696483 | G53: 0.0099168762 | H53: 0.0088172796 | I53: 0.0080173297 | J53: 0.0080173297 | K53: 0.0080173297 | L53: 0.0080173297 | M53: 0.0080173297 | N53: 0.0080173297 | O53: 0.0080173297 | P53: 0.0080173297 | Q53: 0.0080173297 | R53: 0.0080173297 | S53: 0.0080173297 | T53: 0.0080173297 | U53: 0.0080173297 | V53: 0.0080173297 | W53: 0.0080173297 | X53: 0.0080173297 | Y53: 0.0080173297 | Z53: 0.0080173297 | AA53: 0.0080173297 | AB53: 0.0080173297 | AC53: 0.0080173297 | AD53: 0.0080173297 | AE53: 0.0080173297 | AF53: 0.0080173297 | AG53: 0.0080173297 | AH53: 0.0080173297
B54: Carbon tax | C54: 0.071097857 | D54: 0.082105115 | E54: 0.076637203 | F54: 0.071204388 | G54: 0.068953334 | H54: 0.066526294 | I54: 0.061506716 | J54: 0.061506716 | K54: 0.061506716 | L54: 0.061506716 | M54: 0.061506716 | N54: 0.061506716 | O54: 0.061506716 | P54: 0.061506716 | Q54: 0.061506716 | R54: 0.061506716 | S54: 0.061506716 | T54: 0.061506716 | U54: 0.061506716 | V54: 0.061506716 | W54: 0.061506716 | X54: 0.061506716 | Y54: 0.061506716 | Z54: 0.061506716 | AA54: 0.061506716 | AB54: 0.061506716 | AC54: 0.061506716 | AD54: 0.061506716 | AE54: 0.061506716 | AF54: 0.061506716 | AG54: 0.061506716 | AH54: 0.061506716
B55: Road tax | C55: 0 | D55: 0 | E55: 0 | F55: 0 | G55: 0 | H55: 0 | I55: 0 | J55: 0 | K55: 0 | L55: 0 | M55: 0 | N55: 0 | O55: 0 | P55: 0 | Q55: 0 | R55: 0 | S55: 0 | T55: 0 | U55: 0 | V55: 0 | W55: 0 | X55: 0 | Y55: 0 | Z55: 0 | AA55: 0 | AB55: 0 | AC55: 0 | AD55: 0 | AE55: 0 | AF55: 0 | AG55: 0 | AH55: 0
B56: Non net zero related receipts | C56: 34.195387 | D56: 34.877662 | E56: 33.443672 | F56: 34.441646 | G56: 35.510546 | H56: 36.002243 | I56: 36.162332 | J56: 36.162332 | K56: 36.162332 | L56: 36.162332 | M56: 36.162332 | N56: 36.162332 | O56: 36.162332 | P56: 36.162332 | Q56: 36.162332 | R56: 36.162332 | S56: 36.162332 | T56: 36.162332 | U56: 36.162332 | V56: 36.162332 | W56: 36.162332 | X56: 36.162332 | Y56: 36.162332 | Z56: 36.162332 | AA56: 36.162332 | AB56: 36.162332 | AC56: 36.162332 | AD56: 36.162332 | AE56: 36.162332 | AF56: 36.162332 | AG56: 36.162332 | AH56: 36.162332
B57: Primary spending | C57: 37.338635 | D57: 52.360695 | E57: 44.522242 | F57: 39.855137 | G57: 39.85183 | H57: 39.741157 | I57: 39.714719 | J57: 39.526964 | K57: 39.360325 | L57: 39.195593 | M57: 39.032615 | N57: 38.870948 | O57: 38.710244 | P57: 38.55022 | Q57: 38.390734 | R57: 38.232067 | S57: 38.073834 | T57: 37.915639 | U57: 37.76167 | V57: 37.60852 | W57: 37.455949 | X57: 37.303371 | Y57: 37.281846 | Z57: 37.263522 | AA57: 37.247705 | AB57: 37.233853 | AC57: 37.221685 | AD57: 37.211018 | AE57: 37.201569 | AF57: 37.19278 | AG57: 37.184681 | AH57: 37.177328
B58: of which:
B59: Net zero spending | C59: 0 | D59: 0 | E59: 0 | F59: 0 | G59: 0 | H59: 0 | I59: 0 | J59: 0 | K59: 0 | L59: 0 | M59: 0 | N59: 0 | O59: 0 | P59: 0 | Q59: 0 | R59: 0 | S59: 0 | T59: 0 | U59: 0 | V59: 0 | W59: 0 | X59: 0 | Y59: 0 | Z59: 0 | AA59: 0 | AB59: 0 | AC59: 0 | AD59: 0 | AE59: 0 | AF59: 0 | AG59: 0 | AH59: 0
B60: Non net zero spending | C60: 37.338635 | D60: 52.360695 | E60: 44.522242 | F60: 39.855137 | G60: 39.85183 | H60: 39.741157 | I60: 39.714719 | J60: 39.526964 | K60: 39.360325 | L60: 39.195593 | M60: 39.032615 | N60: 38.870948 | O60: 38.710244 | P60: 38.55022 | Q60: 38.390734 | R60: 38.232067 | S60: 38.073834 | T60: 37.915639 | U60: 37.76167 | V60: 37.60852 | W60: 37.455949 | X60: 37.303371 | Y60: 37.281846 | Z60: 37.263522 | AA60: 37.247705 | AB60: 37.233853 | AC60: 37.221685 | AD60: 37.211018 | AE60: 37.201569 | AF60: 37.19278 | AG60: 37.184681 | AH60: 37.177328
B61: Primary deficit | C61: 1.3307543 | D61: 15.979648 | E61: 9.4505995 | F61: 3.686311 | G61: 2.5933377 | H61: 1.9873382 | I61: 1.834944 | J61: 1.647189 | K61: 1.4805502 | L61: 1.3158181 | M61: 1.1528395 | N61: 0.99117299 | O61: 0.8304684 | P61: 0.67044438 | Q61: 0.51095888 | R61: 0.35229123 | S61: 0.19405836 | T61: 0.035863591 | U61: -0.11810568 | V61: -0.27125527 | W61: -0.42382675 | X61: -0.57640382 | Y61: -0.59792941 | Z61: -0.61625347 | AA61: -0.63207052 | AB61: -0.64592274 | AC61: -0.65809027 | AD61: -0.66875687 | AE61: -0.67820645 | AF61: -0.68699565 | AG61: -0.69509451 | AH61: -0.70244679
B62: Net interest spending | C62: 1.2355687 | D62: 0.93433782 | E62: 0.88010134 | F62: 0.81575691 | G62: 0.87691768 | H62: 0.92986872 | I62: 0.94342461 | J62: 1.0979018 | K62: 1.2645406 | L62: 1.4292727 | M62: 1.5922513 | N62: 1.7539178 | O62: 1.9146224 | P62: 2.0746464 | Q62: 2.2341319 | R62: 2.3927995 | S62: 2.5510324 | T62: 2.7092272 | U62: 2.8631964 | V62: 3.016346 | W62: 3.1689175 | X62: 3.3214946 | Y62: 3.3430202 | Z62: 3.3613442 | AA62: 3.3771613 | AB62: 3.3910135 | AC62: 3.403181 | AD62: 3.4138476 | AE62: 3.4232972 | AF62: 3.4320864 | AG62: 3.4401853 | AH62: 3.4475376
B63: Public sector net borrowing | C63: 2.566323 | D63: 16.913985 | E63: 10.330701 | F63: 4.5020679 | G63: 3.4702553 | H63: 2.9172069 | I63: 2.7783686 | J63: 2.7450908 | K63: 2.7450908 | L63: 2.7450908 | M63: 2.7450908 | N63: 2.7450908 | O63: 2.7450908 | P63: 2.7450908 | Q63: 2.7450908 | R63: 2.7450908 | S63: 2.7450908 | T63: 2.7450908 | U63: 2.7450908 | V63: 2.7450908 | W63: 2.7450908 | X63: 2.7450908 | Y63: 2.7450908 | Z63: 2.7450908 | AA63: 2.7450908 | AB63: 2.7450908 | AC63: 2.7450908 | AD63: 2.7450908 | AE63: 2.7450908 | AF63: 2.7450908 | AG63: 2.7450908 | AH63: 2.7450908
B64: Public sector net debt | C64: 84.385651 | D64: 100.18536 | E64: 107.35822 | F64: 108.99736 | G64: 109.6843 | H64: 106.17704 | I64: 103.76446 | J64: 103.00891 | K64: 102.30025 | L64: 101.63303 | M64: 101.02055 | N64: 100.46656 | O64: 99.97029 | P64: 99.524988 | Q64: 99.108349 | R64: 98.729557 | S64: 98.396027 | T64: 97.956622 | U64: 97.538889 | V64: 97.146855 | W64: 96.793719 | X64: 96.480386 | Y64: 96.198098 | Z64: 95.950145 | AA64: 95.737446 | AB64: 95.555349 | AC64: 95.398197 | AD64: 95.264607 | AE64: 95.161983 | AF64: 95.082477 | AG64: 95.018539 | AH64: 94.960192

Sheet 1.2
A1: Back to contents
B2: Table 1.2: Early action scenario
B4: £ billion, unless otherwise stated | C4: 2019-20 | D4: 2020-21 | E4: 2021-22 | F4: 2022-23 | G4: 2023-24 | H4: 2024-25 | I4: 2025-26 | J4: 2026-27 | K4: 2027-28 | L4: 2028-29 | M4: 2029-30 | N4: 2030-31 | O4: 2031-32 | P4: 2032-33 | Q4: 2033-34 | R4: 2034-35 | S4: 2035-36 | T4: 2036-37 | U4: 2037-38 | V4: 2038-39 | W4: 2039-40 | X4: 2040-41 | Y4: 2041-42 | Z4: 2042-43 | AA4: 2043-44 | AB4: 2044-45 | AC4: 2045-46 | AD4: 2046-47 | AE4: 2047-48 | AF4: 2048-49 | AG4: 2049-50 | AH4: 2050-51
B5: Nominal GDP | C5: 2220.063 | D5: 2101.287 | E5: 2263.2272 | F5: 2366.7538 | G5: 2443.8619 | H5: 2532.2696 | I5: 2628.5011 | J5: 2730.7422 | K5: 2837.6563 | L5: 2950.869 | M5: 3067.8857 | N5: 3187.1911 | O5: 3308.5676 | P5: 3433.7061 | Q5: 3562.4279 | R5: 3696.4017 | S5: 3836.4069 | T5: 3988.9659 | U5: 4149.6258 | V5: 4318.4061 | W5: 4495.7201 | X5: 4677.9078 | Y5: 4859.0626 | Z5: 5047.3419 | AA5: 5239.0111 | AB5: 5437.0948 | AC5: 5644.1498 | AD5: 5861.1183 | AE5: 6085.0041 | AF5: 6314.8647 | AG5: 6552.258 | AH5: 6797.8881
B6: Nominal GDP (Percentage change on a year earlier) | C6: 2.6511924 | D6: -5.3501174 | E6: 7.7067115 | F6: 4.5742939 | G6: 3.2579676 | H6: 3.6175393 | I6: 3.800208 | J6: 3.8897123 | K6: 3.915202 | L6: 3.9896583 | M6: 3.965498 | N6: 3.8888492 | O6: 3.8082575 | P6: 3.7822551 | Q6: 3.7487734 | R6: 3.7607433 | S6: 3.7876069 | T6: 3.9766129 | U6: 4.0276082 | V6: 4.0673607 | W6: 4.1060055 | X6: 4.0524696 | Y6: 3.8725615 | Z6: 3.8748062 | AA6: 3.7974283 | AB6: 3.7809379 | AC6: 3.808191 | AD6: 3.844131 | AE6: 3.8198488 | AF6: 3.7774922 | AG6: 3.7592773 | AH6: 3.7487859
B7: Real GDP | C7: 2206.0188 | D7: 1950.265 | E7: 2135.0078 | F7: 2235.7996 | G7: 2262.8125 | H7: 2296.7271 | I7: 2334.0816 | J7: 2370.2857 | K7: 2407.7098 | L7: 2447.4772 | M7: 2487.3234 | N7: 2525.9547 | O7: 2563.1961 | P7: 2600.335 | Q7: 2637.161 | R7: 2674.817 | S7: 2713.7132 | T7: 2758.1887 | U7: 2804.7681 | V7: 2853.224 | W7: 2903.5948 | X7: 2953.3354 | Y7: 2998.7342 | Z7: 3044.8968 | AA7: 3089.4668 | AB7: 3134.1912 | AC7: 3180.398 | AD7: 3228.4034 | AE7: 3276.3671 | AF7: 3323.6868 | AG7: 3371.0982 | AH7: 3418.8401
B8: Real GDP (Percentage change on a year earlier) | C8: 0.44000534 | D8: -11.593456 | E8: 9.4727026 | F8: 4.7209107 | G8: 1.2081969 | H8: 1.4987848 | I8: 1.6264202 | J8: 1.551106 | K8: 1.5788876 | L8: 1.6516698 | M8: 1.6280528 | N8: 1.5531272 | O8: 1.4743475 | P8: 1.4489297 | Q8: 1.4162008 | R8: 1.4279015 | S8: 1.4541612 | T8: 1.6389177 | U8: 1.6887666 | V8: 1.7276253 | W8: 1.7654013 | X8: 1.713069 | Y8: 1.5372057 | Z8: 1.5394 | AA8: 1.4637618 | AB8: 1.4476422 | AC8: 1.4742825 | AD8: 1.5094144 | AE8: 1.4856782 | AF8: 1.4442739 | AG8: 1.4264686 | AH8: 1.416213
B9: Primary receipts | C9: 800.843 | D9: 762.78931 | E9: 793.30351 | F9: 855.56568 | G9: 909.73993 | H9: 954.33428 | I9: 993.2776 | J9: 1079.3514 | K9: 1117.8136 | L9: 1157.8391 | M9: 1198.6729 | N9: 1238.6587 | O9: 1279.8854 | P9: 1321.6283 | Q9: 1364.8635 | R9: 1410.0948 | S9: 1456.7042 | T9: 1508.599 | U9: 1563.8765 | V9: 1622.6283 | W9: 1684.6146 | X9: 1747.7488 | Y9: 1810.6268 | Z9: 1876.5851 | AA9: 1944.1541 | AB9: 2014.0147 | AC9: 2087.5214 | AD9: 2164.8713 | AE9: 2244.8519 | AF9: 2327.6542 | AG9: 2413.6899 | AH9: 2503.034
B10: of which:
B11: Fuel duty | C11: 27.572 | D11: 21.53798 | E11: 25.741264 | F11: 28.690303 | G11: 29.312457 | H11: 29.324392 | I11: 29.404397 | J11: 29.466943 | K11: 29.110656 | L11: 28.146641 | M11: 26.952919 | N11: 25.374489 | O11: 23.733404 | P11: 22.042485 | Q11: 20.281179 | R11: 18.419344 | S11: 16.488888 | T11: 14.690465 | U11: 13.00753 | V11: 11.456594 | W11: 10.024355 | X11: 8.7037562 | Y11: 7.5226628 | Z11: 6.4571278 | AA11: 5.5384108 | AB11: 4.7731046 | AC11: 4.0519843 | AD11: 3.3659406 | AE11: 2.7370113 | AF11: 2.1435173 | AG11: 1.5715927 | AH11: 1.1343948
B12: VED | C12: 6.771 | D12: 6.938 | E12: 6.9436784 | F12: 6.9580918 | G12: 7.0084572 | H12: 7.0182793 | I12: 6.9947822 | J12: 7.0574367 | K12: 7.0159421 | L12: 6.8628717 | M12: 6.5908985 | N12: 6.1756802 | O12: 5.678157 | P12: 5.1788748 | Q12: 4.6791879 | R12: 4.1908502 | S12: 3.5551394 | T12: 3.090992 | U12: 2.6574991 | V12: 2.2576002 | W12: 1.8964474 | X12: 1.5770299 | Y12: 1.3009469 | Z12: 1.0669301 | AA12: 0.87233746 | AB12: 0.71352469 | AC12: 0.5862047 | AD12: 0.4755437 | AE12: 0.38277606 | AF12: 0.30367455 | AG12: 0.23466392 | AH12: 0.17288305
B13: APD | C13: 3.655 | D13: 0.60476139 | E13: 1.3482154 | F13: 2.0220758 | G13: 3.0955134 | H13: 3.8931504 | I13: 3.9716806 | J13: 4.1322016 | K13: 4.2984678 | L13: 4.4708043 | M13: 4.6486879 | N13: 4.3909919 | O13: 4.3376288 | P13: 4.2059603 | Q13: 4.0580569 | R13: 4.133644 | S13: 4.238982 | T13: 4.423284 | U13: 4.5945604 | V13: 4.7633658 | W13: 5.011444 | X13: 5.121703 | Y13: 5.2963754 | Z13: 5.4286256 | AA13: 5.6608055 | AB13: 5.7881927 | AC13: 6.0081491 | AD13: 6.2091044 | AE13: 6.424824 | AF13: 6.6121949 | AG13: 6.820632 | AH13: 7.0541316
B14: Landfill | C14: 0.732 | D14: 0.71876983 | E14: 0.71684729 | F14: 0.66708104 | G14: 0.56327001 | H14: 0.52985147 | I14: 0.5218915 | J14: 0.5218188 | K14: 0.52077263 | L14: 0.51869941 | M14: 0.51544463 | N14: 0.51089887 | O14: 0.5049744 | P14: 0.49761318 | Q14: 0.48883508 | R14: 0.47849674 | S14: 0.46646226 | T14: 0.45335454 | U14: 0.43843887 | V14: 0.42157434 | W14: 0.40257736 | X14: 0.3813192 | Y14: 0.35770693 | Z14: 0.33159451 | AA14: 0.30284419 | AB14: 0.27133377 | AC14: 0.23693583 | AD14: 0.19950279 | AE14: 0.15886622 | AF14: 0.11488707 | AG14: 0.067409063 | AH14: 0.016256476
B15: Plastics | C15: 0 | D15: 0 | E15: 0 | F15: 0.28162974 | G15: 0.21973291 | H15: 0.19529414 | I15: 0.17752784 | J15: 0.17750312 | K15: 0.17714725 | L15: 0.17644202 | M15: 0.17533486 | N15: 0.17378857 | O15: 0.17177328 | P15: 0.16926928 | Q15: 0.1662833 | R15: 0.16276658 | S15: 0.1586729 | T15: 0.15421415 | U15: 0.1491404 | V15: 0.14340372 | W15: 0.13694167 | X15: 0.12971044 | Y15: 0.12167843 | Z15: 0.11279597 | AA15: 0.1030162 | AB15: 0.092297538 | AC15: 0.08059665 | AD15: 0.067863341 | AE15: 0.054040309 | AF15: 0.039080258 | AG15: 0.022930026 | AH15: 0.0055298414
B16: Carbon tax | C16: 1.5812711 | D16: 1.7214706 | E16: 1.7354169 | F16: 1.6910443 | G16: 1.6957065 | H16: 1.697572 | I16: 1.6310708 | J16: 50.444614 | K16: 50.475107 | L16: 50.505586 | M16: 50.313454 | N16: 49.410795 | O16: 48.942635 | P16: 47.761903 | Q16: 46.866539 | R16: 45.935775 | S16: 44.390426 | T16: 43.209261 | U16: 42.350515 | V16: 41.869 | W16: 41.301824 | X16: 40.107597 | Y16: 38.786544 | Z16: 37.857464 | AA16: 37.030467 | AB16: 36.094661 | AC16: 35.396184 | AD16: 34.927097 | AE16: 34.50162 | AF16: 34.720899 | AG16: 35.401301 | AH16: 36.249327
B17: Road tax | C17: 0 | D17: 0 | E17: 0 | F17: 0 | G17: 0 | H17: 0 | I17: 0 | J17: 0 | K17: 0 | L17: 0 | M17: 0 | N17: 0 | O17: 0 | P17: 0 | Q17: 0 | R17: 0 | S17: 0 | T17: 0 | U17: 0 | V17: 0 | W17: 0 | X17: 0 | Y17: 0 | Z17: 0 | AA17: 0 | AB17: 0 | AC17: 0 | AD17: 0 | AE17: 0 | AF17: 0 | AG17: 0 | AH17: 0
B18: Non net zero related receipts | C18: 760.53173 | D18: 731.26833 | E18: 756.81809 | F18: 815.25546 | G18: 867.84479 | H18: 911.67575 | I18: 950.57625 | J18: 987.55093 | K18: 1026.2155 | L18: 1067.158 | M18: 1109.4762 | N18: 1152.622 | O18: 1196.5168 | P18: 1241.7722 | Q18: 1288.3234 | R18: 1336.7739 | S18: 1387.4057 | T18: 1442.5774 | U18: 1500.6788 | V18: 1561.7168 | W18: 1625.841 | X18: 1691.7277 | Y18: 1757.2409 | Z18: 1825.3306 | AA18: 1894.6462 | AB18: 1966.2816 | AC18: 2041.1613 | AD18: 2119.6262 | AE18: 2200.5928 | AF18: 2283.72 | AG18: 2369.5713 | AH18: 2458.4015
B19: Primary spending | C19: 830.44 | D19: 1097.8293 | E19: 1007.8547 | F19: 944.96108 | G19: 976.99075 | H19: 1010.2213 | I19: 1048.5668 | J19: 1095.7919 | K19: 1136.5492 | L19: 1178.3352 | M19: 1220.5279 | N19: 1264.129 | O19: 1305.8941 | P19: 1350.9228 | Q19: 1396.9679 | R19: 1445.2111 | S19: 1495.5069 | T19: 1547.2336 | U19: 1601.5878 | V19: 1658.1996 | W19: 1718.4039 | X19: 1779.1981 | Y19: 1845.8191 | Z19: 1915.2787 | AA19: 1986.3806 | AB19: 2059.5954 | AC19: 2136.2314 | AD19: 2216.5584 | AE19: 2299.0959 | AF19: 2384.3572 | AG19: 2469.9583 | AH19: 2560.8724
B20: of which:
B21: Net zero spending | C21: 0 | D21: 0 | E21: 0 | F21: 0 | G21: 0 | H21: 0 | I21: 0 | J21: 10.542416 | K21: 12.676675 | L21: 14.086725 | M21: 14.731637 | N21: 15.970831 | O21: 14.600558 | P21: 15.409184 | Q21: 16.030283 | R21: 17.388478 | S21: 19.270623 | T21: 18.594655 | U21: 18.192024 | V21: 17.849939 | W21: 18.969793 | X21: 19.274462 | Y21: 18.619807 | Z21: 18.295658 | AA21: 17.827043 | AB21: 17.075479 | AC21: 16.80744 | AD21: 17.084598 | AE21: 17.063473 | AF21: 17.361637 | AG21: 15.158086 | AH21: 15.152412
B22: Non net zero spending | C22: 830.44 | D22: 1097.8293 | E22: 1007.8547 | F22: 944.96108 | G22: 976.99075 | H22: 1010.2213 | I22: 1048.5668 | J22: 1085.2495 | K22: 1123.8726 | L22: 1164.2484 | M22: 1205.7963 | N22: 1248.1582 | O22: 1291.2936 | P22: 1335.5137 | Q22: 1380.9376 | R22: 1427.8227 | S22: 1476.2362 | T22: 1528.639 | U22: 1583.3958 | V22: 1640.3497 | W22: 1699.4341 | X22: 1759.9237 | Y22: 1827.1993 | Z22: 1896.9831 | AA22: 1968.5536 | AB22: 2042.5199 | AC22: 2119.424 | AD22: 2199.4738 | AE22: 2282.0324 | AF22: 2366.9955 | AG22: 2454.8002 | AH22: 2545.72
B23: Primary deficit | C23: 29.597 | D23: 335.03995 | E23: 214.55117 | F23: 89.395397 | G23: 67.250819 | H23: 55.887059 | I23: 55.289176 | J23: 16.440455 | K23: 18.735589 | L23: 20.496084 | M23: 21.854993 | N23: 25.470353 | O23: 26.008701 | P23: 29.294582 | Q23: 32.104401 | R23: 35.11634 | S23: 38.802629 | T23: 38.634637 | U23: 37.711355 | V23: 35.571271 | W23: 33.789376 | X23: 31.449321 | Y23: 35.192296 | Z23: 38.693626 | AA23: 42.226546 | AB23: 45.580712 | AC23: 48.710061 | AD23: 51.687095 | AE23: 54.243986 | AF23: 56.702945 | AG23: 56.268411 | AH23: 57.838415
B24: Net interest spending | C24: 27.48 | D24: 19.58995 | E24: 19.929521 | F24: 19.377769 | G24: 21.584905 | H24: 23.778655 | I24: 25.119043 | J24: 30.501491 | K24: 36.193635 | L24: 42.2331 | M24: 48.653934 | N24: 55.5022 | O24: 62.875717 | P24: 70.782478 | Q24: 79.356925 | R24: 88.643545 | S24: 98.728495 | T24: 109.90221 | U24: 121.86619 | V24: 134.80672 | W24: 148.76301 | X24: 163.86007 | Y24: 173.39637 | Z24: 183.36661 | AA24: 193.79361 | AB24: 204.71704 | AC24: 216.16285 | AD24: 228.14372 | AE24: 240.66063 | AF24: 253.764 | AG24: 267.48212 | AH24: 281.74972
B25: Public sector net borrowing | C25: 57.077 | D25: 354.6299 | E25: 234.48069 | F25: 108.77317 | G25: 88.835724 | H25: 79.665714 | I25: 80.408219 | J25: 46.941946 | K25: 54.929224 | L25: 62.729184 | M25: 70.508927 | N25: 80.972553 | O25: 88.884418 | P25: 100.07706 | Q25: 111.46133 | R25: 123.75988 | S25: 137.53112 | T25: 148.53684 | U25: 159.57754 | V25: 170.378 | W25: 182.55239 | X25: 195.30939 | Y25: 208.58867 | Z25: 222.06024 | AA25: 236.02015 | AB25: 250.29775 | AC25: 264.87291 | AD25: 279.83082 | AE25: 294.90461 | AF25: 310.46694 | AG25: 323.75054 | AH25: 339.58813
B26: Public sector net debt | C26: 1798.2 | D26: 2197.9306 | E26: 2503.4391 | F26: 2633.0353 | G26: 2753.0703 | H26: 2772.2371 | I26: 2822.1094 | J26: 2886.8021 | K26: 2960.1771 | L26: 3042.0879 | M26: 3132.5391 | N26: 3234.2295 | O26: 3344.6207 | P26: 3467.018 | Q26: 3601.6363 | R26: 3749.424 | S26: 3911.8931 | T26: 4086.3595 | U26: 4272.911 | V26: 4471.3601 | W26: 4683.1362 | X26: 4908.8535 | Y26: 5149.0277 | Z26: 5403.8974 | AA26: 5673.9729 | AB26: 5959.6136 | AC26: 6261.1753 | AD26: 6579.1054 | AE26: 6913.5646 | AF26: 7265.0802 | AG26: 7631.4226 | AH26: 8015.1993
B27: £ billion, 2019 prices | C27: 2019-20 | D27: 2020-21 | E27: 2021-22 | F27: 2022-23 | G27: 2023-24 | H27: 2024-25 | I27: 2025-26 | J27: 2026-27 | K27: 2027-28 | L27: 2028-29 | M27: 2029-30 | N27: 2030-31 | O27: 2031-32 | P27: 2032-33 | Q27: 2033-34 | R27: 2034-35 | S27: 2035-36 | T27: 2036-37 | U27: 2037-38 | V27: 2038-39 | W27: 2039-40 | X27: 2040-41 | Y27: 2041-42 | Z27: 2042-43 | AA27: 2043-44 | AB27: 2044-45 | AC27: 2045-46 | AD27: 2046-47 | AE27: 2047-48 | AF27: 2048-49 | AG27: 2049-50 | AH27: 2050-51
B28: Primary receipts | C28: 795.77684 | D28: 707.96672 | E28: 748.36022 | F28: 808.22661 | G28: 842.34336 | H28: 865.56562 | I28: 882.02017 | J28: 936.87763 | K28: 948.44851 | L28: 960.32211 | M28: 971.83778 | N28: 981.67809 | O28: 991.5461 | P28: 1000.865 | Q28: 1010.3684 | R28: 1020.383 | S28: 1030.4114 | T28: 1043.1277 | U28: 1057.0377 | V28: 1072.0905 | W28: 1088.0211 | X28: 1103.4182 | Y28: 1117.4148 | Z28: 1132.0826 | AA28: 1146.4758 | AB28: 1160.9706 | AC28: 1176.2886 | AD28: 1192.4479 | AE28: 1208.7024 | AF28: 1225.1084 | AG28: 1241.8292 | AH28: 1258.8429
B29: of which:
B30: Fuel duty | C30: 27.397579 | D30: 19.990019 | E30: 24.282936 | F30: 27.102847 | G30: 27.140892 | H30: 26.596745 | I30: 26.110798 | J30: 25.577322 | K30: 24.699966 | L30: 23.345076 | M30: 21.852388 | N30: 20.110124 | O30: 18.386618 | P30: 16.692706 | Q30: 15.013562 | R30: 13.328739 | S30: 11.663548 | T30: 10.157789 | U30: 8.7919023 | V30: 7.5695125 | W30: 6.4743052 | X30: 5.4950018 | Y30: 4.6425552 | Z30: 3.8953746 | AA30: 3.2660241 | AB30: 2.7514368 | AC30: 2.2832355 | AD30: 1.8540172 | AE30: 1.4736973 | AF30: 1.1281921 | AG30: 0.80857518 | AH30: 0.57051755
B31: VED | C31: 6.7281664 | D31: 6.4393576 | E31: 6.5502958 | F31: 6.5730955 | G31: 6.4892473 | H31: 6.3654648 | I31: 6.2112938 | J31: 6.1258588 | K31: 5.9529242 | L31: 5.6921273 | M31: 5.3436464 | N31: 4.8944315 | O31: 4.398952 | P31: 3.9219459 | Q31: 3.4638657 | R31: 3.0326135 | S31: 2.5147564 | T31: 2.1372805 | U31: 1.7962267 | V31: 1.4916242 | W31: 1.2248349 | X31: 0.99563705 | Y31: 0.80286968 | Z31: 0.64364415 | AA31: 0.51442106 | AB31: 0.41130841 | AC31: 0.33031801 | AD31: 0.26193754 | AE31: 0.20609927 | AF31: 0.15983226 | AG31: 0.12073321 | AH31: 0.086947522
B32: APD | C32: 3.6318783 | D32: 0.56129646 | E32: 1.2718345 | F32: 1.9101928 | G32: 2.8661874 | H32: 3.5310238 | I32: 3.526811 | J32: 3.5867532 | K32: 3.647187 | L32: 3.7081251 | M32: 3.768977 | N32: 3.4800068 | O32: 3.360425 | P32: 3.1851608 | Q32: 3.0040606 | R32: 2.9912175 | S32: 2.998478 | T32: 3.0585 | U32: 3.1055032 | V32: 3.1472143 | W32: 3.236679 | X32: 3.2335197 | Y32: 3.2686186 | Z32: 3.2749128 | AA32: 3.3382007 | AB32: 3.3365801 | AC32: 3.3855065 | AD32: 3.4200801 | AE32: 3.4593373 | AF32: 3.4801799 | AG32: 3.509175 | AH32: 3.5477118
B33: Landfill | C33: 0.72736934 | D33: 0.66711097 | E33: 0.6762355 | F33: 0.63017096 | G33: 0.52154109 | H33: 0.48056663 | I33: 0.46343422 | J33: 0.45293899 | K33: 0.44186796 | L33: 0.43021394 | M33: 0.41790263 | N33: 0.40490431 | O33: 0.39121111 | P33: 0.37684093 | Q33: 0.36187028 | R33: 0.34625328 | S33: 0.32995582 | T33: 0.31347407 | U33: 0.29634464 | V33: 0.27853935 | W33: 0.26000764 | X33: 0.24074085 | Y33: 0.22075616 | Z33: 0.20004015 | AA33: 0.17858849 | AB33: 0.15640925 | AC33: 0.13350996 | AD33: 0.10988952 | AE33: 0.085538818 | AF33: 0.060468224 | AG33: 0.034681566 | AH33: 0.0081758177
B34: Plastics | C34: 0 | D34: 0 | E34: 0 | F34: 0.26604696 | G34: 0.20345436 | H34: 0.17712859 | I34: 0.15764288 | J34: 0.1540728 | K34: 0.15030685 | L34: 0.14634259 | M34: 0.14215475 | N34: 0.13773321 | O34: 0.1330753 | P34: 0.1281871 | Q34: 0.12309465 | R34: 0.11778234 | S34: 0.11223855 | T34: 0.10663208 | U34: 0.10080529 | V34: 0.094748603 | W34: 0.088444812 | X34: 0.081890977 | Y34: 0.075092938 | Z34: 0.068046131 | AA34: 0.060749082 | AB34: 0.053204541 | AC34: 0.045415065 | AD34: 0.03738028 | AE34: 0.029097087 | AF34: 0.020569014 | AG34: 0.011797364 | AH34: 0.0027811055
B35: Carbon tax | C35: 1.5712679 | D35: 1.5977464 | E35: 1.6370998 | F35: 1.5974776 | G35: 1.5700829 | H35: 1.5396701 | I35: 1.4483739 | J35: 43.785952 | K35: 42.82739 | L35: 41.889786 | M35: 40.792209 | N35: 39.159695 | O35: 37.916581 | P35: 36.169942 | Q35: 34.693925 | R35: 33.240379 | S35: 31.399924 | T35: 29.877241 | U35: 28.62508 | V35: 27.663363 | W35: 26.675095 | X35: 25.321403 | Y35: 23.936827 | Z35: 22.838174 | AA35: 21.837022 | AB35: 20.806621 | AC35: 19.945246 | AD35: 19.238438 | AE35: 18.576811 | AF35: 18.274564 | AG35: 18.213761 | AH35: 18.230758
B36: Road tax | C36: 0 | D36: 0 | E36: 0 | F36: 0 | G36: 0 | H36: 0 | I36: 0 | J36: 0 | K36: 0 | L36: 0 | M36: 0 | N36: 0 | O36: 0 | P36: 0 | Q36: 0 | R36: 0 | S36: 0 | T36: 0 | U36: 0 | V36: 0 | W36: 0 | X36: 0 | Y36: 0 | Z36: 0 | AA36: 0 | AB36: 0 | AC36: 0 | AD36: 0 | AE36: 0 | AF36: 0 | AG36: 0 | AH36: 0
B37: Non net zero related receipts | C37: 755.72058 | D37: 678.71119 | E37: 713.94182 | F37: 770.14678 | G37: 803.55196 | H37: 826.87502 | I37: 844.10182 | J37: 857.19473 | K37: 870.72887 | L37: 885.11044 | M37: 899.5205 | N37: 913.4912 | O37: 926.95923 | P37: 940.39022 | Q37: 953.70804 | R37: 967.32605 | S37: 981.39253 | T37: 997.47674 | U37: 1014.3218 | V37: 1031.8455 | W37: 1050.0617 | X37: 1068.05 | Y37: 1084.4681 | Z37: 1101.1624 | AA37: 1117.2808 | AB37: 1133.455 | AC37: 1150.1654 | AD37: 1167.5261 | AE37: 1184.8718 | AF37: 1201.9846 | AG37: 1219.1305 | AH37: 1236.396
B38: Primary spending | C38: 825.18661 | D38: 1018.9269 | E38: 950.75636 | F38: 892.67569 | G38: 904.61202 | H38: 916.25427 | I38: 931.11638 | J38: 951.14795 | K38: 964.34538 | L38: 977.32174 | M38: 989.55696 | N38: 1001.8642 | O38: 1011.6954 | P38: 1023.0497 | Q38: 1034.1344 | R38: 1045.7942 | S38: 1057.8588 | T38: 1069.8418 | U38: 1082.5271 | V38: 1095.5929 | W38: 1109.8442 | X38: 1123.2733 | Y38: 1139.1335 | Z38: 1155.4252 | AA38: 1171.377 | AB38: 1187.2454 | AC38: 1203.736 | AD38: 1220.918 | AE38: 1237.9091 | AF38: 1254.9527 | AG38: 1270.779 | AH38: 1287.9314
B39: of which:
B40: Net zero spending | C40: 0 | D40: 0 | E40: 0 | F40: 0 | G40: 0 | H40: 0 | I40: 0 | J40: 9.150823 | K40: 10.755973 | L40: 11.683656 | M40: 11.943843 | N40: 12.657413 | O40: 11.311268 | P40: 11.669327 | Q40: 11.866749 | R40: 12.582777 | S40: 13.63123 | T40: 12.857359 | U40: 12.296147 | V40: 11.793674 | W40: 12.251784 | X40: 12.168677 | Y40: 11.491075 | Z40: 11.037174 | AA40: 10.512682 | AB40: 9.8430906 | AC40: 9.4707533 | AD40: 9.4104866 | AE40: 9.1875374 | AF40: 9.1379069 | AG40: 7.7987461 | AH40: 7.6205543
B41: Non net zero spending | C41: 825.18661 | D41: 1018.9269 | E41: 950.75636 | F41: 892.67569 | G41: 904.61202 | H41: 916.25427 | I41: 931.11638 | J41: 941.99713 | K41: 953.58941 | L41: 965.63809 | M41: 977.61312 | N41: 989.20678 | O41: 1000.3842 | P41: 1011.3804 | Q41: 1022.2676 | R41: 1033.2114 | S41: 1044.2275 | T41: 1056.9844 | U41: 1070.2309 | V41: 1083.7992 | W41: 1097.5924 | X41: 1111.1046 | Y41: 1127.6424 | Z41: 1144.388 | AA41: 1160.8643 | AB41: 1177.4023 | AC41: 1194.2653 | AD41: 1211.5075 | AE41: 1228.7216 | AF41: 1245.8148 | AG41: 1262.9803 | AH41: 1280.3108
B42: Primary deficit | C42: 29.409768 | D42: 310.96023 | E42: 202.39613 | F42: 84.449085 | G42: 62.268654 | H42: 50.68865 | I42: 49.096213 | J42: 14.270323 | K42: 15.896873 | L42: 16.999636 | M42: 17.719186 | N42: 20.1861 | O42: 20.149324 | P42: 22.184696 | Q42: 23.765947 | R42: 25.411141 | S42: 27.447351 | T42: 26.714096 | U42: 25.489432 | V42: 23.502376 | W42: 21.823124 | X42: 19.855114 | Y42: 21.718663 | Z42: 23.342603 | AA42: 24.901172 | AB42: 26.274816 | AC42: 27.447426 | AD42: 28.470129 | AE42: 29.206753 | AF42: 29.844318 | AG42: 28.949766 | AH42: 29.088489
B43: Net interest spending | C43: 27.306161 | D43: 18.181997 | E43: 18.800448 | F43: 18.305583 | G43: 19.985824 | H43: 21.566852 | I43: 22.305449 | J43: 26.475311 | K43: 30.70977 | L43: 35.028512 | M43: 39.446734 | N43: 43.987335 | O43: 48.710745 | P43: 53.603352 | Q43: 58.745606 | R43: 64.144886 | S43: 69.836393 | T43: 75.992384 | U43: 82.370413 | V43: 89.06846 | W43: 96.079717 | X43: 103.4509 | Y43: 107.01028 | Z43: 110.6191 | AA43: 114.2809 | AB43: 118.00831 | AC43: 121.80469 | AD43: 125.66544 | AE43: 129.57963 | AF43: 133.56297 | AG43: 137.61798 | AH43: 141.69949
B44: Public sector net borrowing | C44: 56.715929 | D44: 329.14222 | E44: 221.19658 | F44: 102.75467 | G44: 82.254478 | H44: 72.255503 | I44: 71.401662 | J44: 40.745634 | K44: 46.606643 | L44: 52.028147 | M44: 57.16592 | N44: 64.173435 | O44: 68.860069 | P44: 75.788048 | Q44: 82.511553 | R44: 89.556026 | S44: 97.283744 | T44: 102.70648 | U44: 107.85984 | V44: 112.57084 | W44: 117.90284 | X44: 123.30601 | Y44: 128.72894 | Z44: 133.9617 | AA44: 139.18207 | AB44: 144.28312 | AC44: 149.25211 | AD44: 154.13557 | AE44: 158.78638 | AF44: 163.40728 | AG44: 166.56775 | AH44: 170.78797
B45: Public sector net debt | C45: 1786.8245 | D45: 2039.9627 | E45: 2361.6109 | F45: 2487.3475 | G45: 2549.1137 | H45: 2514.3738 | I45: 2506.0038 | J45: 2505.7458 | K45: 2511.6669 | L45: 2523.1349 | M45: 2539.7419 | N45: 2563.2342 | O45: 2591.1269 | P45: 2625.562 | Q45: 2666.1858 | R45: 2713.1854 | S45: 2767.109 | T45: 2825.532 | U45: 2888.0976 | V45: 2954.2826 | W45: 3024.6389 | X45: 3099.14 | Y45: 3177.6841 | Z45: 3259.9951 | AA45: 3345.9656 | AB45: 3435.395 | AC45: 3528.0832 | AD45: 3623.8829 | AE45: 3722.4914 | AF45: 3823.8114 | AG45: 3926.3221 | AH45: 4031.0586
B46: Per cent of GDP | C46: 2019-20 | D46: 2020-21 | E46: 2021-22 | F46: 2022-23 | G46: 2023-24 | H46: 2024-25 | I46: 2025-26 | J46: 2026-27 | K46: 2027-28 | L46: 2028-29 | M46: 2029-30 | N46: 2030-31 | O46: 2031-32 | P46: 2032-33 | Q46: 2033-34 | R46: 2034-35 | S46: 2035-36 | T46: 2036-37 | U46: 2037-38 | V46: 2038-39 | W46: 2039-40 | X46: 2040-41 | Y46: 2041-42 | Z46: 2042-43 | AA46: 2043-44 | AB46: 2044-45 | AC46: 2045-46 | AD46: 2046-47 | AE46: 2047-48 | AF46: 2048-49 | AG46: 2049-50 | AH46: 2050-51
B47: Primary receipts | C47: 36.007881 | D47: 36.381047 | E47: 35.055957 | F47: 36.14461 | G47: 37.224815 | H47: 37.686836 | I47: 37.786799 | J47: 39.523901 | K47: 39.390114 | L47: 39.235202 | M47: 39.069616 | N47: 38.861643 | O47: 38.68198 | P47: 38.487866 | Q47: 38.310758 | R47: 38.145804 | S47: 37.968579 | T47: 37.817351 | U47: 37.685226 | V47: 37.572769 | W47: 37.469588 | X47: 37.359838 | Y47: 37.260963 | Z47: 37.177755 | AA47: 37.107268 | AB47: 37.040202 | AC47: 36.983672 | AD47: 36.934245 | AE47: 36.889642 | AF47: 36.858024 | AG47: 36.83563 | AH47: 36.818863
B48: of which:
B49: Fuel duty | C49: 1.2397053 | D49: 1.0272486 | E49: 1.1375024 | F49: 1.2120633 | G49: 1.1994096 | H49: 1.1580256 | I49: 1.1186178 | J49: 1.0790262 | K49: 1.0258169 | L49: 0.95379329 | M49: 0.87850505 | N49: 0.79609852 | O49: 0.71729474 | P49: 0.64191137 | Q49: 0.56927843 | R49: 0.49827904 | S49: 0.42977816 | T49: 0.36825855 | U49: 0.31344657 | V49: 0.26528315 | W49: 0.22296402 | X49: 0.18605129 | Y49: 0.15480918 | Z49: 0.12792466 | AA49: 0.10570937 | AB49: 0.087783253 | AC49: 0.071787173 | AD49: 0.057425342 | AE49: 0.044977296 | AF49: 0.033942245 | AG49: 0.023984277 | AH49: 0.016686599
B50: VED | C50: 0.3044409 | D50: 0.33090619 | E50: 0.30684005 | F50: 0.29395465 | G50: 0.28677264 | H50: 0.27715314 | I50: 0.26609926 | J50: 0.25843059 | K50: 0.24723152 | L50: 0.23255922 | M50: 0.21482414 | N50: 0.19375562 | O50: 0.17161096 | P50: 0.15081687 | Q50: 0.13134152 | R50: 0.11337064 | S50: 0.092663692 | T50: 0.077484562 | U50: 0.064038598 | V50: 0.052275858 | W50: 0.042181224 | X50: 0.033710555 | Y50: 0.02677224 | Z50: 0.021137367 | AA50: 0.016649946 | AB50: 0.013122595 | AC50: 0.010385524 | AD50: 0.0081131138 | AE50: 0.0062901575 | AF50: 0.0048086368 | AG50: 0.0035812362 | AH50: 0.0025430567
B51: APD | C51: 0.16433784 | D51: 0.028843945 | E51: 0.059577425 | F51: 0.085425516 | G51: 0.12666248 | H51: 0.15374122 | I51: 0.15109281 | J51: 0.15131376 | K51: 0.15147171 | L51: 0.15150025 | M51: 0.15151961 | N51: 0.13776286 | O51: 0.13109617 | P51: 0.12248409 | Q51: 0.11390681 | R51: 0.1118231 | S51: 0.11048785 | T51: 0.11088228 | U51: 0.11071658 | V51: 0.11029811 | W51: 0.1114657 | X51: 0.1094814 | Y51: 0.10899433 | Z51: 0.10754861 | AA51: 0.10804546 | AB51: 0.10645197 | AC51: 0.10644366 | AD51: 0.10593174 | AE51: 0.10557911 | AF51: 0.10470302 | AG51: 0.10409054 | AH51: 0.10376411
B52: Landfill | C52: 0.03291253 | D52: 0.034281549 | E52: 0.031677369 | F52: 0.028181803 | G52: 0.02304793 | H52: 0.020923932 | I52: 0.019854076 | J52: 0.019108062 | K52: 0.018351264 | L52: 0.017576947 | M52: 0.016800433 | N52: 0.016028927 | O52: 0.015261843 | P52: 0.014491268 | Q52: 0.013721257 | R52: 0.012944266 | S52: 0.012158205 | T52: 0.011364629 | U52: 0.0105652 | V52: 0.0097617643 | W52: 0.0089542191 | X52: 0.0081510704 | Y52: 0.0073612655 | Z52: 0.0065693474 | AA52: 0.0057802624 | AB52: 0.0049901612 | AC52: 0.0041976848 | AD52: 0.0034036596 | AE52: 0.002610648 | AF52: 0.001819218 | AG52: 0.0010287383 | AH52: 0.00023912778
B53: Plastics | C53: 0 | D53: 0 | E53: 0 | F53: 0.011897856 | G53: 0.0089910495 | H53: 0.0077122014 | I53: 0.0067536095 | J53: 0.0064998436 | K53: 0.0062424095 | L53: 0.0059790159 | M53: 0.0057148749 | N53: 0.0054524378 | O53: 0.0051915045 | P53: 0.0049293839 | Q53: 0.0046674553 | R53: 0.0044031523 | S53: 0.0041357639 | T53: 0.0038658191 | U53: 0.0035938835 | V53: 0.0033205848 | W53: 0.0030458883 | X53: 0.0027726874 | Y53: 0.0025040255 | Z53: 0.0022346447 | AA53: 0.0019662277 | AB53: 0.001697465 | AC53: 0.0014278944 | AD53: 0.0011577969 | AE53: 0.00088804418 | AF53: 0.00061882949 | AG53: 0.00034993806 | AH53: 8.1342271e-05
B54: Carbon tax | C54: 0.071097857 | D54: 0.082105115 | E54: 0.076687802 | F54: 0.071440611 | G54: 0.069385061 | H54: 0.067037429 | I54: 0.062050069 | J54: 1.8471907 | K54: 1.7786688 | L54: 1.7114614 | M54: 1.6399197 | N54: 1.5502129 | O54: 1.4791934 | P54: 1.3909007 | Q54: 1.3155108 | R54: 1.242652 | S54: 1.1570238 | T54: 1.0831638 | U54: 1.0205338 | V54: 0.9694976 | W54: 0.91864474 | X54: 0.85733907 | Y54: 0.79818988 | Z54: 0.75000891 | AA54: 0.70678528 | AB54: 0.66382513 | AC54: 0.62709817 | AD54: 0.59588113 | AE54: 0.56696498 | AF54: 0.54979975 | AG54: 0.54026379 | AH54: 0.53321648
B55: Road tax | C55: 0 | D55: 0 | E55: 0 | F55: 0 | G55: 0 | H55: 0 | I55: 0 | J55: 0 | K55: 0 | L55: 0 | M55: 0 | N55: 0 | O55: 0 | P55: 0 | Q55: 0 | R55: 0 | S55: 0 | T55: 0 | U55: 0 | V55: 0 | W55: 0 | X55: 0 | Y55: 0 | Z55: 0 | AA55: 0 | AB55: 0 | AC55: 0 | AD55: 0 | AE55: 0 | AF55: 0 | AG55: 0 | AH55: 0
B56: Non net zero related receipts | C56: 34.195387 | D56: 34.877662 | E56: 33.443672 | F56: 34.441646 | G56: 35.510546 | H56: 36.002243 | I56: 36.162332 | J56: 36.162332 | K56: 36.162332 | L56: 36.162332 | M56: 36.162332 | N56: 36.162332 | O56: 36.162332 | P56: 36.162332 | Q56: 36.162332 | R56: 36.162332 | S56: 36.162332 | T56: 36.162332 | U56: 36.162332 | V56: 36.162332 | W56: 36.162332 | X56: 36.162332 | Y56: 36.162332 | Z56: 36.162332 | AA56: 36.162332 | AB56: 36.162332 | AC56: 36.162332 | AD56: 36.162332 | AE56: 36.162332 | AF56: 36.162332 | AG56: 36.162332 | AH56: 36.162332
B57: Primary spending | C57: 37.338635 | D57: 52.360695 | E57: 44.53694 | F57: 39.921248 | G57: 39.976589 | H57: 39.893826 | I57: 39.89014 | J57: 40.125921 | K57: 40.050329 | L57: 39.929744 | M57: 39.781959 | N57: 39.660749 | O57: 39.468041 | P57: 39.340969 | Q57: 39.211906 | R57: 39.095769 | S57: 38.979959 | T57: 38.785839 | U57: 38.593969 | V57: 38.396439 | W57: 38.221139 | X57: 38.032098 | Y57: 37.985186 | Z57: 37.94433 | AA57: 37.913229 | AB57: 37.878488 | AC57: 37.846646 | AD57: 37.816063 | AE57: 37.781033 | AF57: 37.755905 | AG57: 37.69435 | AH57: 37.669648
B58: of which:
B59: Net zero spending | C59: 0 | D59: 0 | E59: 0 | F59: 0 | G59: 0 | H59: 0 | I59: 0 | J59: 0.38604425 | K59: 0.44670744 | L59: 0.47735089 | M59: 0.48016384 | N59: 0.50106841 | O59: 0.44127271 | P59: 0.44873934 | Q59: 0.44995879 | R59: 0.47039211 | S59: 0.50228327 | T59: 0.46612825 | U59: 0.43837897 | V59: 0.41332424 | W59: 0.42193053 | X59: 0.41201045 | Y59: 0.38317778 | Z59: 0.36246238 | AA59: 0.34025743 | AB59: 0.31403902 | AC59: 0.29776981 | AD59: 0.2914754 | AE59: 0.28040399 | AF59: 0.27491868 | AG59: 0.23132949 | AH59: 0.22288734
B60: Non net zero spending | C60: 37.338635 | D60: 52.360695 | E60: 44.53694 | F60: 39.921248 | G60: 39.976589 | H60: 39.893826 | I60: 39.89014 | J60: 39.739876 | K60: 39.603622 | L60: 39.452393 | M60: 39.301795 | N60: 39.159681 | O60: 39.026769 | P60: 38.89223 | Q60: 38.761947 | R60: 38.625377 | S60: 38.477675 | T60: 38.319711 | U60: 38.15559 | V60: 37.983115 | W60: 37.799208 | X60: 37.620087 | Y60: 37.602009 | Z60: 37.581867 | AA60: 37.572972 | AB60: 37.564449 | AC60: 37.548876 | AD60: 37.524588 | AE60: 37.500629 | AF60: 37.480987 | AG60: 37.46302 | AH60: 37.446761
B61: Primary deficit | C61: 1.3307543 | D61: 15.979648 | E61: 9.4809825 | F61: 3.7766378 | G61: 2.7517747 | H61: 2.2069902 | I61: 2.1033405 | J61: 0.60201976 | K61: 0.6602147 | L61: 0.69454211 | M61: 0.71234294 | N61: 0.79910616 | O61: 0.78606104 | P61: 0.85310367 | Q61: 0.90114797 | R61: 0.94996522 | S61: 1.0113794 | T61: 0.96848776 | U61: 0.90874246 | V61: 0.82367054 | W61: 0.75155113 | X61: 0.67225996 | Y61: 0.72422369 | Z61: 0.76657443 | AA61: 0.80596071 | AB61: 0.83828525 | AC61: 0.86297411 | AD61: 0.88181861 | AE61: 0.8913912 | AF61: 0.89788185 | AG61: 0.85871942 | AH61: 0.85078533
B62: Net interest spending | C62: 1.2355687 | D62: 0.93433782 | E62: 0.88068241 | F62: 0.81864187 | G62: 0.88321298 | H62: 0.93902346 | I62: 0.95559212 | J62: 1.1169095 | K62: 1.2754107 | L62: 1.4311352 | M62: 1.5858292 | N62: 1.7413245 | O62: 1.900293 | P62: 2.0612956 | Q62: 2.2274931 | R62: 2.3979801 | S62: 2.57333 | T62: 2.7550134 | U62: 2.9366481 | V62: 3.121517 | W62: 3.3088214 | X62: 3.5026691 | Y62: 3.568331 | Z62: 3.6327472 | AA62: 3.6988588 | AB62: 3.7649977 | AC62: 3.8296594 | AD62: 3.8922943 | AE62: 3.9547751 | AF62: 4.0183113 | AG62: 4.082079 | AH62: 4.1444519
B63: Public sector net borrowing | C63: 2.566323 | D63: 16.913985 | E63: 10.361665 | F63: 4.5952797 | G63: 3.6349876 | H63: 3.1460137 | I63: 3.0589326 | J63: 1.7189293 | K63: 1.9356254 | L63: 2.1256773 | M63: 2.2981722 | N63: 2.5404307 | O63: 2.686354 | P63: 2.9143992 | Q63: 3.1286411 | R63: 3.3479454 | S63: 3.5847094 | T63: 3.7235012 | U63: 3.8453906 | V63: 3.9451875 | W63: 4.0603725 | X63: 4.1749291 | Y63: 4.2925547 | Z63: 4.3993216 | AA63: 4.5048195 | AB63: 4.603283 | AC63: 4.6926335 | AD63: 4.7741129 | AE63: 4.8461663 | AF63: 4.9161932 | AG63: 4.9407984 | AH63: 4.9952373
B64: Public sector net debt | C64: 84.385651 | D64: 100.18536 | E64: 107.45255 | F64: 109.4587 | G64: 110.60786 | H64: 107.42374 | I64: 105.34746 | J64: 103.72768 | K64: 102.3567 | L64: 101.15333 | M64: 100.188 | N64: 99.568299 | O64: 99.189392 | P64: 99.072095 | Q64: 99.200106 | R64: 99.527653 | S64: 100.05083 | T64: 100.51587 | U64: 101.03533 | V64: 101.59552 | W64: 102.21059 | X64: 102.96433 | Y64: 103.97552 | Z64: 105.05162 | AA64: 106.26648 | AB64: 107.54979 | AC64: 108.84681 | AD64: 110.13991 | AE64: 111.48066 | AF64: 112.88461 | AG64: 114.2807 | AH64: 115.69076

Sheet 1.3
A1: Back to contents
B2: Table 1.3: Late action scenario
B4: £ billion, unless otherwise stated | C4: 2019-20 | D4: 2020-21 | E4: 2021-22 | F4: 2022-23 | G4: 2023-24 | H4: 2024-25 | I4: 2025-26 | J4: 2026-27 | K4: 2027-28 | L4: 2028-29 | M4: 2029-30 | N4: 2030-31 | O4: 2031-32 | P4: 2032-33 | Q4: 2033-34 | R4: 2034-35 | S4: 2035-36 | T4: 2036-37 | U4: 2037-38 | V4: 2038-39 | W4: 2039-40 | X4: 2040-41 | Y4: 2041-42 | Z4: 2042-43 | AA4: 2043-44 | AB4: 2044-45 | AC4: 2045-46 | AD4: 2046-47 | AE4: 2047-48 | AF4: 2048-49 | AG4: 2049-50 | AH4: 2050-51
B5: Nominal GDP | C5: 2220.063 | D5: 2101.287 | E5: 2264.7214 | F5: 2374.6055 | G5: 2459.1637 | H5: 2551.7238 | I5: 2651.7286 | J5: 2760.4165 | K5: 2873.2666 | L5: 2989.4429 | M5: 3113.1192 | N5: 3224.9339 | O5: 3249.0038 | P5: 3240.4957 | Q5: 3323.1025 | R5: 3465.3036 | S5: 3642.2418 | T5: 3832.2792 | U5: 4009.5761 | V5: 4186.6697 | W5: 4361.2673 | X5: 4533.3227 | Y5: 4705.3456 | Z5: 4885.4489 | AA5: 5071.1647 | AB5: 5264.535 | AC5: 5465.5478 | AD5: 5674.0551 | AE5: 5888.994 | AF5: 6110.9792 | AG5: 6340.8636 | AH5: 6578.6986
B6: Nominal GDP (Percentage change on a year earlier) | C6: 2.6511924 | D6: -5.3501174 | E6: 7.7778245 | F6: 4.8519899 | G6: 3.5609359 | H6: 3.7638858 | I6: 3.9191084 | J6: 4.098757 | K6: 4.0881547 | L6: 4.043352 | M6: 4.1371009 | N6: 3.5917259 | O6: 0.74637049 | P6: -0.26186972 | Q6: 2.5492029 | R6: 4.279166 | S6: 5.1059964 | T6: 5.2175942 | U6: 4.6264081 | V6: 4.4167658 | W6: 4.1703214 | X6: 3.9450794 | Y6: 3.7946309 | Z6: 3.8276314 | AA6: 3.801407 | AB6: 3.8131336 | AC6: 3.8182442 | AD6: 3.81494 | AE6: 3.7881006 | AF6: 3.769492 | AG6: 3.761826 | AH6: 3.7508294
B7: Real GDP | C7: 2206.0188 | D7: 1950.265 | E7: 2136.4174 | F7: 2243.2168 | G7: 2276.9806 | H7: 2314.3718 | I7: 2354.7074 | J7: 2396.043 | K7: 2437.9247 | L7: 2479.4707 | M7: 2523.997 | N7: 2555.8671 | O7: 2517.0512 | P7: 2454.0174 | Q7: 2459.9954 | R7: 2507.5881 | S7: 2576.369 | T7: 2649.847 | U7: 2710.1073 | V7: 2766.1841 | W7: 2816.7575 | X7: 2862.0536 | Y7: 2903.8689 | Z7: 2947.232 | AA7: 2990.4871 | AB7: 3034.7198 | AC7: 3079.7584 | AD7: 3125.3659 | AE7: 3170.8288 | AF7: 3216.3763 | AG7: 3262.337 | AH7: 3308.6038
B8: Real GDP (Percentage change on a year earlier) | C8: 0.44000534 | D8: -11.593456 | E8: 9.5449816 | F8: 4.998996 | G8: 1.505151 | H8: 1.6421387 | I8: 1.7428307 | J8: 1.755445 | K8: 1.7479518 | L8: 1.7041564 | M8: 1.7957975 | N8: 1.2626841 | O8: -1.5186994 | P8: -2.5042715 | Q8: 0.24360008 | R8: 1.9346686 | S8: 2.7429095 | T8: 2.8519982 | U8: 2.2741037 | V8: 2.0691748 | W8: 1.8282712 | X8: 1.6080932 | Y8: 1.4610273 | Z8: 1.4932858 | AA8: 1.467651 | AB8: 1.479114 | AC8: 1.4841097 | AD8: 1.4808798 | AE8: 1.4546438 | AF8: 1.4364535 | AG8: 1.4289599 | AH8: 1.4182106
B9: Primary receipts | C9: 800.843 | D9: 762.78931 | E9: 793.85081 | F9: 858.38745 | G9: 915.42113 | H9: 961.84329 | I9: 1002.4032 | J9: 1042.269 | K9: 1083.2259 | L9: 1124.9855 | M9: 1169.3331 | N9: 1208.7393 | O9: 1235.0949 | P9: 1242.9286 | Q9: 1281.8789 | R9: 1340.6803 | S9: 1409.0062 | T9: 1474.1383 | U9: 1534.7374 | V9: 1595.2897 | W9: 1654.7004 | X9: 1711.7771 | Y9: 1771.8543 | Z9: 1835.3149 | AA9: 1900.7804 | AB9: 1968.9947 | AC9: 2039.5946 | AD9: 2115.0495 | AE9: 2192.8915 | AF9: 2273.2786 | AG9: 2356.3933 | AH9: 2442.4895
B10: of which:
B11: Fuel duty | C11: 27.572 | D11: 21.53798 | E11: 25.762542 | F11: 28.737422 | G11: 29.441855 | H11: 29.632336 | I11: 29.800027 | J11: 29.960402 | K11: 29.798909 | L11: 29.343037 | M11: 28.890911 | N11: 28.235751 | O11: 27.268564 | P11: 25.990999 | Q11: 24.412256 | R11: 22.538426 | S11: 20.458063 | T11: 18.510831 | U11: 16.659033 | V11: 14.910793 | W11: 13.252492 | X11: 11.683297 | Y11: 10.24144 | Z11: 8.9038674 | AA11: 7.6913889 | AB11: 6.6092421 | AC11: 5.583921 | AD11: 4.6104963 | AE11: 3.7128884 | AF11: 2.8768433 | AG11: 2.0796827 | AH11: 1.3938958
B12: VED | C12: 6.771 | D12: 6.938 | E12: 6.9551849 | F12: 6.9875024 | G12: 7.0742688 | H12: 7.1485302 | I12: 7.2409076 | J12: 7.3921072 | K12: 7.4425343 | L12: 7.3782691 | M12: 7.177946 | N12: 6.8009699 | O12: 6.3199063 | P12: 5.8325183 | Q12: 5.3332973 | R12: 4.8349475 | S12: 4.1406773 | T12: 3.647239 | U12: 3.1794818 | V12: 2.7382846 | W12: 2.3295867 | X12: 1.9584978 | Y12: 1.6292147 | Z12: 1.3427201 | AA12: 1.0983141 | AB12: 0.89391097 | AC12: 0.72633938 | AD12: 0.5813042 | AE12: 0.46027742 | AF12: 0.35875161 | AG12: 0.27255843 | AH12: 0.19805697
B13: APD | C13: 3.655 | D13: 0.60476139 | E13: 1.3482154 | F13: 2.0220758 | G13: 3.0955134 | H13: 3.8931504 | I13: 3.9716806 | J13: 4.1322016 | K13: 4.2984678 | L13: 4.4708043 | M13: 4.6486879 | N13: 4.5521768 | O13: 4.6476923 | P13: 4.6973799 | Q13: 4.7434715 | R13: 4.8419653 | S13: 4.9418031 | T13: 5.0832112 | U13: 5.2452589 | V13: 5.3798445 | W13: 5.5879775 | X13: 5.6701363 | Y13: 5.8394157 | Z13: 5.9079677 | AA13: 6.0916399 | AB13: 6.1651765 | AC13: 6.3150488 | AD13: 6.4378851 | AE13: 6.5932601 | AF13: 6.7485245 | AG13: 6.8579127 | AH13: 7.0541316
B14: Landfill | C14: 0.732 | D14: 0.71876983 | E14: 0.7316735 | F14: 0.69564982 | G14: 0.60077967 | H14: 0.57868571 | I14: 0.58439347 | J14: 0.59989642 | K14: 0.6155817 | L14: 0.63146016 | M14: 0.64742192 | N14: 0.663406 | O14: 0.67937686 | P14: 0.69534027 | Q14: 0.71142198 | R14: 0.7275285 | S14: 0.74356855 | T14: 0.76071355 | U14: 0.77800428 | V14: 0.79538411 | W14: 0.8127098 | X14: 0.82993003 | Y14: 0.84707797 | Z14: 0.86408203 | AA14: 0.88088704 | AB14: 0.89748864 | AC14: 0.91389533 | AD14: 0.9300764 | AE14: 0.94590988 | AF14: 0.96142341 | AG14: 0.97664758 | AH14: 0.99164506
B15: Plastics | C15: 0 | D15: 0 | E15: 0 | F15: 0.29369097 | G15: 0.23436551 | H15: 0.2132936 | I15: 0.19878866 | J15: 0.20406218 | K15: 0.20939772 | L15: 0.21479898 | M15: 0.22022857 | N15: 0.22566575 | O15: 0.23109844 | P15: 0.23652859 | Q15: 0.24199898 | R15: 0.24747781 | S15: 0.25293404 | T15: 0.25876612 | U15: 0.26464778 | V15: 0.27055974 | W15: 0.27645329 | X15: 0.28231096 | Y15: 0.28814405 | Z15: 0.29392819 | AA15: 0.29964462 | AB15: 0.30529186 | AC15: 0.31087279 | AD15: 0.31637698 | AE15: 0.32176294 | AF15: 0.32704006 | AG15: 0.33221875 | AH15: 0.33732033
B16: Carbon tax | C16: 1.5812711 | D16: 1.7214706 | E16: 1.7354169 | F16: 1.6910443 | G16: 1.6957065 | H16: 1.697572 | I16: 1.6310708 | J16: 1.6979481 | K16: 1.7672617 | L16: 1.8391494 | M16: 1.9133999 | N16: 1.9899364 | O16: 20.972191 | P16: 33.576653 | Q16: 44.663222 | R16: 54.29085 | S16: 61.281758 | T16: 59.96463 | U16: 58.580015 | V16: 57.119402 | W16: 55.223944 | X16: 51.913297 | Y16: 51.35867 | Z16: 51.219108 | AA16: 50.77264 | AB16: 50.246864 | AC16: 49.173139 | AD16: 50.197021 | AE16: 51.150147 | AF16: 52.019623 | AG16: 52.751975 | AH16: 53.381058
B17: Road tax | C17: 0 | D17: 0 | E17: 0 | F17: 0 | G17: 0 | H17: 0 | I17: 0 | J17: 0 | K17: 0 | L17: 0 | M17: 0 | N17: 0 | O17: 0 | P17: 0 | Q17: 0 | R17: 0 | S17: 0 | T17: 0 | U17: 0 | V17: 0 | W17: 0 | X17: 0 | Y17: 0 | Z17: 0 | AA17: 0 | AB17: 0 | AC17: 0 | AD17: 0 | AE17: 0 | AF17: 0 | AG17: 0 | AH17: 0
B18: Non net zero related receipts | C18: 760.53173 | D18: 731.26833 | E18: 757.31778 | F18: 817.96006 | G18: 873.27864 | H18: 918.67972 | I18: 958.97631 | J18: 998.28241 | K18: 1039.0937 | L18: 1081.108 | M18: 1125.8345 | N18: 1166.2714 | O18: 1174.9761 | P18: 1171.8992 | Q18: 1201.7733 | R18: 1253.1991 | S18: 1317.1874 | T18: 1385.9129 | U18: 1450.0309 | V18: 1514.0754 | W18: 1577.2172 | X18: 1639.4397 | Y18: 1701.6504 | Z18: 1766.7833 | AA18: 1833.9459 | AB18: 1903.8767 | AC18: 1976.5713 | AD18: 2051.9764 | AE18: 2129.7073 | AF18: 2209.9864 | AG18: 2293.1223 | AH18: 2379.1334
B19: Primary spending | C19: 830.44 | D19: 1097.8293 | E19: 1008.1873 | F19: 946.52593 | G19: 980.03982 | H19: 1014.087 | I19: 1053.1794 | J19: 1092.9989 | K19: 1132.8861 | L19: 1173.9868 | M19: 1222.0264 | N19: 1277.5513 | O19: 1299.6254 | P19: 1320.3256 | Q19: 1357.5369 | R19: 1408.313 | S19: 1469.8239 | T19: 1536.7782 | U19: 1590.7179 | V19: 1650.5815 | W19: 1711.5688 | X19: 1774.8021 | Y19: 1839.5058 | Z19: 1909.3021 | AA19: 1980.8744 | AB19: 2057.5116 | AC19: 2133.1248 | AD19: 2212.2641 | AE19: 2293.9728 | AF19: 2379.5901 | AG19: 2458.0291 | AH19: 2530.2507
B20: of which:
B21: Net zero spending | C21: 0 | D21: 0 | E21: 0 | F21: 0 | G21: 0 | H21: 0 | I21: 0 | J21: 1.8277365 | K21: 1.9267307 | L21: 2.0863239 | M21: 7.2975591 | N21: 21.973527 | O21: 20.083475 | P21: 22.748818 | Q21: 23.381905 | R21: 25.534461 | S21: 31.460172 | T21: 38.804582 | U21: 34.504841 | V21: 35.715486 | W21: 38.048382 | X21: 42.69369 | Y21: 41.810082 | Z21: 43.380773 | AA21: 44.513686 | AB21: 48.142458 | AC21: 47.958628 | AD21: 48.62243 | AE21: 49.44334 | AF21: 51.595114 | AG21: 43.434123 | AH21: 25.762773
B22: Non net zero spending | C22: 830.44 | D22: 1097.8293 | E22: 1008.1873 | F22: 946.52593 | G22: 980.03982 | H22: 1014.087 | I22: 1053.1794 | J22: 1091.1712 | K22: 1130.9594 | L22: 1171.9005 | M22: 1214.7289 | N22: 1255.5777 | O22: 1279.5419 | P22: 1297.5768 | Q22: 1334.155 | R22: 1382.7786 | S22: 1438.3637 | T22: 1497.9736 | U22: 1556.2131 | V22: 1614.866 | W22: 1673.5204 | X22: 1732.1084 | Y22: 1797.6957 | Z22: 1865.9214 | AA22: 1936.3607 | AB22: 2009.3691 | AC22: 2085.1662 | AD22: 2163.6416 | AE22: 2244.5294 | AF22: 2327.995 | AG22: 2414.595 | AH22: 2504.4879
B23: Primary deficit | C23: 29.597 | D23: 335.03995 | E23: 214.33648 | F23: 88.138489 | G23: 64.618695 | H23: 52.243731 | I23: 50.776217 | J23: 50.729887 | K23: 49.660235 | L23: 49.001295 | M23: 52.693337 | N23: 68.811973 | O23: 64.530442 | P23: 77.397003 | Q23: 75.657926 | R23: 67.632697 | S23: 60.817627 | T23: 62.639884 | U23: 55.980543 | V23: 55.291818 | W23: 56.868396 | X23: 63.024992 | Y23: 67.651491 | Z23: 73.98721 | AA23: 80.093983 | AB23: 88.516942 | AC23: 93.530237 | AD23: 97.214546 | AE23: 101.08122 | AF23: 106.3115 | AG23: 101.63581 | AH23: 87.761192
B24: Net interest spending | C24: 27.48 | D24: 19.58995 | E24: 19.929521 | F24: 19.376107 | G24: 21.572828 | H24: 23.743092 | I24: 25.048401 | J24: 30.367688 | K24: 36.469069 | L24: 42.994964 | M24: 49.980091 | N24: 57.546436 | O24: 66.005821 | P24: 75.063183 | Q24: 85.157013 | R24: 96.056623 | S24: 107.67137 | T24: 120.27804 | U24: 133.87527 | V24: 148.43756 | W24: 164.21854 | X24: 181.43197 | Y24: 192.83876 | Z24: 204.78064 | AA24: 217.35381 | AB24: 230.59754 | AC24: 244.63593 | AD24: 259.3759 | AE24: 274.77761 | AF24: 290.92289 | AG24: 307.90044 | AH24: 325.39666
B25: Public sector net borrowing | C25: 57.077 | D25: 354.6299 | E25: 234.266 | F25: 107.5146 | G25: 86.191523 | H25: 75.986823 | I25: 75.824618 | J25: 81.097576 | K25: 86.129304 | L25: 91.99626 | M25: 102.67343 | N25: 126.35841 | O25: 130.53626 | P25: 152.46019 | Q25: 160.81494 | R25: 163.68932 | S25: 168.489 | T25: 182.91792 | U25: 189.85582 | V25: 203.72938 | W25: 221.08694 | X25: 244.45696 | Y25: 260.49025 | Z25: 278.76784 | AA25: 297.4478 | AB25: 319.11448 | AC25: 338.16617 | AD25: 356.59045 | AE25: 375.85883 | AF25: 397.23438 | AG25: 409.53625 | AH25: 413.15785
B26: Public sector net debt | C26: 1798.2 | D26: 2197.9306 | E26: 2503.2244 | F26: 2631.562 | G26: 2748.9529 | H26: 2764.4407 | I26: 2809.7295 | J26: 2908.7707 | K26: 3013.5772 | L26: 3125.0058 | M26: 3247.9156 | N26: 3395.2371 | O26: 3546.893 | P26: 3720.4175 | Q26: 3902.8337 | R26: 4089.0487 | S26: 4281.2135 | T26: 4489.0425 | U26: 4704.9619 | V26: 4935.906 | W26: 5185.3427 | X26: 5459.2677 | Y26: 5750.3443 | Z26: 6060.8692 | AA26: 6391.2813 | AB26: 6744.617 | AC26: 7118.3111 | AD26: 7511.7848 | AE26: 7925.924 | AF26: 8362.8818 | AG26: 8813.6358 | AH26: 9269.5574
B27: £ billion, 2019 prices | C27: 2019-20 | D27: 2020-21 | E27: 2021-22 | F27: 2022-23 | G27: 2023-24 | H27: 2024-25 | I27: 2025-26 | J27: 2026-27 | K27: 2027-28 | L27: 2028-29 | M27: 2029-30 | N27: 2030-31 | O27: 2031-32 | P27: 2032-33 | Q27: 2033-34 | R27: 2034-35 | S27: 2035-36 | T27: 2036-37 | U27: 2037-38 | V27: 2038-39 | W27: 2039-40 | X27: 2040-41 | Y27: 2041-42 | Z27: 2042-43 | AA27: 2043-44 | AB27: 2044-45 | AC27: 2045-46 | AD27: 2046-47 | AE27: 2047-48 | AF27: 2048-49 | AG27: 2049-50 | AH27: 2050-51
B28: Primary receipts | C28: 795.77684 | D28: 707.96672 | E28: 748.87651 | F28: 810.89224 | G28: 847.60368 | H28: 872.37616 | I28: 890.12358 | J28: 904.69007 | K28: 919.10132 | L28: 933.07304 | M28: 948.05018 | N28: 957.96599 | O28: 956.84624 | P28: 941.26599 | Q28: 948.9374 | R28: 970.15284 | S28: 996.67188 | T28: 1019.2997 | U28: 1037.3423 | V28: 1054.0275 | W28: 1068.7007 | X28: 1080.7079 | Y28: 1093.4867 | Z28: 1107.1856 | AA28: 1120.8982 | AB28: 1135.019 | AC28: 1149.2825 | AD28: 1165.0052 | AE28: 1180.7252 | AF28: 1196.489 | AG28: 1212.3505 | AH28: 1228.3934
B29: of which:
B30: Fuel duty | C30: 27.397579 | D30: 19.990019 | E30: 24.303008 | F30: 27.14736 | G30: 27.260704 | H30: 26.876045 | I30: 26.462113 | J30: 26.005645 | K30: 25.283938 | L30: 24.337378 | M30: 23.423637 | N30: 22.37777 | O30: 21.125358 | P30: 19.682904 | Q30: 18.071677 | R30: 16.30942 | S30: 14.471175 | T30: 12.799399 | U30: 11.259985 | V30: 9.851744 | W30: 8.5592222 | X30: 7.3760953 | Y30: 6.3204283 | Z30: 5.3714129 | AA30: 4.5356443 | AB30: 3.8098708 | AC30: 3.14646 | AD30: 2.5395396 | AE30: 1.9991417 | AF30: 1.5141617 | AG30: 1.0699845 | AH30: 0.70102757
B31: VED | C31: 6.7281664 | D31: 6.4393576 | E31: 6.5611505 | F31: 6.6008788 | G31: 6.5501834 | H31: 6.4836002 | I31: 6.4298506 | J31: 6.416353 | K31: 6.3148814 | L31: 6.1196025 | M31: 5.8196019 | N31: 5.3899943 | O31: 4.8961246 | P31: 4.4169481 | Q31: 3.9480837 | R31: 3.4986998 | S31: 2.9289414 | T31: 2.5219001 | U31: 2.1490393 | V31: 1.8092183 | W31: 1.5045812 | X31: 1.2364718 | Y31: 1.0054577 | Z31: 0.81001927 | AA31: 0.64768045 | AB31: 0.51529135 | AC31: 0.4092819 | AD31: 0.32019222 | AE31: 0.24782856 | AF31: 0.18882083 | AG31: 0.14022971 | AH31: 0.09960816
B32: APD | C32: 3.6318783 | D32: 0.56129646 | E32: 1.2718345 | F32: 1.9101928 | G32: 2.8661874 | H32: 3.5310238 | I32: 3.526811 | J32: 3.5867532 | K32: 3.647187 | L32: 3.7081251 | M32: 3.768977 | N32: 3.6077512 | O32: 3.6006358 | P32: 3.5573113 | Q32: 3.5114529 | R32: 3.5037781 | S32: 3.4956241 | T32: 3.5148096 | U32: 3.545316 | V32: 3.5545294 | W32: 3.6090375 | X32: 3.5797658 | Y32: 3.6037519 | Z32: 3.5640843 | AA32: 3.5922656 | AB32: 3.5538909 | AC32: 3.5584401 | AD32: 3.5460964 | AE32: 3.5500289 | AF32: 3.5519339 | AG32: 3.5283558 | AH32: 3.5477118
B33: Landfill | C33: 0.72736934 | D33: 0.66711097 | E33: 0.69022176 | F33: 0.65715901 | G33: 0.55627191 | H33: 0.52485849 | I33: 0.51893532 | J33: 0.52071041 | K33: 0.52231206 | L33: 0.52373871 | M33: 0.52490473 | N33: 0.52577127 | O33: 0.52632327 | P33: 0.52657904 | Q33: 0.52664484 | R33: 0.52645945 | S33: 0.52596918 | T33: 0.52599886 | U33: 0.52585984 | V33: 0.52552005 | W33: 0.52489477 | X33: 0.52396538 | Y33: 0.52276785 | Z33: 0.52127251 | AA33: 0.51946278 | AB33: 0.51735368 | AC33: 0.51496701 | AD33: 0.51230187 | AE33: 0.50930911 | AF33: 0.50602356 | AG33: 0.50247944 | AH33: 0.49872488
B34: Plastics | C34: 0 | D34: 0 | E34: 0 | F34: 0.27744083 | G34: 0.21700293 | H34: 0.19345381 | I34: 0.17652226 | J34: 0.17712608 | K34: 0.1776709 | L34: 0.1781562 | M34: 0.17855283 | N34: 0.1788476 | O34: 0.17903537 | P34: 0.17912237 | Q34: 0.17914475 | R34: 0.17908169 | S34: 0.17891492 | T34: 0.17892502 | U34: 0.17887773 | V34: 0.17876214 | W34: 0.17854945 | X34: 0.1782333 | Y34: 0.17782595 | Z34: 0.17731729 | AA34: 0.17670169 | AB34: 0.17598425 | AC34: 0.17517239 | AD34: 0.17426581 | AE34: 0.17324779 | AF34: 0.17213017 | AG34: 0.17092459 | AH34: 0.16964743
B35: Carbon tax | C35: 1.5712679 | D35: 1.5977464 | E35: 1.6370998 | F35: 1.5974776 | G35: 1.5700829 | H35: 1.5396701 | I35: 1.4483739 | J35: 1.4738198 | K35: 1.4994957 | L35: 1.525407 | M35: 1.5513109 | N35: 1.5770906 | O35: 16.247465 | P35: 25.427496 | Q35: 33.062874 | R35: 39.286339 | S35: 43.348144 | T35: 41.462817 | U35: 39.59474 | V35: 37.739491 | W35: 35.666802 | X35: 32.774776 | Y35: 31.69562 | Z35: 30.898818 | AA35: 29.940839 | AB35: 28.964601 | AC35: 27.708364 | AD35: 27.649371 | AE35: 27.540928 | AF35: 27.379357 | AG35: 27.140581 | AH35: 26.846765
B36: Road tax | C36: 0 | D36: 0 | E36: 0 | F36: 0 | G36: 0 | H36: 0 | I36: 0 | J36: 0 | K36: 0 | L36: 0 | M36: 0 | N36: 0 | O36: 0 | P36: 0 | Q36: 0 | R36: 0 | S36: 0 | T36: 0 | U36: 0 | V36: 0 | W36: 0 | X36: 0 | Y36: 0 | Z36: 0 | AA36: 0 | AB36: 0 | AC36: 0 | AD36: 0 | AE36: 0 | AF36: 0 | AG36: 0 | AH36: 0
B37: Non net zero related receipts | C37: 755.72058 | D37: 678.71119 | E37: 714.4132 | F37: 772.70173 | G37: 808.58325 | H37: 833.22751 | I37: 851.56098 | J37: 866.50966 | K37: 881.65583 | L37: 896.68063 | M37: 912.7832 | N37: 924.30877 | O37: 910.27129 | P37: 887.47563 | Q37: 889.63752 | R37: 906.84906 | S37: 931.72311 | T37: 958.29583 | U37: 980.08847 | V37: 1000.3682 | W37: 1018.6577 | X37: 1035.0386 | Y37: 1050.1608 | Z37: 1065.8427 | AA37: 1081.4856 | AB37: 1097.482 | AC37: 1113.7698 | AD37: 1130.2634 | AE37: 1146.7047 | AF37: 1163.1766 | AG37: 1179.7979 | AH37: 1196.5299
B38: Primary spending | C38: 825.18661 | D38: 1018.9269 | E38: 951.07012 | F38: 894.15396 | G38: 907.43521 | H38: 919.76038 | I38: 935.21234 | J38: 948.72364 | K38: 961.2373 | L38: 973.71515 | M38: 990.77191 | N38: 1012.5018 | O38: 1006.8389 | P38: 999.8785 | Q38: 1004.9447 | R38: 1019.0937 | S38: 1039.6917 | T38: 1062.6123 | U38: 1075.18 | V38: 1090.5595 | W38: 1105.4296 | X38: 1120.4979 | Y38: 1135.2373 | Z38: 1151.8197 | AA38: 1168.1299 | AB38: 1186.0442 | AC38: 1201.9855 | AD38: 1218.5526 | AE38: 1235.1507 | AF38: 1252.4437 | AG38: 1264.6415 | AH38: 1272.5309
B39: of which:
B40: Net zero spending | C40: 0 | D40: 0 | E40: 0 | F40: 0 | G40: 0 | H40: 0 | I40: 0 | J40: 1.5864762 | K40: 1.6348028 | L40: 1.7304157 | M40: 5.9165796 | N40: 17.414749 | O40: 15.558964 | P40: 17.22761 | Q40: 17.308939 | R40: 18.477432 | S40: 22.253605 | T40: 26.831606 | U40: 23.322121 | V40: 23.597661 | W40: 24.573836 | X40: 26.954098 | Y40: 25.80278 | Z40: 26.170206 | AA40: 26.249907 | AB40: 27.751524 | AC40: 27.024004 | AD40: 26.78206 | AE40: 26.621927 | AF40: 27.155926 | AG40: 22.346601 | AH40: 12.956789
B41: Non net zero spending | C41: 825.18661 | D41: 1018.9269 | E41: 951.07012 | F41: 894.15396 | G41: 907.43521 | H41: 919.76038 | I41: 935.21234 | J41: 947.13716 | K41: 959.6025 | L41: 971.98473 | M41: 984.85533 | N41: 995.08701 | O41: 991.27996 | P41: 982.65089 | Q41: 987.6358 | R41: 1000.6163 | S41: 1017.4381 | T41: 1035.7807 | U41: 1051.8579 | V41: 1066.9618 | W41: 1080.8558 | X41: 1093.5438 | Y41: 1109.4345 | Z41: 1125.6495 | AA41: 1141.88 | AB41: 1158.2927 | AC41: 1174.9615 | AD41: 1191.7705 | AE41: 1208.5287 | AF41: 1225.2878 | AG41: 1242.2949 | AH41: 1259.5741
B42: Primary deficit | C42: 29.409768 | D42: 310.96023 | E42: 202.1936 | F42: 83.261722 | G42: 59.831527 | H42: 47.384211 | I42: 45.088753 | J42: 44.033569 | K42: 42.135983 | L42: 40.642113 | M42: 42.721726 | N42: 54.535772 | O42: 49.992685 | P42: 58.612511 | Q42: 56.007345 | R42: 48.940864 | S42: 43.019837 | T42: 43.312634 | U42: 37.837735 | V42: 36.531983 | W42: 36.728884 | X42: 39.789998 | Y42: 41.750613 | Z42: 44.634071 | AA42: 47.231758 | AB42: 51.025232 | AC42: 52.702957 | AD42: 53.547422 | AE42: 54.425464 | AF42: 55.954662 | AG42: 52.291025 | AH42: 44.137456
B43: Net interest spending | C43: 27.306161 | D43: 18.181997 | E43: 18.800448 | F43: 18.304013 | G43: 19.974641 | H43: 21.534597 | I43: 22.242719 | J43: 26.35917 | K43: 30.943471 | L43: 35.660409 | M43: 40.521931 | N43: 45.60746 | O43: 51.135683 | P43: 56.845117 | Q43: 63.03924 | R43: 69.509191 | S43: 76.162208 | T43: 83.166798 | U43: 90.487457 | V43: 98.074523 | W43: 106.06179 | X43: 114.54468 | Y43: 119.009 | Z43: 123.53748 | AA43: 128.17446 | AB43: 132.92702 | AC43: 137.84887 | AD43: 142.86865 | AE43: 147.94934 | AF43: 153.12071 | AG43: 158.41297 | AH43: 163.6507
B44: Public sector net borrowing | C44: 56.715929 | D44: 329.14222 | E44: 220.99405 | F44: 101.56573 | G44: 79.806168 | H44: 68.918808 | I44: 67.331472 | J44: 70.392738 | K44: 73.079454 | L44: 76.302522 | M44: 83.243657 | N44: 100.14323 | O44: 101.12837 | P44: 115.45763 | Q44: 119.04659 | R44: 118.45005 | S44: 119.18205 | T44: 126.47943 | U44: 128.32519 | V44: 134.60651 | W44: 142.79067 | X44: 154.33468 | Y44: 160.75961 | Z44: 168.17155 | AA44: 175.40621 | AB44: 183.95225 | AC44: 190.55182 | AD44: 196.41607 | AE44: 202.3748 | AF44: 209.07537 | AG44: 210.70399 | AH44: 207.78816
B45: Public sector net debt | C45: 1786.8245 | D45: 2039.9627 | E45: 2361.4084 | F45: 2485.9558 | G45: 2545.3013 | H45: 2507.3026 | I45: 2495.0105 | J45: 2524.8145 | K45: 2556.9761 | L45: 2591.9078 | M45: 2633.2847 | N45: 2690.8381 | O45: 2747.8303 | P45: 2817.4607 | Q45: 2889.1534 | R45: 2958.9471 | S45: 3028.3507 | T45: 3103.9689 | U45: 3180.1245 | V45: 3261.2138 | W45: 3348.9928 | X45: 3446.6367 | Y45: 3548.7821 | Z45: 3656.3248 | AA45: 3768.9654 | AB45: 3887.9071 | AC45: 4011.067 | AD45: 4137.6186 | AE45: 4267.5792 | AF45: 4401.6145 | AG45: 4534.5638 | AH45: 4661.9089
B46: Per cent of GDP | C46: 2019-20 | D46: 2020-21 | E46: 2021-22 | F46: 2022-23 | G46: 2023-24 | H46: 2024-25 | I46: 2025-26 | J46: 2026-27 | K46: 2027-28 | L46: 2028-29 | M46: 2029-30 | N46: 2030-31 | O46: 2031-32 | P46: 2032-33 | Q46: 2033-34 | R46: 2034-35 | S46: 2035-36 | T46: 2036-37 | U46: 2037-38 | V46: 2038-39 | W46: 2039-40 | X46: 2040-41 | Y46: 2041-42 | Z46: 2042-43 | AA46: 2043-44 | AB46: 2044-45 | AC46: 2045-46 | AD46: 2046-47 | AE46: 2047-48 | AF46: 2048-49 | AG46: 2049-50 | AH46: 2050-51
B47: Primary receipts | C47: 36.007881 | D47: 36.381047 | E47: 35.056996 | F47: 36.143912 | G47: 37.224206 | H47: 37.693785 | I47: 37.799929 | J47: 37.755727 | K47: 37.69821 | L47: 37.630005 | M47: 37.559527 | N47: 37.479125 | O47: 38.012614 | P47: 38.35415 | Q47: 38.572776 | R47: 38.68669 | S47: 38.683144 | T47: 38.464378 | U47: 38.274826 | V47: 38.102062 | W47: 37.938861 | X47: 37.757933 | Y47: 37.654259 | Z47: 37.565031 | AA47: 37.480196 | AB47: 37.399186 | AC47: 37.315372 | AD47: 37.273881 | AE47: 37.235197 | AF47: 37.197991 | AG47: 37.16011 | AH47: 37.125331
B48: of which:
B49: Fuel duty | C49: 1.2397053 | D49: 1.0272486 | E49: 1.1376915 | F49: 1.2100397 | G49: 1.1972082 | H49: 1.1612649 | I49: 1.1237383 | J49: 1.0853021 | K49: 1.0370557 | L49: 0.98150479 | M49: 0.92798961 | N49: 0.87550001 | O49: 0.83924674 | P49: 0.80202731 | Q49: 0.73458457 | R49: 0.65036915 | S49: 0.56165983 | T49: 0.48299919 | U49: 0.41545974 | V49: 0.3561309 | W49: 0.30385226 | X49: 0.2577071 | Y49: 0.21764421 | Z49: 0.18224341 | AA49: 0.15166127 | AB49: 0.12553629 | AC49: 0.10216054 | AD49: 0.081251568 | AE49: 0.063044674 | AF49: 0.047074208 | AG49: 0.032796409 | AH49: 0.021186926
B50: VED | C50: 0.3044409 | D50: 0.33090619 | E50: 0.30714574 | F50: 0.29422107 | G50: 0.28766437 | H50: 0.28014455 | I50: 0.27304961 | J50: 0.26777576 | K50: 0.25901358 | L50: 0.24679812 | M50: 0.23055899 | N50: 0.21087625 | O50: 0.19450825 | P50: 0.17997919 | Q50: 0.16048324 | R50: 0.13951731 | S50: 0.113679 | T50: 0.095166632 | U50: 0.07929312 | V50: 0.06540147 | W50: 0.053412609 | X50: 0.043200033 | Y50: 0.034622978 | Z50: 0.027482653 | AA50: 0.02165691 | AB50: 0.016978991 | AC50: 0.013288731 | AD50: 0.010244424 | AE50: 0.0078154894 | AF50: 0.0058703052 | AG50: 0.0042982219 | AH50: 0.0030104247
B51: APD | C51: 0.16433784 | D51: 0.028843945 | E51: 0.059538115 | F51: 0.085143054 | G51: 0.12587434 | H51: 0.15256911 | I51: 0.14976932 | J51: 0.14968715 | K51: 0.14959441 | L51: 0.14954539 | M51: 0.14931804 | N51: 0.14114839 | O51: 0.14304239 | P51: 0.14495122 | Q51: 0.1427349 | R51: 0.13971982 | S51: 0.13567327 | T51: 0.13263515 | U51: 0.13081155 | V51: 0.12849276 | W51: 0.12812078 | X51: 0.12507038 | Y51: 0.12409535 | Z51: 0.12092365 | AA51: 0.1201169 | AB51: 0.11710168 | AC51: 0.11553688 | AD51: 0.11345596 | AE51: 0.11195325 | AF51: 0.1104271 | AG51: 0.10814867 | AH51: 0.10722133
B52: Landfill | C52: 0.03291253 | D52: 0.034281549 | E52: 0.032311203 | F52: 0.029291559 | G52: 0.02442979 | H52: 0.022678179 | I52: 0.022037073 | J52: 0.021730978 | K52: 0.021423351 | L52: 0.021121916 | M52: 0.020795496 | N52: 0.020570091 | O52: 0.020909235 | P52: 0.021456731 | Q52: 0.021407264 | R52: 0.020993572 | S52: 0.020414082 | T52: 0.019849137 | U52: 0.019402655 | V52: 0.018997036 | W52: 0.018633757 | X52: 0.01830638 | Y52: 0.018001533 | Z52: 0.017685939 | AA52: 0.017369613 | AB52: 0.017046945 | AC52: 0.016720158 | AD52: 0.016390896 | AE52: 0.016061506 | AF52: 0.015731912 | AG52: 0.015401644 | AH52: 0.015072798
B53: Plastics | C53: 0 | D53: 0 | E53: 0 | F53: 0.012366374 | G53: 0.0095301165 | H53: 0.0083587867 | I53: 0.0074961827 | J53: 0.0073920609 | K53: 0.0072874176 | L53: 0.0071848809 | M53: 0.007073845 | N53: 0.0069971706 | O53: 0.0071125349 | P53: 0.0072987724 | Q53: 0.0072819456 | R53: 0.0071412232 | S53: 0.0069441025 | T53: 0.0067519294 | U53: 0.0066000528 | V53: 0.0064620765 | W53: 0.0063385027 | X53: 0.0062271414 | Y53: 0.006123444 | Z53: 0.0060160909 | AA53: 0.0059084885 | AB53: 0.0057987292 | AC53: 0.0056875686 | AD53: 0.0055755659 | AE53: 0.0054635199 | AF53: 0.0053514044 | AG53: 0.0052390598 | AH53: 0.0051271987
B54: Carbon tax | C54: 0.071097857 | D54: 0.082105115 | E54: 0.076637202 | F54: 0.071204391 | G54: 0.068953323 | H54: 0.066526339 | I54: 0.061506548 | J54: 0.061507406 | K54: 0.061503888 | L54: 0.061518305 | M54: 0.061459303 | N54: 0.061701541 | O54: 0.64546277 | P54: 1.0361046 | Q54: 1.3439525 | R54: 1.5666175 | S54: 1.6824419 | T54: 1.5646443 | U54: 1.4609274 | V54: 1.3642456 | W54: 1.2661709 | X54: 1.1450899 | Y54: 1.09144 | Z54: 1.0483473 | AA54: 1.0011512 | AB54: 0.95439153 | AC54: 0.89964643 | AD54: 0.88463072 | AE54: 0.86852715 | AF54: 0.85120471 | AG54: 0.8318939 | AH54: 0.81138096
B55: Road tax | C55: 0 | D55: 0 | E55: 0 | F55: 0 | G55: 0 | H55: 0 | I55: 0 | J55: 0 | K55: 0 | L55: 0 | M55: 0 | N55: 0 | O55: 0 | P55: 0 | Q55: 0 | R55: 0 | S55: 0 | T55: 0 | U55: 0 | V55: 0 | W55: 0 | X55: 0 | Y55: 0 | Z55: 0 | AA55: 0 | AB55: 0 | AC55: 0 | AD55: 0 | AE55: 0 | AF55: 0 | AG55: 0 | AH55: 0
B56: Non net zero related receipts | C56: 34.195387 | D56: 34.877662 | E56: 33.443672 | F56: 34.441646 | G56: 35.510546 | H56: 36.002243 | I56: 36.162332 | J56: 36.162332 | K56: 36.162332 | L56: 36.162332 | M56: 36.162332 | N56: 36.162332 | O56: 36.162332 | P56: 36.162332 | Q56: 36.162332 | R56: 36.162332 | S56: 36.162332 | T56: 36.162332 | U56: 36.162332 | V56: 36.162332 | W56: 36.162332 | X56: 36.162332 | Y56: 36.162332 | Z56: 36.162332 | AA56: 36.162332 | AB56: 36.162332 | AC56: 36.162332 | AD56: 36.162332 | AE56: 36.162332 | AF56: 36.162332 | AG56: 36.162332 | AH56: 36.162332
B57: Primary spending | C57: 37.338635 | D57: 52.360695 | E57: 44.522242 | F57: 39.855138 | G57: 39.851827 | H57: 39.74117 | I57: 39.714665 | J57: 39.593395 | K57: 39.426476 | L57: 39.269065 | M57: 39.252062 | N57: 39.612764 | O57: 39.998672 | P57: 40.742458 | Q57: 40.849385 | R57: 40.6383 | S57: 40.352843 | T57: 40.098827 | U57: 39.670926 | V57: 39.422657 | W57: 39.242736 | X57: 39.148122 | Y57: 39.091943 | Z57: 39.079393 | AA57: 39.059515 | AB57: 39.080481 | AC57: 39.026553 | AD57: 38.98711 | AE57: 38.951552 | AF57: 38.937582 | AG57: 38.762897 | AH57: 38.459283
B58: of which:
B59: Net zero spending | C59: 0 | D59: 0 | E59: 0 | F59: 0 | G59: 0 | H59: 0 | I59: 0 | J59: 0.066208933 | K59: 0.067053694 | L59: 0.069786125 | M59: 0.23440102 | N59: 0.68132854 | O59: 0.6181107 | P59: 0.70198045 | Q59: 0.70358048 | R59: 0.73682275 | S59: 0.86371397 | T59: 1.0125197 | U59: 0.86051648 | V59: 0.85303233 | W59: 0.8723708 | X59: 0.94172625 | Y59: 0.88851982 | Z59: 0.88791304 | AA59: 0.8777351 | AB59: 0.91442033 | AC59: 0.87742637 | AD59: 0.85688144 | AE59: 0.83954565 | AF59: 0.84425841 | AG59: 0.68495221 | AH59: 0.39158878
B60: Non net zero spending | C60: 37.338635 | D60: 52.360695 | E60: 44.522242 | F60: 39.855138 | G60: 39.851827 | H60: 39.74117 | I60: 39.714665 | J60: 39.527186 | K60: 39.359422 | L60: 39.199279 | M60: 39.017661 | N60: 38.931435 | O60: 39.380562 | P60: 40.040477 | Q60: 40.145804 | R60: 39.901478 | S60: 39.48913 | T60: 39.086308 | U60: 38.810409 | V60: 38.569625 | W60: 38.370365 | X60: 38.206395 | Y60: 38.203424 | Z60: 38.19148 | AA60: 38.18178 | AB60: 38.166061 | AC60: 38.149127 | AD60: 38.130228 | AE60: 38.112006 | AF60: 38.093324 | AG60: 38.077945 | AH60: 38.067695
B61: Primary deficit | C61: 1.3307543 | D61: 15.979648 | E61: 9.465246 | F61: 3.711226 | G61: 2.6276208 | H61: 2.0473854 | I61: 1.914736 | J61: 1.8376674 | K61: 1.7282655 | L61: 1.6390603 | M61: 1.6925347 | N61: 2.1336384 | O61: 1.9860585 | P61: 2.3883079 | Q61: 2.2766083 | R61: 1.9516101 | S61: 1.6696995 | T61: 1.6344492 | U61: 1.3960992 | V61: 1.3205954 | W61: 1.3038748 | X61: 1.3901888 | Y61: 1.4376841 | Z61: 1.5143623 | AA61: 1.5793188 | AB61: 1.6812954 | AC61: 1.7111811 | AD61: 1.7132286 | AE61: 1.7163544 | AF61: 1.7395906 | AG61: 1.6027875 | AH61: 1.3339518
B62: Net interest spending | C62: 1.2355687 | D62: 0.93433782 | E62: 0.88010133 | F62: 0.81586504 | G62: 0.8772262 | H62: 0.9304707 | I62: 0.94455784 | J62: 1.1000559 | K62: 1.2691892 | L62: 1.4381525 | M62: 1.605384 | N62: 1.7843303 | O62: 2.0314664 | P62: 2.3162912 | Q62: 2.5624436 | R62: 2.7718112 | S62: 2.9560317 | T62: 3.1383892 | U62: 3.3387164 | V62: 3.545298 | W62: 3.7651919 | X62: 4.001979 | Y62: 4.0980799 | Z62: 4.1914283 | AA62: 4.285852 | AB62: 4.3799816 | AC62: 4.4757331 | AD62: 4.5710261 | AE62: 4.6657112 | AF62: 4.7604138 | AG62: 4.8555622 | AH62: 4.9459614
B63: Public sector net borrowing | C63: 2.566323 | D63: 16.913985 | E63: 10.345347 | F63: 4.527091 | G63: 3.504847 | H63: 2.9778561 | I63: 2.8592938 | J63: 2.9377232 | K63: 2.9974547 | L63: 3.0772128 | M63: 3.2979187 | N63: 3.9179687 | O63: 4.0175249 | P63: 4.7045991 | Q63: 4.8390519 | R63: 4.7234213 | S63: 4.6257312 | T63: 4.7728384 | U63: 4.7348156 | V63: 4.8658934 | W63: 5.0690668 | X63: 5.3921678 | Y63: 5.535764 | Z63: 5.7057906 | AA63: 5.8651708 | AB63: 6.0612769 | AC63: 6.1869142 | AD63: 6.2842547 | AE63: 6.3820656 | AF63: 6.5000044 | AG63: 6.4583497 | AH63: 6.2799132
B64: Public sector net debt | C64: 84.385651 | D64: 100.18536 | E64: 107.37244 | F64: 109.03573 | G64: 109.75522 | H64: 106.30494 | I64: 103.96659 | J64: 103.3935 | K64: 102.9117 | L64: 102.56967 | M64: 102.36874 | N64: 103.30175 | O64: 107.11647 | P64: 112.65192 | Q64: 115.23773 | R64: 115.78155 | S64: 115.33377 | T64: 114.9357 | U64: 115.13729 | V64: 115.67954 | W64: 116.66031 | X64: 118.16154 | Y64: 119.91146 | Z64: 121.72753 | AA64: 123.66266 | AB64: 125.7059 | AC64: 127.7914 | AD64: 129.89964 | AE64: 132.05874 | AF64: 134.27759 | AG64: 136.38451 | AH64: 138.2539

Sheet 1.4
A1: Back to contents
B2: Table 1.4: High productivity variant
B4: £ billion, unless otherwise stated | C4: 2019-20 | D4: 2020-21 | E4: 2021-22 | F4: 2022-23 | G4: 2023-24 | H4: 2024-25 | I4: 2025-26 | J4: 2026-27 | K4: 2027-28 | L4: 2028-29 | M4: 2029-30 | N4: 2030-31 | O4: 2031-32 | P4: 2032-33 | Q4: 2033-34 | R4: 2034-35 | S4: 2035-36 | T4: 2036-37 | U4: 2037-38 | V4: 2038-39 | W4: 2039-40 | X4: 2040-41 | Y4: 2041-42 | Z4: 2042-43 | AA4: 2043-44 | AB4: 2044-45 | AC4: 2045-46 | AD4: 2046-47 | AE4: 2047-48 | AF4: 2048-49 | AG4: 2049-50 | AH4: 2050-51
B5: Nominal GDP | C5: 2220.063 | D5: 2101.287 | E5: 2265.4919 | F5: 2371.503 | G5: 2451.2394 | H5: 2542.4765 | I5: 2641.7597 | J5: 2747.3049 | K5: 2857.7682 | L5: 2974.7891 | M5: 3095.8822 | N5: 3219.5426 | O5: 3345.5638 | P5: 3475.6501 | Q5: 3609.6455 | R5: 3749.229 | S5: 3895.1897 | T5: 4054.1663 | U5: 4221.6582 | V5: 4397.7027 | W5: 4582.7219 | X5: 4773.072 | Y5: 4962.8734 | Z5: 5160.299 | AA5: 5361.6319 | AB5: 5569.9217 | AC5: 5787.7539 | AD5: 6016.0956 | AE5: 6251.9605 | AF5: 6494.4413 | AG5: 6745.1356 | AH5: 7004.7982
B6: Nominal GDP (Percentage change on a year earlier) | C6: 2.6511924 | D6: -5.3501174 | E6: 7.8144893 | F6: 4.6793879 | G6: 3.3622706 | H6: 3.7220794 | I6: 3.9049807 | J6: 3.9952615 | K6: 4.0207889 | L6: 4.0948351 | M6: 4.0706442 | N6: 3.994353 | O6: 3.9142555 | P6: 3.8883235 | Q6: 3.8552614 | R6: 3.8669599 | S6: 3.8930842 | T6: 4.0813568 | U6: 4.1313524 | V6: 4.170033 | W6: 4.2071775 | X6: 4.1536483 | Y6: 3.9765032 | Z6: 3.9780504 | AA6: 3.901574 | AB6: 3.8848211 | AC6: 3.9108664 | AD6: 3.9452563 | AE6: 3.9205645 | AF6: 3.8784761 | AG6: 3.8601374 | AH6: 3.8496276
B7: Real GDP | C7: 2206.0188 | D7: 1950.265 | E7: 2137.1442 | F7: 2240.286 | G7: 2269.6434 | H7: 2305.9846 | I7: 2345.8551 | J7: 2384.6621 | K7: 2424.7745 | L7: 2467.3167 | M7: 2510.0219 | N7: 2551.5944 | O7: 2591.8576 | P7: 2632.0991 | Q7: 2672.1148 | R7: 2713.0443 | S7: 2755.2937 | T7: 2803.2718 | U7: 2853.4554 | V7: 2905.6162 | W7: 2959.7856 | X7: 3013.4161 | Y7: 3062.8003 | Z7: 3113.0401 | AA7: 3161.7768 | AB7: 3210.7587 | AC7: 3261.3169 | AD7: 3313.7676 | AE7: 3366.2619 | AF7: 3418.2029 | AG7: 3470.3326 | AH7: 3522.9008
B8: Real GDP (Percentage change on a year earlier) | C8: 0.44000534 | D8: -11.593456 | E8: 9.5822476 | F8: 4.826152 | G8: 1.3104294 | H8: 1.6011873 | I8: 1.7289988 | J8: 1.6542793 | K8: 1.6821005 | L8: 1.754482 | M8: 1.7308349 | N8: 1.656259 | O8: 1.5779624 | P8: 1.5526134 | Q8: 1.5202946 | R8: 1.5317301 | S8: 1.5572671 | T8: 1.7413067 | U8: 1.7901783 | V8: 1.8279892 | W8: 1.8642986 | X8: 1.8119729 | Y8: 1.6388105 | Z8: 1.640323 | AA8: 1.565566 | AB8: 1.5491897 | AC8: 1.5746495 | AD8: 1.6082662 | AE8: 1.5841295 | AF8: 1.5429874 | AG8: 1.5250609 | AH8: 1.5147874
B9: Primary receipts | C9: 800.843 | D9: 762.78931 | E9: 794.06083 | F9: 857.2016 | G9: 912.35976 | H9: 958.00901 | I9: 998.07247 | J9: 1085.3412 | K9: 1125.087 | L9: 1166.4896 | M9: 1208.7976 | N9: 1250.3583 | O9: 1293.2648 | P9: 1336.797 | Q9: 1381.9393 | R9: 1429.1994 | S9: 1477.9626 | T9: 1532.1782 | U9: 1589.9264 | V9: 1651.3053 | W9: 1716.0781 | X9: 1782.1642 | Y9: 1848.1691 | Z9: 1917.4351 | AA9: 1988.4989 | AB9: 2062.0504 | AC9: 2139.4546 | AD9: 2220.9176 | AE9: 2305.2303 | AF9: 2392.5967 | AG9: 2483.4425 | AH9: 2577.8614
B10: of which:
B11: Fuel duty | C11: 27.572 | D11: 21.53798 | E11: 25.741264 | F11: 28.690303 | G11: 29.312457 | H11: 29.324392 | I11: 29.404397 | J11: 29.466943 | K11: 29.110656 | L11: 28.146641 | M11: 26.952919 | N11: 25.374489 | O11: 23.733404 | P11: 22.042485 | Q11: 20.281179 | R11: 18.419344 | S11: 16.488888 | T11: 14.690465 | U11: 13.00753 | V11: 11.456594 | W11: 10.024355 | X11: 8.7037562 | Y11: 7.5226628 | Z11: 6.4571278 | AA11: 5.5384108 | AB11: 4.7731046 | AC11: 4.0519843 | AD11: 3.3659406 | AE11: 2.7370113 | AF11: 2.1435173 | AG11: 1.5715927 | AH11: 1.1343948
B12: VED | C12: 6.771 | D12: 6.938 | E12: 6.9436784 | F12: 6.9580918 | G12: 7.0084572 | H12: 7.0182793 | I12: 6.9947822 | J12: 7.0574367 | K12: 7.0159421 | L12: 6.8628717 | M12: 6.5908985 | N12: 6.1756802 | O12: 5.678157 | P12: 5.1788748 | Q12: 4.6791879 | R12: 4.1908502 | S12: 3.5551394 | T12: 3.090992 | U12: 2.6574991 | V12: 2.2576002 | W12: 1.8964474 | X12: 1.5770299 | Y12: 1.3009469 | Z12: 1.0669301 | AA12: 0.87233746 | AB12: 0.71352469 | AC12: 0.5862047 | AD12: 0.4755437 | AE12: 0.38277606 | AF12: 0.30367455 | AG12: 0.23466392 | AH12: 0.17288305
B13: APD | C13: 3.655 | D13: 0.60476139 | E13: 1.3482154 | F13: 2.0220758 | G13: 3.0955134 | H13: 3.8931504 | I13: 3.9716806 | J13: 4.1322016 | K13: 4.2984678 | L13: 4.4708043 | M13: 4.6486879 | N13: 4.3909919 | O13: 4.3376288 | P13: 4.2059603 | Q13: 4.0580569 | R13: 4.133644 | S13: 4.238982 | T13: 4.423284 | U13: 4.5945604 | V13: 4.7633658 | W13: 5.011444 | X13: 5.121703 | Y13: 5.2963754 | Z13: 5.4286256 | AA13: 5.6608055 | AB13: 5.7881927 | AC13: 6.0081491 | AD13: 6.2091044 | AE13: 6.424824 | AF13: 6.6121949 | AG13: 6.820632 | AH13: 7.0541316
B14: Landfill | C14: 0.732 | D14: 0.71876983 | E14: 0.71684729 | F14: 0.66708104 | G14: 0.56327001 | H14: 0.52985147 | I14: 0.5218915 | J14: 0.5218188 | K14: 0.52077263 | L14: 0.51869941 | M14: 0.51544463 | N14: 0.51089887 | O14: 0.5049744 | P14: 0.49761318 | Q14: 0.48883508 | R14: 0.47849674 | S14: 0.46646226 | T14: 0.45335454 | U14: 0.43843887 | V14: 0.42157434 | W14: 0.40257736 | X14: 0.3813192 | Y14: 0.35770693 | Z14: 0.33159451 | AA14: 0.30284419 | AB14: 0.27133377 | AC14: 0.23693583 | AD14: 0.19950279 | AE14: 0.15886622 | AF14: 0.11488707 | AG14: 0.067409063 | AH14: 0.016256476
B15: Plastics | C15: 0 | D15: 0 | E15: 0 | F15: 0.28162974 | G15: 0.21973291 | H15: 0.19529414 | I15: 0.17752784 | J15: 0.17750312 | K15: 0.17714725 | L15: 0.17644202 | M15: 0.17533486 | N15: 0.17378857 | O15: 0.17177328 | P15: 0.16926928 | Q15: 0.1662833 | R15: 0.16276658 | S15: 0.1586729 | T15: 0.15421415 | U15: 0.1491404 | V15: 0.14340372 | W15: 0.13694167 | X15: 0.12971044 | Y15: 0.12167843 | Z15: 0.11279597 | AA15: 0.1030162 | AB15: 0.092297538 | AC15: 0.08059665 | AD15: 0.067863341 | AE15: 0.054040309 | AF15: 0.039080258 | AG15: 0.022930026 | AH15: 0.0055298414
B16: Carbon tax | C16: 1.5812711 | D16: 1.7214706 | E16: 1.7354169 | F16: 1.6910443 | G16: 1.6957065 | H16: 1.697572 | I16: 1.6310708 | J16: 50.444614 | K16: 50.475107 | L16: 50.505586 | M16: 50.313454 | N16: 49.410795 | O16: 48.942635 | P16: 47.761903 | Q16: 46.866539 | R16: 45.935775 | S16: 44.390426 | T16: 43.209261 | U16: 42.350515 | V16: 41.869 | W16: 41.301824 | X16: 40.107597 | Y16: 38.786544 | Z16: 37.857464 | AA16: 37.030467 | AB16: 36.094661 | AC16: 35.396184 | AD16: 34.927097 | AE16: 34.50162 | AF16: 34.720899 | AG16: 35.401301 | AH16: 36.249327
B17: Road tax | C17: 0 | D17: 0 | E17: 0 | F17: 0 | G17: 0 | H17: 0 | I17: 0 | J17: 0 | K17: 0 | L17: 0 | M17: 0 | N17: 0 | O17: 0 | P17: 0 | Q17: 0 | R17: 0 | S17: 0 | T17: 0 | U17: 0 | V17: 0 | W17: 0 | X17: 0 | Y17: 0 | Z17: 0 | AA17: 0 | AB17: 0 | AC17: 0 | AD17: 0 | AE17: 0 | AF17: 0 | AG17: 0 | AH17: 0
B18: Non net zero related receipts | C18: 760.53173 | D18: 731.26833 | E18: 757.57541 | F18: 816.89138 | G18: 870.46463 | H18: 915.35047 | I18: 955.37112 | J18: 993.54069 | K18: 1033.4889 | L18: 1075.8085 | M18: 1119.6009 | N18: 1164.3217 | O18: 1209.8962 | P18: 1256.9409 | Q18: 1305.3992 | R18: 1355.8785 | S18: 1408.664 | T18: 1466.1566 | U18: 1526.7287 | V18: 1590.3938 | W18: 1657.3045 | X18: 1726.1431 | Y18: 1794.7832 | Z18: 1866.1806 | AA18: 1938.991 | AB18: 2014.3173 | AC18: 2093.0946 | AD18: 2175.6725 | AE18: 2260.9712 | AF18: 2348.6624 | AG18: 2439.324 | AH18: 2533.2289
B19: Primary spending | C19: 830.44 | D19: 1097.8293 | E19: 1008.3588 | F19: 945.90761 | G19: 978.4608 | H19: 1012.2495 | I19: 1051.1997 | J19: 1099.0971 | K19: 1140.5519 | L19: 1183.0796 | M19: 1226.0584 | N19: 1270.4969 | O19: 1313.1354 | P19: 1359.1005 | Q19: 1406.1361 | R19: 1455.4319 | S19: 1506.8424 | T19: 1559.7436 | U19: 1615.3435 | V19: 1673.2722 | W19: 1734.8787 | X19: 1797.1415 | Y19: 1865.3669 | Z19: 1936.527 | AA19: 2009.4235 | AB19: 2084.5299 | AC19: 2163.1688 | AD19: 2245.6163 | AE19: 2330.383 | AF19: 2417.9967 | AG19: 2506.0404 | AH19: 2599.5635
B20: of which:
B21: Net zero spending | C21: 0 | D21: 0 | E21: 0 | F21: 0 | G21: 0 | H21: 0 | I21: 0 | J21: 10.542416 | K21: 12.676675 | L21: 14.086725 | M21: 14.731637 | N21: 15.970831 | O21: 14.600558 | P21: 15.409184 | Q21: 16.030283 | R21: 17.388478 | S21: 19.270623 | T21: 18.594655 | U21: 18.192024 | V21: 17.849939 | W21: 18.969793 | X21: 19.274462 | Y21: 18.619807 | Z21: 18.295658 | AA21: 17.827043 | AB21: 17.075479 | AC21: 16.80744 | AD21: 17.084598 | AE21: 17.063473 | AF21: 17.361637 | AG21: 15.158086 | AH21: 15.152412
B22: Non net zero spending | C22: 830.44 | D22: 1097.8293 | E22: 1008.3588 | F22: 945.90761 | G22: 978.4608 | H22: 1012.2495 | I22: 1051.1997 | J22: 1088.5546 | K22: 1127.8752 | L22: 1168.9928 | M22: 1211.3267 | N22: 1254.526 | O22: 1298.5349 | P22: 1343.6913 | Q22: 1390.1058 | R22: 1438.0434 | S22: 1487.5718 | T22: 1541.1489 | U22: 1597.1514 | V22: 1655.4222 | W22: 1715.9089 | X22: 1777.8671 | Y22: 1846.7471 | Z22: 1918.2313 | AA22: 1991.5965 | AB22: 2067.4544 | AC22: 2146.3614 | AD22: 2228.5317 | AE22: 2313.3196 | AF22: 2400.6351 | AG22: 2490.8823 | AH22: 2584.4111
B23: Primary deficit | C23: 29.597 | D23: 335.03995 | E23: 214.29795 | F23: 88.706003 | G23: 66.101043 | H23: 54.240512 | I23: 53.127253 | J23: 13.755852 | K23: 15.464902 | L23: 16.589982 | M23: 17.260746 | N23: 20.138541 | O23: 19.87066 | P23: 22.303488 | Q23: 24.196794 | R23: 26.232486 | S23: 28.879835 | T23: 27.565409 | U23: 25.417077 | V23: 21.966844 | W23: 18.800602 | X23: 14.977329 | Y23: 17.197757 | Z23: 19.091831 | AA23: 20.924624 | AB23: 22.479406 | AC23: 23.714197 | AD23: 24.698701 | AE23: 25.152712 | AF23: 25.400061 | AG23: 22.597865 | AH23: 21.702124
B24: Net interest spending | C24: 27.48 | D24: 19.58995 | E24: 19.929521 | F24: 19.375809 | G24: 21.577162 | H24: 23.760499 | I24: 25.084912 | J24: 30.437045 | K24: 36.085759 | L24: 42.064006 | M24: 48.401687 | N24: 55.140111 | O24: 62.371816 | P24: 70.098458 | Q24: 78.447683 | R24: 87.456415 | S24: 97.202278 | T24: 107.9629 | U24: 119.43227 | V24: 131.78202 | W24: 145.0372 | X24: 159.30671 | Y24: 168.07873 | Z24: 177.19936 | AA24: 186.68527 | AB24: 196.56917 | AC24: 206.86966 | AD24: 217.59245 | AE24: 228.73199 | AF24: 240.32856 | AG24: 252.40142 | AH24: 264.87357
B25: Public sector net borrowing | C25: 57.077 | D25: 354.6299 | E25: 234.22747 | F25: 108.08181 | G25: 87.678205 | H25: 78.001012 | I25: 78.212165 | J25: 44.192897 | K25: 51.550661 | L25: 58.653987 | M25: 65.662432 | N25: 75.278652 | O25: 82.242476 | P25: 92.401946 | Q25: 102.64448 | R25: 113.6889 | S25: 126.08211 | T25: 135.52831 | U25: 144.84935 | V25: 153.74886 | W25: 163.8378 | X25: 174.28404 | Y25: 185.27649 | Z25: 196.29119 | AA25: 207.6099 | AB25: 219.04858 | AC25: 230.58385 | AD25: 242.29115 | AE25: 253.8847 | AF25: 265.72862 | AG25: 274.99928 | AH25: 286.57569
B26: Public sector net debt | C26: 1798.2 | D26: 2197.9306 | E26: 2503.1859 | F26: 2632.0907 | G26: 2750.9682 | H26: 2768.4703 | I26: 2816.1466 | J26: 2878.1979 | K26: 2948.325 | L26: 3026.3161 | M26: 3112.1028 | N26: 3208.3096 | O26: 3312.2993 | P26: 3427.2942 | Q26: 3553.4025 | R26: 3691.4627 | S26: 3842.8648 | T26: 4004.7466 | U26: 4177.0381 | V26: 4359.3735 | W26: 4553.0006 | X26: 4758.3112 | Y26: 4975.848 | Z26: 5205.6828 | AA26: 5448.1451 | AB26: 5703.4001 | AC26: 5971.6063 | AD26: 6253.0041 | AE26: 6547.5286 | AF26: 6855.4733 | AG26: 7174.3182 | AH26: 7506.4274
B27: £ billion, 2019 prices | C27: 2019-20 | D27: 2020-21 | E27: 2021-22 | F27: 2022-23 | G27: 2023-24 | H27: 2024-25 | I27: 2025-26 | J27: 2026-27 | K27: 2027-28 | L27: 2028-29 | M27: 2029-30 | N27: 2030-31 | O27: 2031-32 | P27: 2032-33 | Q27: 2033-34 | R27: 2034-35 | S27: 2035-36 | T27: 2036-37 | U27: 2037-38 | V27: 2038-39 | W27: 2039-40 | X27: 2040-41 | Y27: 2041-42 | Z27: 2042-43 | AA27: 2043-44 | AB27: 2044-45 | AC27: 2045-46 | AD27: 2046-47 | AE27: 2047-48 | AF27: 2048-49 | AG27: 2049-50 | AH27: 2050-51
B28: Primary receipts | C28: 795.77684 | D28: 707.96672 | E28: 749.07464 | F28: 809.77201 | G28: 844.76911 | H28: 868.89853 | I28: 886.27796 | J28: 942.07674 | K28: 954.61982 | L28: 967.4969 | M28: 980.0465 | N28: 990.95046 | O28: 1001.9113 | P28: 1012.3522 | Q28: 1023.0092 | R28: 1034.2076 | S28: 1045.4487 | T28: 1059.4316 | U28: 1074.645 | V28: 1091.0377 | W28: 1108.342 | X28: 1125.1459 | Y28: 1140.5838 | Z28: 1156.7261 | AA28: 1172.6261 | AB28: 1188.6606 | AC28: 1205.5522 | AD28: 1223.3191 | AE28: 1241.2121 | AF28: 1259.2894 | AG28: 1277.7166 | AH28: 1296.4756
B29: of which:
B30: Fuel duty | C30: 27.397579 | D30: 19.990019 | E30: 24.282936 | F30: 27.102847 | G30: 27.140892 | H30: 26.596745 | I30: 26.110798 | J30: 25.577322 | K30: 24.699966 | L30: 23.345076 | M30: 21.852388 | N30: 20.110124 | O30: 18.386618 | P30: 16.692706 | Q30: 15.013562 | R30: 13.328739 | S30: 11.663548 | T30: 10.157789 | U30: 8.7919023 | V30: 7.5695125 | W30: 6.4743052 | X30: 5.4950018 | Y30: 4.6425552 | Z30: 3.8953746 | AA30: 3.2660241 | AB30: 2.7514368 | AC30: 2.2832355 | AD30: 1.8540172 | AE30: 1.4736973 | AF30: 1.1281921 | AG30: 0.80857518 | AH30: 0.57051755
B31: VED | C31: 6.7281664 | D31: 6.4393576 | E31: 6.5502958 | F31: 6.5730955 | G31: 6.4892473 | H31: 6.3654648 | I31: 6.2112938 | J31: 6.1258588 | K31: 5.9529242 | L31: 5.6921273 | M31: 5.3436464 | N31: 4.8944315 | O31: 4.398952 | P31: 3.9219459 | Q31: 3.4638657 | R31: 3.0326135 | S31: 2.5147564 | T31: 2.1372805 | U31: 1.7962267 | V31: 1.4916242 | W31: 1.2248349 | X31: 0.99563705 | Y31: 0.80286968 | Z31: 0.64364415 | AA31: 0.51442106 | AB31: 0.41130841 | AC31: 0.33031801 | AD31: 0.26193754 | AE31: 0.20609927 | AF31: 0.15983226 | AG31: 0.12073321 | AH31: 0.086947522
B32: APD | C32: 3.6318783 | D32: 0.56129646 | E32: 1.2718345 | F32: 1.9101928 | G32: 2.8661874 | H32: 3.5310238 | I32: 3.526811 | J32: 3.5867532 | K32: 3.647187 | L32: 3.7081251 | M32: 3.768977 | N32: 3.4800068 | O32: 3.360425 | P32: 3.1851608 | Q32: 3.0040606 | R32: 2.9912175 | S32: 2.998478 | T32: 3.0585 | U32: 3.1055032 | V32: 3.1472143 | W32: 3.236679 | X32: 3.2335197 | Y32: 3.2686186 | Z32: 3.2749128 | AA32: 3.3382007 | AB32: 3.3365801 | AC32: 3.3855065 | AD32: 3.4200801 | AE32: 3.4593373 | AF32: 3.4801799 | AG32: 3.509175 | AH32: 3.5477118
B33: Landfill | C33: 0.72736934 | D33: 0.66711097 | E33: 0.6762355 | F33: 0.63017096 | G33: 0.52154109 | H33: 0.48056663 | I33: 0.46343422 | J33: 0.45293899 | K33: 0.44186796 | L33: 0.43021394 | M33: 0.41790263 | N33: 0.40490431 | O33: 0.39121111 | P33: 0.37684093 | Q33: 0.36187028 | R33: 0.34625328 | S33: 0.32995582 | T33: 0.31347407 | U33: 0.29634464 | V33: 0.27853935 | W33: 0.26000764 | X33: 0.24074085 | Y33: 0.22075616 | Z33: 0.20004015 | AA33: 0.17858849 | AB33: 0.15640925 | AC33: 0.13350996 | AD33: 0.10988952 | AE33: 0.085538818 | AF33: 0.060468224 | AG33: 0.034681566 | AH33: 0.0081758177
B34: Plastics | C34: 0 | D34: 0 | E34: 0 | F34: 0.26604696 | G34: 0.20345436 | H34: 0.17712859 | I34: 0.15764288 | J34: 0.1540728 | K34: 0.15030685 | L34: 0.14634259 | M34: 0.14215475 | N34: 0.13773321 | O34: 0.1330753 | P34: 0.1281871 | Q34: 0.12309465 | R34: 0.11778234 | S34: 0.11223855 | T34: 0.10663208 | U34: 0.10080529 | V34: 0.094748603 | W34: 0.088444812 | X34: 0.081890977 | Y34: 0.075092938 | Z34: 0.068046131 | AA34: 0.060749082 | AB34: 0.053204541 | AC34: 0.045415065 | AD34: 0.03738028 | AE34: 0.029097087 | AF34: 0.020569014 | AG34: 0.011797364 | AH34: 0.0027811055
B35: Carbon tax | C35: 1.5712679 | D35: 1.5977464 | E35: 1.6370998 | F35: 1.5974776 | G35: 1.5700829 | H35: 1.5396701 | I35: 1.4483739 | J35: 43.785952 | K35: 42.82739 | L35: 41.889786 | M35: 40.792209 | N35: 39.159695 | O35: 37.916581 | P35: 36.169942 | Q35: 34.693925 | R35: 33.240379 | S35: 31.399924 | T35: 29.877241 | U35: 28.62508 | V35: 27.663363 | W35: 26.675095 | X35: 25.321403 | Y35: 23.936827 | Z35: 22.838174 | AA35: 21.837022 | AB35: 20.806621 | AC35: 19.945246 | AD35: 19.238438 | AE35: 18.576811 | AF35: 18.274564 | AG35: 18.213761 | AH35: 18.230758
B36: Road tax | C36: 0 | D36: 0 | E36: 0 | F36: 0 | G36: 0 | H36: 0 | I36: 0 | J36: 0 | K36: 0 | L36: 0 | M36: 0 | N36: 0 | O36: 0 | P36: 0 | Q36: 0 | R36: 0 | S36: 0 | T36: 0 | U36: 0 | V36: 0 | W36: 0 | X36: 0 | Y36: 0 | Z36: 0 | AA36: 0 | AB36: 0 | AC36: 0 | AD36: 0 | AE36: 0 | AF36: 0 | AG36: 0 | AH36: 0
B37: Non net zero related receipts | C37: 755.72058 | D37: 678.71119 | E37: 714.65624 | F37: 771.69218 | G37: 805.97771 | H37: 830.20793 | I37: 848.35961 | J37: 862.39385 | K37: 876.90018 | L37: 892.28523 | M37: 907.72922 | N37: 922.76356 | O37: 937.32443 | P37: 951.87745 | Q37: 966.34879 | R37: 981.15065 | S37: 996.42978 | T37: 1013.7807 | U37: 1031.9292 | V37: 1050.7927 | W37: 1070.3826 | X37: 1089.7777 | Y37: 1107.6371 | Z37: 1125.8059 | AA37: 1143.4311 | AB37: 1161.145 | AC37: 1179.429 | AD37: 1198.3974 | AE37: 1217.3815 | AF37: 1236.1656 | AG37: 1255.0179 | AH37: 1274.0287
B38: Primary spending | C38: 825.18661 | D38: 1018.9269 | E38: 951.23189 | F38: 893.56985 | G38: 905.97317 | H38: 918.09379 | I38: 933.45441 | J38: 954.01683 | K38: 967.74156 | L38: 981.25678 | M38: 994.04084 | N38: 1006.9109 | O38: 1017.3054 | P38: 1029.2426 | Q38: 1040.9213 | R38: 1053.1902 | S38: 1065.8771 | T38: 1078.4918 | U38: 1091.8246 | V38: 1105.5515 | W38: 1120.4845 | X38: 1134.6016 | Y38: 1151.1973 | Z38: 1168.2436 | AA38: 1184.9655 | AB38: 1201.6188 | AC38: 1218.9149 | AD38: 1236.9236 | AE38: 1254.7552 | AF38: 1272.6581 | AG38: 1289.343 | AH38: 1307.3902
B39: of which:
B40: Net zero spending | C40: 0 | D40: 0 | E40: 0 | F40: 0 | G40: 0 | H40: 0 | I40: 0 | J40: 9.150823 | K40: 10.755973 | L40: 11.683656 | M40: 11.943843 | N40: 12.657413 | O40: 11.311268 | P40: 11.669327 | Q40: 11.866749 | R40: 12.582777 | S40: 13.63123 | T40: 12.857359 | U40: 12.296147 | V40: 11.793674 | W40: 12.251784 | X40: 12.168677 | Y40: 11.491075 | Z40: 11.037174 | AA40: 10.512682 | AB40: 9.8430906 | AC40: 9.4707533 | AD40: 9.4104866 | AE40: 9.1875374 | AF40: 9.1379069 | AG40: 7.7987461 | AH40: 7.6205543
B41: Non net zero spending | C41: 825.18661 | D41: 1018.9269 | E41: 951.23189 | F41: 893.56985 | G41: 905.97317 | H41: 918.09379 | I41: 933.45441 | J41: 944.86601 | K41: 956.98559 | L41: 969.57313 | M41: 982.097 | N41: 994.25351 | O41: 1005.9941 | P41: 1017.5733 | Q41: 1029.0546 | R41: 1040.6074 | S41: 1052.2458 | T41: 1065.6345 | U41: 1079.5285 | V41: 1093.7578 | W41: 1108.2327 | X41: 1122.4329 | Y41: 1139.7062 | Z41: 1157.2064 | AA41: 1174.4528 | AB41: 1191.7757 | AC41: 1209.4441 | AD41: 1227.5131 | AE41: 1245.5676 | AF41: 1263.5202 | AG41: 1281.5443 | AH41: 1299.7696
B42: Primary deficit | C42: 29.409768 | D42: 310.96023 | E42: 202.15725 | F42: 83.797835 | G42: 61.204058 | H42: 49.195259 | I42: 47.176447 | J42: 11.940087 | K42: 13.121743 | L42: 13.75988 | M42: 13.994347 | N42: 15.960462 | O42: 15.394093 | P42: 16.890362 | Q42: 17.912178 | R42: 18.982542 | S42: 20.428383 | T42: 19.060228 | U42: 17.179623 | V42: 14.513764 | W42: 12.142511 | X42: 9.4557395 | Y42: 10.613467 | Z42: 11.517479 | AA42: 12.339338 | AB42: 12.958162 | AC42: 13.362613 | AD42: 13.604464 | AE42: 13.54305 | AF42: 13.36875 | AG42: 11.626469 | AH42: 10.91458
B43: Net interest spending | C43: 27.306161 | D43: 18.181997 | E43: 18.800448 | F43: 18.303731 | G43: 19.978654 | H43: 21.550385 | I43: 22.275141 | J43: 26.419371 | K43: 30.618238 | L43: 34.888263 | M43: 39.242222 | N43: 43.700368 | O43: 48.320366 | P43: 53.085346 | Q43: 58.07252 | R43: 63.285846 | S43: 68.756812 | T43: 74.651443 | U43: 80.725308 | V43: 87.069998 | W43: 93.673371 | X43: 100.57619 | Y43: 103.72854 | Z43: 106.89859 | AA43: 110.08909 | AB43: 113.3115 | AC43: 116.56811 | AD43: 119.85362 | AE43: 123.15686 | AF43: 126.49153 | AG43: 129.85905 | AH43: 133.21202
B44: Public sector net borrowing | C44: 56.715929 | D44: 329.14222 | E44: 220.9577 | F44: 102.10157 | G44: 81.182712 | H44: 70.745644 | I44: 69.451589 | J44: 38.359458 | K44: 43.739981 | L44: 48.648143 | M44: 53.236569 | N44: 59.660829 | O44: 63.714459 | P44: 69.975708 | Q44: 75.984698 | R44: 82.268388 | S44: 89.185195 | T44: 93.711671 | U44: 97.904931 | V44: 101.58376 | W44: 105.81588 | X44: 110.03193 | Y44: 114.342 | Z44: 118.41607 | AA44: 122.42843 | AB44: 126.26966 | AC44: 129.93072 | AD44: 133.45808 | AE44: 136.69991 | AF44: 139.86028 | AG44: 141.48551 | AH44: 144.1266
B45: Public sector net debt | C45: 1786.8245 | D45: 2039.9627 | E45: 2361.372 | F45: 2486.4552 | G45: 2547.1674 | H45: 2510.9573 | I45: 2500.7089 | J45: 2498.2773 | K45: 2501.6106 | L45: 2510.0537 | M45: 2523.173 | N45: 2542.6918 | O45: 2566.0871 | P45: 2595.4793 | Q45: 2630.4797 | R45: 2671.243 | S45: 2718.2813 | T45: 2769.1003 | U45: 2823.2963 | V45: 2880.2917 | W45: 2940.5899 | X45: 3004.097 | Y45: 3070.8075 | Z45: 3140.4187 | AA45: 3212.794 | AB45: 3287.7018 | AC45: 3364.9151 | AD45: 3444.2608 | AE45: 3525.4056 | AF45: 3608.224 | AG45: 3691.1445 | AH45: 3775.1835
B46: Per cent of GDP | C46: 2019-20 | D46: 2020-21 | E46: 2021-22 | F46: 2022-23 | G46: 2023-24 | H46: 2024-25 | I46: 2025-26 | J46: 2026-27 | K46: 2027-28 | L46: 2028-29 | M46: 2029-30 | N46: 2030-31 | O46: 2031-32 | P46: 2032-33 | Q46: 2033-34 | R46: 2034-35 | S46: 2035-36 | T46: 2036-37 | U46: 2037-38 | V46: 2038-39 | W46: 2039-40 | X46: 2040-41 | Y46: 2041-42 | Z46: 2042-43 | AA46: 2043-44 | AB46: 2044-45 | AC46: 2045-46 | AD46: 2046-47 | AE46: 2047-48 | AF46: 2048-49 | AG46: 2049-50 | AH46: 2050-51
B47: Primary receipts | C47: 36.007881 | D47: 36.381047 | E47: 35.054346 | F47: 36.141199 | G47: 37.219655 | H47: 37.680073 | I47: 37.778647 | J47: 39.503635 | K47: 39.367398 | L47: 39.210493 | M47: 39.043325 | N47: 38.834519 | O47: 38.654117 | P47: 38.459801 | Q47: 38.282655 | R47: 38.117856 | S47: 37.941321 | T47: 37.790735 | U47: 37.659242 | V47: 37.547337 | W47: 37.44477 | X47: 37.335962 | Y47: 37.237982 | Z47: 37.155528 | AA47: 37.085658 | AB47: 37.019268 | AC47: 36.963293 | AD47: 36.91436 | AE47: 36.870219 | AF47: 36.838787 | AG47: 36.816377 | AH47: 36.79947
B48: of which:
B49: Fuel duty | C49: 1.2397053 | D49: 1.0272486 | E49: 1.1363653 | F49: 1.209636 | G49: 1.1957997 | H49: 1.1533767 | I49: 1.1130037 | J49: 1.0725211 | K49: 1.0185975 | L49: 0.94612391 | M49: 0.87056061 | N49: 0.78809895 | O49: 0.7093627 | P49: 0.6341648 | Q49: 0.56183173 | R49: 0.49125819 | S49: 0.42329232 | T49: 0.3623361 | U49: 0.30809836 | V49: 0.26049973 | W49: 0.2187311 | X49: 0.18234185 | Y49: 0.15157097 | Z49: 0.12512444 | AA49: 0.10329179 | AB49: 0.085689871 | AC49: 0.07000601 | AD49: 0.055946039 | AE49: 0.043776193 | AF49: 0.033003714 | AG49: 0.023298445 | AH49: 0.016193705
B50: VED | C50: 0.3044409 | D50: 0.33090619 | E50: 0.30653332 | F50: 0.29336597 | G50: 0.28590954 | H50: 0.27604049 | I50: 0.26476375 | J50: 0.25687259 | K50: 0.24549159 | L50: 0.23068923 | M50: 0.21288145 | N50: 0.19180867 | O50: 0.16971324 | P50: 0.14899682 | Q50: 0.12962345 | R50: 0.11177323 | S50: 0.091265292 | T50: 0.076238431 | U50: 0.062945935 | V50: 0.051333253 | W50: 0.041380424 | X50: 0.033038443 | Y50: 0.026212232 | Z50: 0.020674677 | AA50: 0.016269161 | AB50: 0.012809658 | AC50: 0.010127841 | AD50: 0.0079041164 | AE50: 0.0061221811 | AF50: 0.0046756741 | AG50: 0.0034788305 | AH50: 0.002467939
B51: APD | C51: 0.16433784 | D51: 0.028843945 | E51: 0.059517867 | F51: 0.085254441 | G51: 0.12628126 | H51: 0.15312402 | I51: 0.15033449 | J51: 0.15040154 | K51: 0.1504057 | L51: 0.15028205 | M51: 0.1501494 | N51: 0.13637855 | O51: 0.12964647 | P51: 0.12100596 | Q51: 0.1124168 | R51: 0.11024749 | S51: 0.10882047 | T51: 0.10909903 | U51: 0.10882747 | V51: 0.10830929 | W51: 0.10934955 | X51: 0.10729859 | Y51: 0.10671444 | Z51: 0.10519441 | AA51: 0.10557446 | AB51: 0.10391339 | AC51: 0.10380261 | AD51: 0.10320289 | AE51: 0.10275965 | AF51: 0.1018079 | AG51: 0.10111406 | AH51: 0.10069909
B52: Landfill | C52: 0.03291253 | D52: 0.034281549 | E52: 0.031645702 | F52: 0.028125366 | G52: 0.022978562 | H52: 0.020839932 | I52: 0.019754432 | J52: 0.018992865 | K52: 0.018222115 | L52: 0.017435612 | M52: 0.016648504 | N52: 0.015867861 | O52: 0.015093073 | P52: 0.014316388 | Q52: 0.01354177 | R52: 0.012761879 | S52: 0.011974724 | T52: 0.01118186 | U52: 0.010384931 | V52: 0.0095857463 | W52: 0.0087842255 | X52: 0.0079885565 | Y52: 0.0072072865 | Z52: 0.0064255467 | AA52: 0.0056480675 | AB52: 0.00487116 | AC52: 0.0040935331 | AD52: 0.0033159798 | AE52: 0.0025409315 | AF52: 0.0017689151 | AG52: 0.00099932148 | AH52: 0.00023206434
B53: Plastics | C53: 0 | D53: 0 | E53: 0 | F53: 0.011874029 | G53: 0.0089639892 | H53: 0.0076812403 | I53: 0.0067197142 | J53: 0.0064606579 | K53: 0.0061984776 | L53: 0.005930939 | M53: 0.0056631945 | N53: 0.0053976491 | O53: 0.0051340954 | P53: 0.0048698963 | Q53: 0.0046064005 | R53: 0.004341111 | S53: 0.0040733505 | T53: 0.0038036478 | U53: 0.0035325626 | V53: 0.0032607101 | W53: 0.0029880629 | X53: 0.0027174063 | Y53: 0.0024516476 | Z53: 0.0021857292 | AA53: 0.00192126 | AB53: 0.0016569853 | AC53: 0.0013924659 | AD53: 0.0011279715 | AE53: 0.00086432928 | AF53: 0.00060171835 | AG53: 0.00033993156 | AH53: 7.8939554e-05
B54: Carbon tax | C54: 0.071097857 | D54: 0.082105115 | E54: 0.07661114 | F54: 0.071297543 | G54: 0.069176233 | H54: 0.066768304 | I54: 0.061738649 | J54: 1.8360545 | K54: 1.7661512 | L54: 1.6976997 | M54: 1.6250897 | N54: 1.5346357 | O54: 1.4628361 | P54: 1.3741154 | Q54: 1.2983027 | R54: 1.2251428 | S54: 1.139563 | T54: 1.065744 | U54: 1.0031208 | V54: 0.95201622 | W54: 0.9012045 | X54: 0.84024567 | Y54: 0.78149377 | Z54: 0.73359148 | AA54: 0.69062107 | AB54: 0.64799478 | AC54: 0.61153879 | AD54: 0.58053097 | AE54: 0.55182438 | AF54: 0.53459734 | AG54: 0.5248149 | AH54: 0.51746615
B55: Road tax | C55: 0 | D55: 0 | E55: 0 | F55: 0 | G55: 0 | H55: 0 | I55: 0 | J55: 0 | K55: 0 | L55: 0 | M55: 0 | N55: 0 | O55: 0 | P55: 0 | Q55: 0 | R55: 0 | S55: 0 | T55: 0 | U55: 0 | V55: 0 | W55: 0 | X55: 0 | Y55: 0 | Z55: 0 | AA55: 0 | AB55: 0 | AC55: 0 | AD55: 0 | AE55: 0 | AF55: 0 | AG55: 0 | AH55: 0
B56: Non net zero related receipts | C56: 34.195387 | D56: 34.877662 | E56: 33.443672 | F56: 34.441646 | G56: 35.510546 | H56: 36.002243 | I56: 36.162332 | J56: 36.162332 | K56: 36.162332 | L56: 36.162332 | M56: 36.162332 | N56: 36.162332 | O56: 36.162332 | P56: 36.162332 | Q56: 36.162332 | R56: 36.162332 | S56: 36.162332 | T56: 36.162332 | U56: 36.162332 | V56: 36.162332 | W56: 36.162332 | X56: 36.162332 | Y56: 36.162332 | Z56: 36.162332 | AA56: 36.162332 | AB56: 36.162332 | AC56: 36.162332 | AD56: 36.162332 | AE56: 36.162332 | AF56: 36.162332 | AG56: 36.162332 | AH56: 36.162332
B57: Primary spending | C57: 37.338635 | D57: 52.360695 | E57: 44.514672 | F57: 39.881208 | G57: 39.916243 | H57: 39.813442 | I57: 39.789598 | J57: 40.004313 | K57: 39.908524 | L57: 39.76815 | M57: 39.600835 | N57: 39.459996 | O57: 39.248027 | P57: 39.101475 | Q57: 38.952957 | R57: 38.817497 | S57: 38.682706 | T57: 38.470628 | U57: 38.261275 | V57: 38.046818 | W57: 37.854998 | X57: 37.649734 | Y57: 37.584493 | Z57: 37.525484 | AA57: 37.475903 | AB57: 37.422833 | AC57: 37.373003 | AD57: 37.324882 | AE57: 37.272516 | AF57: 37.229872 | AG57: 37.151385 | AH57: 37.109272
B58: of which:
B59: Net zero spending | C59: 0 | D59: 0 | E59: 0 | F59: 0 | G59: 0 | H59: 0 | I59: 0 | J59: 0.38371691 | K59: 0.44356368 | L59: 0.47351254 | M59: 0.47582166 | N59: 0.49603344 | O59: 0.436393 | P59: 0.44332397 | Q59: 0.4440729 | R59: 0.4637642 | S59: 0.49470325 | T59: 0.45863183 | U59: 0.4308991 | V59: 0.40587144 | W59: 0.41392029 | X59: 0.40379589 | Y59: 0.37516266 | Z59: 0.3545282 | AA59: 0.33247573 | AB59: 0.30655008 | AC59: 0.29038163 | AD59: 0.28396686 | AE59: 0.2729159 | AF59: 0.26731696 | AG59: 0.22471461 | AH59: 0.21630361
B60: Non net zero spending | C60: 37.338635 | D60: 52.360695 | E60: 44.514672 | F60: 39.881208 | G60: 39.916243 | H60: 39.813442 | I60: 39.789598 | J60: 39.620596 | K60: 39.46496 | L60: 39.294638 | M60: 39.125013 | N60: 38.963963 | O60: 38.811634 | P60: 38.658151 | Q60: 38.508884 | R60: 38.353733 | S60: 38.188003 | T60: 38.011996 | U60: 37.830376 | V60: 37.640947 | W60: 37.441078 | X60: 37.245938 | Y60: 37.20933 | Z60: 37.170956 | AA60: 37.143428 | AB60: 37.116282 | AC60: 37.082621 | AD60: 37.040915 | AE60: 36.9996 | AF60: 36.962555 | AG60: 36.92667 | AH60: 36.892968
B61: Primary deficit | C61: 1.3307543 | D61: 15.979648 | E61: 9.460326 | F61: 3.7400086 | G61: 2.6965876 | H61: 2.1333688 | I61: 2.0109519 | J61: 0.50067772 | K61: 0.54112526 | L61: 0.55765725 | M61: 0.55751011 | N61: 0.62547714 | O61: 0.59390995 | P61: 0.64167387 | Q61: 0.6703026 | R61: 0.69964076 | S61: 0.74138488 | T61: 0.67989292 | U61: 0.60203281 | V61: 0.49948152 | W61: 0.41022854 | X61: 0.31377188 | Y61: 0.34651037 | Z61: 0.36995623 | AA61: 0.39024585 | AB61: 0.40356489 | AC61: 0.40970947 | AD61: 0.41052254 | AE61: 0.40229646 | AF61: 0.39108449 | AG61: 0.33500736 | AH61: 0.30980201
B62: Net interest spending | C62: 1.2355687 | D62: 0.93433782 | E62: 0.87980203 | F62: 0.8169198 | G62: 0.88023888 | H62: 0.9345396 | I62: 0.94950424 | J62: 1.1078303 | K62: 1.2626601 | L62: 1.4139435 | M62: 1.5633409 | N62: 1.7125808 | O62: 1.864218 | P62: 2.0167406 | Q62: 2.1731675 | R62: 2.3325305 | S62: 2.4953155 | T62: 2.662874 | U62: 2.8288912 | V62: 2.996456 | W62: 3.1647071 | X62: 3.3374418 | Y62: 3.3865477 | Z62: 3.4337202 | AA62: 3.4816947 | AB62: 3.5289374 | AC62: 3.5740808 | AD62: 3.616652 | AE62: 3.6583758 | AF62: 3.7003365 | AG62: 3.7417841 | AH62: 3.7811213
B63: Public sector net borrowing | C63: 2.566323 | D63: 16.913985 | E63: 10.340128 | F63: 4.5569284 | G63: 3.5768265 | H63: 3.0679084 | I63: 2.9604561 | J63: 1.608508 | K63: 1.8037854 | L63: 1.9716008 | M63: 2.120851 | N63: 2.338058 | O63: 2.458128 | P63: 2.6584145 | Q63: 2.8434701 | R63: 3.0321712 | S63: 3.2367003 | T63: 3.3427669 | U63: 3.430924 | V63: 3.4959375 | W63: 3.5749357 | X63: 3.6512136 | Y63: 3.7330581 | Z63: 3.8036764 | AA63: 3.8719406 | AB63: 3.9325022 | AC63: 3.9837903 | AD63: 4.0271746 | AE63: 4.0606723 | AF63: 4.091421 | AG63: 4.0767915 | AH63: 4.0909234
B64: Public sector net debt | C64: 84.385651 | D64: 100.18536 | E64: 107.33427 | F64: 109.2003 | G64: 110.19076 | H64: 106.8471 | I64: 104.59726 | J64: 102.79504 | K64: 101.22941 | L64: 99.81975 | M64: 98.63428 | N64: 97.777843 | O64: 97.144593 | P64: 96.755063 | Q64: 96.591348 | R64: 96.608398 | S64: 96.80212 | T64: 96.924117 | U64: 97.083124 | V64: 97.264999 | W64: 97.483827 | X64: 97.816748 | Y64: 98.376706 | Z64: 98.983136 | AA64: 99.703418 | AB64: 100.47155 | AC64: 101.23705 | AD64: 101.98407 | AE64: 102.75892 | AF64: 103.57478 | AG64: 104.36342 | AH64: 105.14679

Sheet 1.5
A1: Back to contents
B2: Table 1.5: Low productivity variant
B4: £ billion, unless otherwise stated | C4: 2019-20 | D4: 2020-21 | E4: 2021-22 | F4: 2022-23 | G4: 2023-24 | H4: 2024-25 | I4: 2025-26 | J4: 2026-27 | K4: 2027-28 | L4: 2028-29 | M4: 2029-30 | N4: 2030-31 | O4: 2031-32 | P4: 2032-33 | Q4: 2033-34 | R4: 2034-35 | S4: 2035-36 | T4: 2036-37 | U4: 2037-38 | V4: 2038-39 | W4: 2039-40 | X4: 2040-41 | Y4: 2041-42 | Z4: 2042-43 | AA4: 2043-44 | AB4: 2044-45 | AC4: 2045-46 | AD4: 2046-47 | AE4: 2047-48 | AF4: 2048-49 | AG4: 2049-50 | AH4: 2050-51
B5: Nominal GDP | C5: 2220.063 | D5: 2101.287 | E5: 2260.9624 | F5: 2362.0046 | G5: 2436.4844 | H5: 2522.0626 | I5: 2615.2425 | J5: 2714.1795 | K5: 2817.5443 | L5: 2926.949 | M5: 3039.8892 | N5: 3154.8397 | O5: 3271.5714 | P5: 3391.762 | Q5: 3515.2103 | R5: 3643.5743 | S5: 3777.624 | T5: 3923.7655 | U5: 4077.5935 | V5: 4239.1094 | W5: 4408.7183 | X5: 4582.7435 | Y5: 4755.2518 | Z5: 4934.3848 | AA5: 5116.3902 | AB5: 5304.268 | AC5: 5500.5457 | AD5: 5706.141 | AE5: 5918.0478 | AF5: 6135.2881 | AG5: 6359.3803 | AH5: 6590.9779
B6: Nominal GDP (Percentage change on a year earlier) | C6: 2.6511924 | D6: -5.3501174 | E6: 7.5989337 | F6: 4.4689895 | G6: 3.153245 | H6: 3.5123661 | I6: 3.6945872 | J6: 3.7830929 | K6: 3.8083264 | L6: 3.8829799 | M6: 3.8586333 | N6: 3.781402 | O6: 3.7000856 | P6: 3.6737877 | Q6: 3.6396517 | R6: 3.6516732 | S6: 3.679071 | T6: 3.8686092 | U6: 3.9204162 | V6: 3.9610609 | W6: 4.0010486 | X6: 3.9472976 | Y6: 3.7643029 | Z6: 3.7670543 | AA6: 3.6885144 | AB6: 3.6720754 | AC6: 3.7003734 | AD6: 3.7377254 | AE6: 3.7136623 | AF6: 3.6708104 | AG6: 3.6525131 | AH6: 3.6418272
B7: Real GDP | C7: 2206.0188 | D7: 1950.265 | E7: 2132.8714 | F7: 2231.3132 | G7: 2255.9815 | H7: 2287.4697 | I7: 2322.3081 | J7: 2355.9092 | K7: 2390.6451 | L7: 2427.6377 | M7: 2464.625 | N7: 2500.3151 | O7: 2534.5346 | P7: 2568.5709 | Q7: 2602.2072 | R7: 2636.5897 | S7: 2672.1327 | T7: 2713.1056 | U7: 2756.0808 | V7: 2800.8317 | W7: 2847.404 | X7: 2893.2547 | Y7: 2934.6682 | Z7: 2976.7534 | AA7: 3017.1568 | AB7: 3057.6237 | AC7: 3099.4792 | AD7: 3143.0393 | AE7: 3186.4723 | AF7: 3229.1707 | AG7: 3271.8638 | AH7: 3314.7794
B8: Real GDP (Percentage change on a year earlier) | C8: 0.44000534 | D8: -11.593456 | E8: 9.3631576 | F8: 4.6154586 | G8: 1.1055532 | H8: 1.3957621 | I8: 1.5230114 | J8: 1.4468866 | K8: 1.4744149 | L8: 1.5473899 | M8: 1.5235907 | N8: 1.4480958 | O8: 1.3686076 | P8: 1.342901 | Q8: 1.3095324 | R8: 1.3212837 | S8: 1.3480655 | T8: 1.5333423 | U8: 1.5839846 | V8: 1.6237155 | W8: 1.6628041 | X8: 1.6102616 | Y8: 1.4313812 | Z8: 1.4340706 | AA8: 1.3572966 | AB8: 1.3412272 | AC8: 1.3688889 | AD8: 1.4054012 | AE8: 1.3818791 | AF8: 1.3399907 | AG8: 1.3221047 | AH8: 1.311659
B9: Primary receipts | C9: 800.843 | D9: 762.78931 | E9: 792.54619 | F9: 853.92976 | G9: 907.12009 | H9: 950.65956 | I9: 988.48273 | J9: 1073.3617 | K9: 1110.5403 | L9: 1149.1886 | M9: 1188.5482 | N9: 1226.959 | O9: 1266.506 | P9: 1306.4595 | Q9: 1347.7876 | R9: 1390.9902 | S9: 1435.4459 | T9: 1485.0198 | U9: 1537.8265 | V9: 1593.9513 | W9: 1653.1511 | X9: 1713.3334 | Y9: 1773.0845 | Z9: 1835.7351 | AA9: 1899.8092 | AB9: 1965.9789 | AC9: 2035.5881 | AD9: 2108.825 | AE9: 2184.4735 | AF9: 2262.7118 | AG9: 2343.9372 | AH9: 2428.2066
B10: of which:
B11: Fuel duty | C11: 27.572 | D11: 21.53798 | E11: 25.741264 | F11: 28.690303 | G11: 29.312457 | H11: 29.324392 | I11: 29.404397 | J11: 29.466943 | K11: 29.110656 | L11: 28.146641 | M11: 26.952919 | N11: 25.374489 | O11: 23.733404 | P11: 22.042485 | Q11: 20.281179 | R11: 18.419344 | S11: 16.488888 | T11: 14.690465 | U11: 13.00753 | V11: 11.456594 | W11: 10.024355 | X11: 8.7037562 | Y11: 7.5226628 | Z11: 6.4571278 | AA11: 5.5384108 | AB11: 4.7731046 | AC11: 4.0519843 | AD11: 3.3659406 | AE11: 2.7370113 | AF11: 2.1435173 | AG11: 1.5715927 | AH11: 1.1343948
B12: VED | C12: 6.771 | D12: 6.938 | E12: 6.9436784 | F12: 6.9580918 | G12: 7.0084572 | H12: 7.0182793 | I12: 6.9947822 | J12: 7.0574367 | K12: 7.0159421 | L12: 6.8628717 | M12: 6.5908985 | N12: 6.1756802 | O12: 5.678157 | P12: 5.1788748 | Q12: 4.6791879 | R12: 4.1908502 | S12: 3.5551394 | T12: 3.090992 | U12: 2.6574991 | V12: 2.2576002 | W12: 1.8964474 | X12: 1.5770299 | Y12: 1.3009469 | Z12: 1.0669301 | AA12: 0.87233746 | AB12: 0.71352469 | AC12: 0.5862047 | AD12: 0.4755437 | AE12: 0.38277606 | AF12: 0.30367455 | AG12: 0.23466392 | AH12: 0.17288305
B13: APD | C13: 3.655 | D13: 0.60476139 | E13: 1.3482154 | F13: 2.0220758 | G13: 3.0955134 | H13: 3.8931504 | I13: 3.9716806 | J13: 4.1322016 | K13: 4.2984678 | L13: 4.4708043 | M13: 4.6486879 | N13: 4.3909919 | O13: 4.3376288 | P13: 4.2059603 | Q13: 4.0580569 | R13: 4.133644 | S13: 4.238982 | T13: 4.423284 | U13: 4.5945604 | V13: 4.7633658 | W13: 5.011444 | X13: 5.121703 | Y13: 5.2963754 | Z13: 5.4286256 | AA13: 5.6608055 | AB13: 5.7881927 | AC13: 6.0081491 | AD13: 6.2091044 | AE13: 6.424824 | AF13: 6.6121949 | AG13: 6.820632 | AH13: 7.0541316
B14: Landfill | C14: 0.732 | D14: 0.71876983 | E14: 0.71684729 | F14: 0.66708104 | G14: 0.56327001 | H14: 0.52985147 | I14: 0.5218915 | J14: 0.5218188 | K14: 0.52077263 | L14: 0.51869941 | M14: 0.51544463 | N14: 0.51089887 | O14: 0.5049744 | P14: 0.49761318 | Q14: 0.48883508 | R14: 0.47849674 | S14: 0.46646226 | T14: 0.45335454 | U14: 0.43843887 | V14: 0.42157434 | W14: 0.40257736 | X14: 0.3813192 | Y14: 0.35770693 | Z14: 0.33159451 | AA14: 0.30284419 | AB14: 0.27133377 | AC14: 0.23693583 | AD14: 0.19950279 | AE14: 0.15886622 | AF14: 0.11488707 | AG14: 0.067409063 | AH14: 0.016256476
B15: Plastics | C15: 0 | D15: 0 | E15: 0 | F15: 0.28162974 | G15: 0.21973291 | H15: 0.19529414 | I15: 0.17752784 | J15: 0.17750312 | K15: 0.17714725 | L15: 0.17644202 | M15: 0.17533486 | N15: 0.17378857 | O15: 0.17177328 | P15: 0.16926928 | Q15: 0.1662833 | R15: 0.16276658 | S15: 0.1586729 | T15: 0.15421415 | U15: 0.1491404 | V15: 0.14340372 | W15: 0.13694167 | X15: 0.12971044 | Y15: 0.12167843 | Z15: 0.11279597 | AA15: 0.1030162 | AB15: 0.092297538 | AC15: 0.08059665 | AD15: 0.067863341 | AE15: 0.054040309 | AF15: 0.039080258 | AG15: 0.022930026 | AH15: 0.0055298414
B16: Carbon tax | C16: 1.5812711 | D16: 1.7214706 | E16: 1.7354169 | F16: 1.6910443 | G16: 1.6957065 | H16: 1.697572 | I16: 1.6310708 | J16: 50.444614 | K16: 50.475107 | L16: 50.505586 | M16: 50.313454 | N16: 49.410795 | O16: 48.942635 | P16: 47.761903 | Q16: 46.866539 | R16: 45.935775 | S16: 44.390426 | T16: 43.209261 | U16: 42.350515 | V16: 41.869 | W16: 41.301824 | X16: 40.107597 | Y16: 38.786544 | Z16: 37.857464 | AA16: 37.030467 | AB16: 36.094661 | AC16: 35.396184 | AD16: 34.927097 | AE16: 34.50162 | AF16: 34.720899 | AG16: 35.401301 | AH16: 36.249327
B17: Road tax | C17: 0 | D17: 0 | E17: 0 | F17: 0 | G17: 0 | H17: 0 | I17: 0 | J17: 0 | K17: 0 | L17: 0 | M17: 0 | N17: 0 | O17: 0 | P17: 0 | Q17: 0 | R17: 0 | S17: 0 | T17: 0 | U17: 0 | V17: 0 | W17: 0 | X17: 0 | Y17: 0 | Z17: 0 | AA17: 0 | AB17: 0 | AC17: 0 | AD17: 0 | AE17: 0 | AF17: 0 | AG17: 0 | AH17: 0
B18: Non net zero related receipts | C18: 760.53173 | D18: 731.26833 | E18: 756.06077 | F18: 813.61954 | G18: 865.22495 | H18: 908.00102 | I18: 945.78138 | J18: 981.56117 | K18: 1018.9422 | L18: 1058.5075 | M18: 1099.3515 | N18: 1140.9224 | O18: 1183.1375 | P18: 1226.6034 | Q18: 1271.2475 | R18: 1317.6693 | S18: 1366.1473 | T18: 1418.9982 | U18: 1474.6289 | V18: 1533.0398 | W18: 1594.3775 | X18: 1657.3123 | Y18: 1719.6985 | Z18: 1784.4805 | AA18: 1850.3013 | AB18: 1918.2458 | AC18: 1989.2281 | AD18: 2063.5799 | AE18: 2140.2143 | AF18: 2218.7775 | AG18: 2299.8187 | AH18: 2383.5741
B19: Primary spending | C19: 830.44 | D19: 1097.8293 | E19: 1007.3506 | F19: 944.01455 | G19: 975.52069 | H19: 1008.1932 | I19: 1045.9338 | J19: 1092.4867 | K19: 1132.5466 | L19: 1173.5908 | M19: 1214.9974 | N19: 1257.7612 | O19: 1298.6528 | P19: 1342.7452 | Q19: 1387.7996 | R19: 1434.9904 | S19: 1484.1713 | T19: 1534.7237 | U19: 1587.8322 | V19: 1643.127 | W19: 1701.9292 | X19: 1761.2547 | Y19: 1826.2713 | Z19: 1894.0305 | AA19: 1963.3377 | AB19: 2034.6609 | AC19: 2109.294 | AD19: 2187.5005 | AE19: 2267.8087 | AF19: 2350.7176 | AG19: 2433.8762 | AH19: 2522.1813
B20: of which:
B21: Net zero spending | C21: 0 | D21: 0 | E21: 0 | F21: 0 | G21: 0 | H21: 0 | I21: 0 | J21: 10.542416 | K21: 12.676675 | L21: 14.086725 | M21: 14.731637 | N21: 15.970831 | O21: 14.600558 | P21: 15.409184 | Q21: 16.030283 | R21: 17.388478 | S21: 19.270623 | T21: 18.594655 | U21: 18.192024 | V21: 17.849939 | W21: 18.969793 | X21: 19.274462 | Y21: 18.619807 | Z21: 18.295658 | AA21: 17.827043 | AB21: 17.075479 | AC21: 16.80744 | AD21: 17.084598 | AE21: 17.063473 | AF21: 17.361637 | AG21: 15.158086 | AH21: 15.152412
B22: Non net zero spending | C22: 830.44 | D22: 1097.8293 | E22: 1007.3506 | F22: 944.01455 | G22: 975.52069 | H22: 1008.1932 | I22: 1045.9338 | J22: 1081.9443 | K22: 1119.8699 | L22: 1159.504 | M22: 1200.2658 | N22: 1241.7903 | O22: 1284.0522 | P22: 1327.336 | Q22: 1371.7693 | R22: 1417.6019 | S22: 1464.9007 | T22: 1516.129 | U22: 1569.6401 | V22: 1625.2771 | W22: 1682.9594 | X22: 1741.9803 | Y22: 1807.6515 | Z22: 1875.7348 | AA22: 1945.5107 | AB22: 2017.5855 | AC22: 2092.4866 | AD22: 2170.4159 | AE22: 2250.7453 | AF22: 2333.356 | AG22: 2418.7181 | AH22: 2507.0289
B23: Primary deficit | C23: 29.597 | D23: 335.03995 | E23: 214.8044 | F23: 90.084791 | G23: 68.400595 | H23: 57.533606 | I23: 57.4511 | J23: 19.125057 | K23: 22.006276 | L23: 24.402186 | M23: 26.449241 | N23: 30.802165 | O23: 32.146742 | P23: 36.285676 | Q23: 40.012007 | R23: 44.000193 | S23: 48.725422 | T23: 49.703864 | U23: 50.005632 | V23: 49.175699 | W23: 48.77815 | X23: 47.921312 | Y23: 53.186834 | Z23: 58.295421 | AA23: 63.528469 | AB23: 68.682018 | AC23: 73.705924 | AD23: 78.675488 | AE23: 83.33526 | AF23: 88.005829 | AG23: 89.938956 | AH23: 93.974705
B24: Net interest spending | C24: 27.48 | D24: 19.58995 | E24: 19.929521 | F24: 19.379729 | G24: 21.592649 | H24: 23.796811 | I24: 25.153174 | J24: 30.565938 | K24: 36.301512 | L24: 42.402195 | M24: 48.906182 | N24: 55.86429 | O24: 63.379619 | P24: 71.466497 | Q24: 80.266167 | R24: 89.830674 | S24: 100.25471 | T24: 111.84151 | U24: 124.3001 | V24: 137.83143 | W24: 152.48883 | X24: 168.41344 | Y24: 178.71401 | Z24: 189.53387 | AA24: 200.90194 | AB24: 212.86491 | AC24: 225.45604 | AD24: 238.695 | AE24: 252.58926 | AF24: 267.19943 | AG24: 282.56283 | AH24: 298.62587
B25: Public sector net borrowing | C25: 57.077 | D25: 354.6299 | E25: 234.73392 | F25: 109.46452 | G25: 89.993244 | H25: 81.330417 | I25: 82.604274 | J25: 49.690995 | K25: 58.307788 | L25: 66.804381 | M25: 75.355423 | N25: 86.666455 | O25: 95.526361 | P25: 107.75217 | Q25: 120.27817 | R25: 133.83087 | S25: 148.98013 | T25: 161.54538 | U25: 174.30574 | V25: 187.00713 | W25: 201.26698 | X25: 216.33475 | Y25: 231.90084 | Z25: 247.82929 | AA25: 264.43041 | AB25: 281.54693 | AC25: 299.16197 | AD25: 317.37049 | AE25: 335.92452 | AF25: 355.20526 | AG25: 372.50179 | AH25: 392.60058
B26: Public sector net debt | C26: 1798.2 | D26: 2197.9306 | E26: 2503.6923 | F26: 2633.9798 | G26: 2755.1724 | H26: 2776.0039 | I26: 2828.0723 | J26: 2895.4064 | K26: 2972.0291 | L26: 3057.8597 | M26: 3152.9754 | N26: 3260.1494 | O26: 3376.942 | P26: 3506.7418 | Q26: 3649.87 | R26: 3807.3853 | S26: 3980.9213 | T26: 4167.9724 | U26: 4368.7839 | V26: 4583.3467 | W26: 4813.2718 | X26: 5059.3959 | Y26: 5322.2075 | Z26: 5602.1119 | AA26: 5899.8006 | AB26: 6215.827 | AC26: 6550.7444 | AD26: 6905.2067 | AE26: 7279.6005 | AF26: 7674.6872 | AG26: 8088.5271 | AH26: 8523.9712
B27: £ billion, 2019 prices | C27: 2019-20 | D27: 2020-21 | E27: 2021-22 | F27: 2022-23 | G27: 2023-24 | H27: 2024-25 | I27: 2025-26 | J27: 2026-27 | K27: 2027-28 | L27: 2028-29 | M27: 2029-30 | N27: 2030-31 | O27: 2031-32 | P27: 2032-33 | Q27: 2033-34 | R27: 2034-35 | S27: 2035-36 | T27: 2036-37 | U27: 2037-38 | V27: 2038-39 | W27: 2039-40 | X27: 2040-41 | Y27: 2041-42 | Z27: 2042-43 | AA27: 2043-44 | AB27: 2044-45 | AC27: 2045-46 | AD27: 2046-47 | AE27: 2047-48 | AF27: 2048-49 | AG27: 2049-50 | AH27: 2050-51
B28: Primary receipts | C28: 795.77684 | D28: 707.96672 | E28: 747.64581 | F28: 806.68121 | G28: 839.91761 | H28: 862.23271 | I28: 877.76238 | J28: 931.67851 | K28: 942.2772 | L28: 953.14731 | M28: 963.62906 | N28: 972.40573 | O28: 981.1809 | P28: 989.37777 | Q28: 997.72766 | R28: 1006.5584 | S28: 1015.3742 | T28: 1026.8237 | U28: 1039.4303 | V28: 1053.1432 | W28: 1067.7001 | X28: 1081.6905 | Y28: 1094.2458 | Z28: 1107.4391 | AA28: 1120.3255 | AB28: 1133.2806 | AC28: 1147.0249 | AD28: 1161.5766 | AE28: 1176.1926 | AF28: 1190.9274 | AG28: 1205.9419 | AH28: 1221.2102
B29: of which:
B30: Fuel duty | C30: 27.397579 | D30: 19.990019 | E30: 24.282936 | F30: 27.102847 | G30: 27.140892 | H30: 26.596745 | I30: 26.110798 | J30: 25.577322 | K30: 24.699966 | L30: 23.345076 | M30: 21.852388 | N30: 20.110124 | O30: 18.386618 | P30: 16.692706 | Q30: 15.013562 | R30: 13.328739 | S30: 11.663548 | T30: 10.157789 | U30: 8.7919023 | V30: 7.5695125 | W30: 6.4743052 | X30: 5.4950018 | Y30: 4.6425552 | Z30: 3.8953746 | AA30: 3.2660241 | AB30: 2.7514368 | AC30: 2.2832355 | AD30: 1.8540172 | AE30: 1.4736973 | AF30: 1.1281921 | AG30: 0.80857518 | AH30: 0.57051755
B31: VED | C31: 6.7281664 | D31: 6.4393576 | E31: 6.5502958 | F31: 6.5730955 | G31: 6.4892473 | H31: 6.3654648 | I31: 6.2112938 | J31: 6.1258588 | K31: 5.9529242 | L31: 5.6921273 | M31: 5.3436464 | N31: 4.8944315 | O31: 4.398952 | P31: 3.9219459 | Q31: 3.4638657 | R31: 3.0326135 | S31: 2.5147564 | T31: 2.1372805 | U31: 1.7962267 | V31: 1.4916242 | W31: 1.2248349 | X31: 0.99563705 | Y31: 0.80286968 | Z31: 0.64364415 | AA31: 0.51442106 | AB31: 0.41130841 | AC31: 0.33031801 | AD31: 0.26193754 | AE31: 0.20609927 | AF31: 0.15983226 | AG31: 0.12073321 | AH31: 0.086947522
B32: APD | C32: 3.6318783 | D32: 0.56129646 | E32: 1.2718345 | F32: 1.9101928 | G32: 2.8661874 | H32: 3.5310238 | I32: 3.526811 | J32: 3.5867532 | K32: 3.647187 | L32: 3.7081251 | M32: 3.768977 | N32: 3.4800068 | O32: 3.360425 | P32: 3.1851608 | Q32: 3.0040606 | R32: 2.9912175 | S32: 2.998478 | T32: 3.0585 | U32: 3.1055032 | V32: 3.1472143 | W32: 3.236679 | X32: 3.2335197 | Y32: 3.2686186 | Z32: 3.2749128 | AA32: 3.3382007 | AB32: 3.3365801 | AC32: 3.3855065 | AD32: 3.4200801 | AE32: 3.4593373 | AF32: 3.4801799 | AG32: 3.509175 | AH32: 3.5477118
B33: Landfill | C33: 0.72736934 | D33: 0.66711097 | E33: 0.6762355 | F33: 0.63017096 | G33: 0.52154109 | H33: 0.48056663 | I33: 0.46343422 | J33: 0.45293899 | K33: 0.44186796 | L33: 0.43021394 | M33: 0.41790263 | N33: 0.40490431 | O33: 0.39121111 | P33: 0.37684093 | Q33: 0.36187028 | R33: 0.34625328 | S33: 0.32995582 | T33: 0.31347407 | U33: 0.29634464 | V33: 0.27853935 | W33: 0.26000764 | X33: 0.24074085 | Y33: 0.22075616 | Z33: 0.20004015 | AA33: 0.17858849 | AB33: 0.15640925 | AC33: 0.13350996 | AD33: 0.10988952 | AE33: 0.085538818 | AF33: 0.060468224 | AG33: 0.034681566 | AH33: 0.0081758177
B34: Plastics | C34: 0 | D34: 0 | E34: 0 | F34: 0.26604696 | G34: 0.20345436 | H34: 0.17712859 | I34: 0.15764288 | J34: 0.1540728 | K34: 0.15030685 | L34: 0.14634259 | M34: 0.14215475 | N34: 0.13773321 | O34: 0.1330753 | P34: 0.1281871 | Q34: 0.12309465 | R34: 0.11778234 | S34: 0.11223855 | T34: 0.10663208 | U34: 0.10080529 | V34: 0.094748603 | W34: 0.088444812 | X34: 0.081890977 | Y34: 0.075092938 | Z34: 0.068046131 | AA34: 0.060749082 | AB34: 0.053204541 | AC34: 0.045415065 | AD34: 0.03738028 | AE34: 0.029097087 | AF34: 0.020569014 | AG34: 0.011797364 | AH34: 0.0027811055
B35: Carbon tax | C35: 1.5712679 | D35: 1.5977464 | E35: 1.6370998 | F35: 1.5974776 | G35: 1.5700829 | H35: 1.5396701 | I35: 1.4483739 | J35: 43.785952 | K35: 42.82739 | L35: 41.889786 | M35: 40.792209 | N35: 39.159695 | O35: 37.916581 | P35: 36.169942 | Q35: 34.693925 | R35: 33.240379 | S35: 31.399924 | T35: 29.877241 | U35: 28.62508 | V35: 27.663363 | W35: 26.675095 | X35: 25.321403 | Y35: 23.936827 | Z35: 22.838174 | AA35: 21.837022 | AB35: 20.806621 | AC35: 19.945246 | AD35: 19.238438 | AE35: 18.576811 | AF35: 18.274564 | AG35: 18.213761 | AH35: 18.230758
B36: Road tax | C36: 0 | D36: 0 | E36: 0 | F36: 0 | G36: 0 | H36: 0 | I36: 0 | J36: 0 | K36: 0 | L36: 0 | M36: 0 | N36: 0 | O36: 0 | P36: 0 | Q36: 0 | R36: 0 | S36: 0 | T36: 0 | U36: 0 | V36: 0 | W36: 0 | X36: 0 | Y36: 0 | Z36: 0 | AA36: 0 | AB36: 0 | AC36: 0 | AD36: 0 | AE36: 0 | AF36: 0 | AG36: 0 | AH36: 0
B37: Non net zero related receipts | C37: 755.72058 | D37: 678.71119 | E37: 713.22741 | F37: 768.60138 | G37: 801.12621 | H37: 823.54211 | I37: 839.84402 | J37: 851.99561 | K37: 864.55756 | L37: 877.93564 | M37: 891.31179 | N37: 904.21883 | O37: 916.59404 | P37: 928.90299 | Q37: 941.06728 | R37: 953.50145 | S37: 966.35527 | T37: 981.1728 | U37: 996.71443 | V37: 1012.8982 | W37: 1029.7407 | X37: 1046.3223 | Y37: 1061.2991 | Z37: 1076.5189 | AA37: 1091.1305 | AB37: 1105.765 | AC37: 1120.9017 | AD37: 1136.6549 | AE37: 1152.3621 | AF37: 1167.8036 | AG37: 1183.2432 | AH37: 1198.7633
B38: Primary spending | C38: 825.18661 | D38: 1018.9269 | E38: 950.28082 | F38: 891.78154 | G38: 903.25087 | H38: 914.41475 | I38: 928.77835 | J38: 948.27907 | K38: 960.94921 | L38: 973.3867 | M38: 985.07309 | N38: 996.81747 | O38: 1006.0855 | P38: 1016.8568 | Q38: 1027.3474 | R38: 1038.3982 | S38: 1049.8405 | T38: 1061.1917 | U38: 1073.2295 | V38: 1085.6342 | W38: 1099.2039 | X38: 1111.945 | Y38: 1127.0697 | Z38: 1142.6068 | AA38: 1157.7885 | AB38: 1172.872 | AC38: 1188.5572 | AD38: 1204.9124 | AE38: 1221.0631 | AF38: 1237.2473 | AG38: 1252.215 | AH38: 1268.4726
B39: of which:
B40: Net zero spending | C40: 0 | D40: 0 | E40: 0 | F40: 0 | G40: 0 | H40: 0 | I40: 0 | J40: 9.150823 | K40: 10.755973 | L40: 11.683656 | M40: 11.943843 | N40: 12.657413 | O40: 11.311268 | P40: 11.669327 | Q40: 11.866749 | R40: 12.582777 | S40: 13.63123 | T40: 12.857359 | U40: 12.296147 | V40: 11.793674 | W40: 12.251784 | X40: 12.168677 | Y40: 11.491075 | Z40: 11.037174 | AA40: 10.512682 | AB40: 9.8430906 | AC40: 9.4707533 | AD40: 9.4104866 | AE40: 9.1875374 | AF40: 9.1379069 | AG40: 7.7987461 | AH40: 7.6205543
B41: Non net zero spending | C41: 825.18661 | D41: 1018.9269 | E41: 950.28082 | F41: 891.78154 | G41: 903.25087 | H41: 914.41475 | I41: 928.77835 | J41: 939.12825 | K41: 950.19323 | L41: 961.70305 | M41: 973.12924 | N41: 984.16005 | O41: 994.77419 | P41: 1005.1875 | Q41: 1015.4806 | R41: 1025.8154 | S41: 1036.2093 | T41: 1048.3343 | U41: 1060.9334 | V41: 1073.8406 | W41: 1086.9521 | X41: 1099.7763 | Y41: 1115.5786 | Z41: 1131.5697 | AA41: 1147.2758 | AB41: 1163.0289 | AC41: 1179.0864 | AD41: 1195.5019 | AE41: 1211.8756 | AF41: 1228.1094 | AG41: 1244.4162 | AH41: 1260.852
B42: Primary deficit | C42: 29.409768 | D42: 310.96023 | E42: 202.63501 | F42: 85.100334 | G42: 63.333251 | H42: 52.182041 | I42: 51.015979 | J42: 16.60056 | K42: 18.672003 | L42: 20.239392 | M42: 21.444025 | N42: 24.411738 | O42: 24.904555 | P42: 27.47903 | Q42: 29.619716 | R42: 31.839739 | S42: 34.466319 | T42: 34.367964 | U42: 33.799241 | V42: 32.490989 | W42: 31.503737 | X42: 30.254489 | Y42: 32.823858 | Z42: 35.167726 | AA42: 37.463005 | AB42: 39.59147 | AC42: 41.532239 | AD42: 43.335794 | AE42: 44.870455 | AF42: 46.319887 | AG42: 46.273064 | AH42: 47.262398
B43: Net interest spending | C43: 27.306161 | D43: 18.181997 | E43: 18.800448 | F43: 18.307434 | G43: 19.992994 | H43: 21.583319 | I43: 22.335757 | J43: 26.531251 | K43: 30.801302 | L43: 35.16876 | M43: 39.651247 | N43: 44.274303 | O43: 49.101125 | P43: 54.121358 | Q43: 59.418691 | R43: 65.003925 | S43: 70.915975 | T43: 77.333326 | U43: 84.015518 | V43: 91.066922 | W43: 98.486063 | X43: 106.3256 | Y43: 110.29202 | Z43: 114.3396 | AA43: 118.47272 | AB43: 122.70511 | AC43: 127.04127 | AD43: 131.47726 | AE43: 136.0024 | AF43: 140.6344 | AG43: 145.37691 | AH43: 150.18695
B44: Public sector net borrowing | C44: 56.715929 | D44: 329.14222 | E44: 221.43546 | F44: 103.40777 | G44: 83.326245 | H44: 73.765361 | I44: 73.351735 | J44: 43.13181 | K44: 49.473305 | L44: 55.408152 | M44: 61.095271 | N44: 68.686041 | O44: 74.00568 | P44: 81.600388 | Q44: 89.038407 | R44: 96.843664 | S44: 105.38229 | T44: 111.70129 | U44: 117.81476 | V44: 123.55791 | W44: 129.9898 | X44: 136.58009 | Y44: 143.11588 | Z44: 149.50733 | AA44: 155.93572 | AB44: 162.29658 | AC44: 168.57351 | AD44: 174.81305 | AE44: 180.87285 | AF44: 186.95429 | AG44: 191.64998 | AH44: 197.44935
B45: Public sector net debt | C45: 1786.8245 | D45: 2039.9627 | E45: 2361.8498 | F45: 2488.2398 | G45: 2551.0601 | H45: 2517.7902 | I45: 2511.2988 | J45: 2513.2143 | K45: 2521.7232 | L45: 2536.2162 | M45: 2556.3109 | N45: 2583.7765 | O45: 2616.1668 | P45: 2655.6447 | Q45: 2701.8918 | R45: 2755.1278 | S45: 2815.9366 | T45: 2881.9636 | U45: 2952.8989 | V45: 3028.2735 | W45: 3108.688 | X45: 3194.1829 | Y45: 3284.5606 | Z45: 3379.5714 | AA45: 3479.1372 | AB45: 3583.0882 | AC45: 3691.2512 | AD45: 3803.5051 | AE45: 3919.5773 | AF45: 4039.3988 | AG45: 4161.4996 | AH45: 4286.9336
B46: Per cent of GDP | C46: 2019-20 | D46: 2020-21 | E46: 2021-22 | F46: 2022-23 | G46: 2023-24 | H46: 2024-25 | I46: 2025-26 | J46: 2026-27 | K46: 2027-28 | L46: 2028-29 | M46: 2029-30 | N46: 2030-31 | O46: 2031-32 | P46: 2032-33 | Q46: 2033-34 | R46: 2034-35 | S46: 2035-36 | T46: 2036-37 | U46: 2037-38 | V46: 2038-39 | W46: 2039-40 | X46: 2040-41 | Y46: 2041-42 | Z46: 2042-43 | AA46: 2043-44 | AB46: 2044-45 | AC46: 2045-46 | AD46: 2046-47 | AE46: 2047-48 | AF46: 2048-49 | AG46: 2049-50 | AH46: 2050-51
B47: Primary receipts | C47: 36.007881 | D47: 36.381047 | E47: 35.057572 | F47: 36.148034 | G47: 37.230005 | H47: 37.693654 | I47: 37.795035 | J47: 39.544414 | K47: 39.413155 | L47: 39.260314 | M47: 39.096391 | N47: 38.889323 | O47: 38.710474 | P47: 38.516624 | Q47: 38.339617 | R47: 38.174562 | S47: 37.996686 | T47: 37.844853 | U47: 37.712129 | V47: 37.599152 | W47: 37.495385 | X47: 37.384705 | Y47: 37.284947 | Z47: 37.201 | AA47: 37.129915 | AB47: 37.062186 | AC47: 37.005115 | AD47: 36.95521 | AE47: 36.91016 | AF47: 36.878386 | AG47: 36.856051 | AH47: 36.839473
B48: of which:
B49: Fuel duty | C49: 1.2397053 | D49: 1.0272486 | E49: 1.1386418 | F49: 1.2145004 | G49: 1.2030413 | H49: 1.1627122 | I49: 1.1242889 | J49: 1.0856108 | K49: 1.0331393 | L49: 0.96158802 | M49: 0.88659582 | N49: 0.80426216 | O49: 0.72540618 | P49: 0.64984953 | Q49: 0.57692519 | R49: 0.50550347 | S49: 0.43646585 | T49: 0.37437783 | U49: 0.31898373 | V49: 0.27024553 | W49: 0.227364 | X49: 0.18991479 | Y49: 0.15818879 | Z49: 0.13085309 | AA49: 0.10824283 | AB49: 0.089981478 | AC49: 0.073661338 | AD49: 0.058984999 | AE49: 0.046246168 | AF49: 0.034935716 | AG49: 0.024711711 | AH49: 0.017210441
B50: VED | C50: 0.3044409 | D50: 0.33090619 | E50: 0.3071474 | F50: 0.2945457 | G50: 0.28764096 | H50: 0.27827479 | I50: 0.26744831 | J50: 0.26000761 | K50: 0.24899628 | L50: 0.23445978 | M50: 0.2168026 | N50: 0.1957425 | O50: 0.1735516 | P50: 0.15268194 | Q50: 0.13310574 | R50: 0.11501438 | S50: 0.094105613 | T50: 0.078772106 | U50: 0.065169866 | V50: 0.053253729 | W50: 0.04301363 | X50: 0.034410581 | Y50: 0.027356698 | Z50: 0.02162124 | AA50: 0.017048983 | AB50: 0.013451204 | AC50: 0.010656661 | AD50: 0.0083334639 | AE50: 0.0064676116 | AF50: 0.004949383 | AG50: 0.0036898538 | AH50: 0.0026228907
B51: APD | C51: 0.16433784 | D51: 0.028843945 | E51: 0.059637101 | F51: 0.085597278 | G51: 0.127046 | H51: 0.15436342 | I51: 0.15185881 | J51: 0.15223712 | K51: 0.15255293 | L51: 0.15273836 | M51: 0.15291506 | N51: 0.13917556 | O51: 0.13257865 | P51: 0.12399878 | Q51: 0.11543684 | R51: 0.1134444 | S51: 0.11220713 | T51: 0.11272478 | U51: 0.11267243 | V51: 0.11236135 | W51: 0.11366537 | X51: 0.11175487 | Y51: 0.11137376 | Z51: 0.11001059 | AA51: 0.11063491 | AB51: 0.10911769 | AC51: 0.10922261 | AD51: 0.10880882 | AE51: 0.10855764 | AF51: 0.10776762 | AG51: 0.10724757 | AH51: 0.10702157
B52: Landfill | C52: 0.03291253 | D52: 0.034281549 | E52: 0.031709099 | F52: 0.028238468 | G52: 0.023117717 | H52: 0.021008612 | I52: 0.019954731 | J52: 0.019224665 | K52: 0.018482258 | L52: 0.017720592 | M52: 0.01695516 | N52: 0.016193297 | O52: 0.015434429 | P52: 0.014670473 | Q52: 0.013905566 | R52: 0.013131942 | S52: 0.012347397 | T52: 0.011553473 | U52: 0.010751839 | V52: 0.0099443676 | W52: 0.0091309219 | X52: 0.0083203338 | Y52: 0.0075219676 | Z52: 0.0067197318 | AA52: 0.0059187938 | AB52: 0.0051151223 | AC52: 0.0043072748 | AD52: 0.0034961021 | AE52: 0.002684298 | AF52: 0.0018724655 | AG52: 0.0010599396 | AH52: 0.0002466347
B53: Plastics | C53: 0 | D53: 0 | E53: 0 | F53: 0.011921778 | G53: 0.0090182738 | H53: 0.007743413 | I53: 0.0067878486 | J53: 0.0065395074 | K53: 0.0062869685 | L53: 0.0060278785 | M53: 0.0057675072 | N53: 0.0055083501 | O53: 0.005250212 | P53: 0.0049903429 | Q53: 0.0047301502 | R53: 0.0044669926 | S53: 0.0042001197 | T53: 0.0039300566 | U53: 0.0036573709 | V53: 0.0033826996 | W53: 0.003105996 | X53: 0.0028302644 | Y53: 0.0025586903 | Z53: 0.0022857999 | AA53: 0.0020133509 | AB53: 0.0017399721 | AC53: 0.0014651728 | AD53: 0.0011892424 | AE53: 0.00091309714 | AF53: 0.0006369423 | AG53: 0.00036055156 | AH53: 8.3895843e-05
B54: Carbon tax | C54: 0.071097857 | D54: 0.082105115 | E54: 0.076764617 | F54: 0.071584255 | G54: 0.069595154 | H54: 0.067308733 | I54: 0.062364647 | J54: 1.8584627 | K54: 1.7913651 | L54: 1.725448 | M54: 1.6550229 | N54: 1.5661097 | O54: 1.4959207 | P54: 1.4081012 | Q54: 1.3331812 | R54: 1.2606689 | S54: 1.175028 | T54: 1.1011625 | U54: 1.0385619 | V54: 0.98763299 | W54: 0.93677331 | X54: 0.87514239 | Y54: 0.81561498 | Z54: 0.76717799 | AA54: 0.72372429 | AB54: 0.68044831 | AC54: 0.64346998 | AD54: 0.61206511 | AE54: 0.58295985 | AF54: 0.5658921 | AG54: 0.55664979 | AH54: 0.54995571
B55: Road tax | C55: 0 | D55: 0 | E55: 0 | F55: 0 | G55: 0 | H55: 0 | I55: 0 | J55: 0 | K55: 0 | L55: 0 | M55: 0 | N55: 0 | O55: 0 | P55: 0 | Q55: 0 | R55: 0 | S55: 0 | T55: 0 | U55: 0 | V55: 0 | W55: 0 | X55: 0 | Y55: 0 | Z55: 0 | AA55: 0 | AB55: 0 | AC55: 0 | AD55: 0 | AE55: 0 | AF55: 0 | AG55: 0 | AH55: 0
B56: Non net zero related receipts | C56: 34.195387 | D56: 34.877662 | E56: 33.443672 | F56: 34.441646 | G56: 35.510546 | H56: 36.002243 | I56: 36.162332 | J56: 36.162332 | K56: 36.162332 | L56: 36.162332 | M56: 36.162332 | N56: 36.162332 | O56: 36.162332 | P56: 36.162332 | Q56: 36.162332 | R56: 36.162332 | S56: 36.162332 | T56: 36.162332 | U56: 36.162332 | V56: 36.162332 | W56: 36.162332 | X56: 36.162332 | Y56: 36.162332 | Z56: 36.162332 | AA56: 36.162332 | AB56: 36.162332 | AC56: 36.162332 | AD56: 36.162332 | AE56: 36.162332 | AF56: 36.162332 | AG56: 36.162332 | AH56: 36.162332
B57: Primary spending | C57: 37.338635 | D57: 52.360695 | E57: 44.559253 | F57: 39.961448 | G57: 40.037301 | H57: 39.974861 | I57: 39.991701 | J57: 40.249013 | K57: 40.194159 | L57: 40.093979 | M57: 39.966419 | N57: 39.86562 | O57: 39.693032 | P57: 39.586387 | Q57: 39.477811 | R57: 39.38211 | S57: 39.286463 | T57: 39.111526 | U57: 38.938417 | V57: 38.759141 | W57: 38.60173 | X57: 38.430342 | Y57: 38.403375 | Z57: 38.382352 | AA57: 38.371517 | AB57: 38.356963 | AC57: 38.345021 | AD57: 38.333925 | AE57: 38.318243 | AF57: 38.312733 | AG57: 38.270251 | AH57: 38.265208
B58: of which:
B59: Net zero spending | C59: 0 | D59: 0 | E59: 0 | F59: 0 | G59: 0 | H59: 0 | I59: 0 | J59: 0.3884 | K59: 0.44989609 | L59: 0.48125196 | M59: 0.48458601 | N59: 0.50620665 | O59: 0.44626279 | P59: 0.45428866 | Q59: 0.4560028 | R59: 0.47721222 | S59: 0.5100992 | T59: 0.4738738 | U59: 0.44612311 | V59: 0.42105587 | W59: 0.43025692 | X59: 0.42056617 | Y59: 0.39154284 | Z59: 0.37075981 | AA59: 0.34841213 | AB59: 0.32190303 | AC59: 0.30554376 | AD59: 0.2993918 | AE59: 0.28831457 | AF59: 0.28296541 | AG59: 0.23834563 | AH59: 0.22988443
B60: Non net zero spending | C60: 37.338635 | D60: 52.360695 | E60: 44.559253 | F60: 39.961448 | G60: 40.037301 | H60: 39.974861 | I60: 39.991701 | J60: 39.860613 | K60: 39.744263 | L60: 39.612727 | M60: 39.481833 | N60: 39.359413 | O60: 39.246769 | P60: 39.132098 | Q60: 39.021809 | R60: 38.904898 | S60: 38.776363 | T60: 38.637652 | U60: 38.492294 | V60: 38.338085 | W60: 38.171473 | X60: 38.009775 | Y60: 38.011832 | Z60: 38.011592 | AA60: 38.023105 | AB60: 38.03506 | AC60: 38.039477 | AD60: 38.034533 | AE60: 38.029928 | AF60: 38.029767 | AG60: 38.031905 | AH60: 38.035323
B61: Primary deficit | C61: 1.3307543 | D61: 15.979648 | E61: 9.5016804 | F61: 3.8134144 | G61: 2.8072959 | H61: 2.2812076 | I61: 2.1966659 | J61: 0.70459864 | K61: 0.78100429 | L61: 0.83366431 | M61: 0.8700277 | N61: 0.97629616 | O61: 0.98255797 | P61: 1.0697627 | Q61: 1.1381949 | R61: 1.2075485 | S61: 1.2897766 | T61: 1.2666736 | U61: 1.2262884 | V61: 1.1599881 | W61: 1.1063451 | X61: 1.0456366 | Y61: 1.1184286 | Z61: 1.1813513 | AA61: 1.2416019 | AB61: 1.2947777 | AC61: 1.3399057 | AD61: 1.3787152 | AE61: 1.408082 | AF61: 1.4343466 | AG61: 1.4141995 | AH61: 1.4257348
B62: Net interest spending | C62: 1.2355687 | D62: 0.93433782 | E62: 0.88156456 | F62: 0.82037086 | G62: 0.88620508 | H62: 0.94354362 | I62: 0.96174173 | J62: 1.1260996 | K62: 1.2883432 | L62: 1.4486078 | M62: 1.6087317 | N62: 1.7706577 | O62: 1.9371839 | P62: 2.1069525 | Q62: 2.2832782 | R62: 2.4653277 | S62: 2.6537725 | T62: 2.8502149 | U62: 3.0482122 | V62: 3.2512568 | W62: 3.4586236 | X62: 3.6747586 | Y62: 3.7580513 | Z62: 3.8408863 | AA62: 3.9264321 | AB62: 4.0128807 | AC62: 4.0985829 | AD62: 4.1829093 | AE62: 4.2678981 | AF62: 4.3549001 | AG62: 4.4430158 | AH62: 4.5305945
B63: Public sector net borrowing | C63: 2.566323 | D63: 16.913985 | E63: 10.383245 | F63: 4.6337853 | G63: 3.693501 | H63: 3.2247512 | I63: 3.1584077 | J63: 1.8306982 | K63: 2.0693475 | L63: 2.2822721 | M63: 2.4787594 | N63: 2.7469539 | O63: 2.9197418 | P63: 3.1767153 | Q63: 3.4214732 | R63: 3.6728762 | S63: 3.9435491 | T63: 4.1168886 | U63: 4.2745006 | V63: 4.4112449 | W63: 4.5649687 | X63: 4.7203952 | Y63: 4.8764798 | Z63: 5.0222376 | AA63: 5.168034 | AB63: 5.3076584 | AC63: 5.4384887 | AD63: 5.5616245 | AE63: 5.6759802 | AF63: 5.7892467 | AG63: 5.8572153 | AH63: 5.9563293
B64: Public sector net debt | C64: 84.385651 | D64: 100.18536 | E64: 107.57106 | F64: 109.71813 | G64: 111.02748 | H64: 108.00504 | I64: 106.10526 | J64: 104.67171 | K64: 103.50008 | L64: 102.50871 | M64: 101.77033 | N64: 101.39547 | O64: 101.28044 | P64: 101.44643 | Q64: 101.87895 | R64: 102.53156 | S64: 103.40064 | T64: 104.22698 | U64: 105.12718 | V64: 106.08805 | W64: 107.12391 | X64: 108.3257 | Y64: 109.81879 | Z64: 111.39793 | AA64: 113.14413 | AB64: 114.98252 | AC64: 116.85391 | AD64: 118.73877 | AE64: 120.69449 | AF64: 122.73943 | AG64: 124.79955 | AH64: 126.89675

Sheet 1.6
A1: Back to contents
B2: Table 1.6: High public spending share variant
B4: £ billion, unless otherwise stated | C4: 2019-20 | D4: 2020-21 | E4: 2021-22 | F4: 2022-23 | G4: 2023-24 | H4: 2024-25 | I4: 2025-26 | J4: 2026-27 | K4: 2027-28 | L4: 2028-29 | M4: 2029-30 | N4: 2030-31 | O4: 2031-32 | P4: 2032-33 | Q4: 2033-34 | R4: 2034-35 | S4: 2035-36 | T4: 2036-37 | U4: 2037-38 | V4: 2038-39 | W4: 2039-40 | X4: 2040-41 | Y4: 2041-42 | Z4: 2042-43 | AA4: 2043-44 | AB4: 2044-45 | AC4: 2045-46 | AD4: 2046-47 | AE4: 2047-48 | AF4: 2048-49 | AG4: 2049-50 | AH4: 2050-51
B5: Nominal GDP | C5: 2220.063 | D5: 2101.287 | E5: 2263.2272 | F5: 2366.7538 | G5: 2443.8619 | H5: 2532.2696 | I5: 2628.5011 | J5: 2730.7422 | K5: 2837.6563 | L5: 2950.869 | M5: 3067.8857 | N5: 3187.1911 | O5: 3308.5676 | P5: 3433.7061 | Q5: 3562.4279 | R5: 3696.4017 | S5: 3836.4069 | T5: 3988.9659 | U5: 4149.6258 | V5: 4318.4061 | W5: 4495.7201 | X5: 4677.9078 | Y5: 4859.0626 | Z5: 5047.3419 | AA5: 5239.0111 | AB5: 5437.0948 | AC5: 5644.1498 | AD5: 5861.1183 | AE5: 6085.0041 | AF5: 6314.8647 | AG5: 6552.258 | AH5: 6797.8881
B6: Nominal GDP (Percentage change on a year earlier) | C6: 2.6511924 | D6: -5.3501174 | E6: 7.7067115 | F6: 4.5742939 | G6: 3.2579676 | H6: 3.6175393 | I6: 3.800208 | J6: 3.8897123 | K6: 3.915202 | L6: 3.9896583 | M6: 3.965498 | N6: 3.8888492 | O6: 3.8082575 | P6: 3.7822551 | Q6: 3.7487734 | R6: 3.7607433 | S6: 3.7876069 | T6: 3.9766129 | U6: 4.0276082 | V6: 4.0673607 | W6: 4.1060055 | X6: 4.0524696 | Y6: 3.8725615 | Z6: 3.8748062 | AA6: 3.7974283 | AB6: 3.7809379 | AC6: 3.808191 | AD6: 3.844131 | AE6: 3.8198488 | AF6: 3.7774922 | AG6: 3.7592773 | AH6: 3.7487859
B7: Real GDP | C7: 2206.0188 | D7: 1950.265 | E7: 2135.0078 | F7: 2235.7996 | G7: 2262.8125 | H7: 2296.7271 | I7: 2334.0816 | J7: 2370.2857 | K7: 2407.7098 | L7: 2447.4772 | M7: 2487.3234 | N7: 2525.9547 | O7: 2563.1961 | P7: 2600.335 | Q7: 2637.161 | R7: 2674.817 | S7: 2713.7132 | T7: 2758.1887 | U7: 2804.7681 | V7: 2853.224 | W7: 2903.5948 | X7: 2953.3354 | Y7: 2998.7342 | Z7: 3044.8968 | AA7: 3089.4668 | AB7: 3134.1912 | AC7: 3180.398 | AD7: 3228.4034 | AE7: 3276.3671 | AF7: 3323.6868 | AG7: 3371.0982 | AH7: 3418.8401
B8: Real GDP (Percentage change on a year earlier) | C8: 0.44000534 | D8: -11.593456 | E8: 9.4727026 | F8: 4.7209107 | G8: 1.2081969 | H8: 1.4987848 | I8: 1.6264202 | J8: 1.551106 | K8: 1.5788876 | L8: 1.6516698 | M8: 1.6280528 | N8: 1.5531272 | O8: 1.4743475 | P8: 1.4489297 | Q8: 1.4162008 | R8: 1.4279015 | S8: 1.4541612 | T8: 1.6389177 | U8: 1.6887666 | V8: 1.7276253 | W8: 1.7654013 | X8: 1.713069 | Y8: 1.5372057 | Z8: 1.5394 | AA8: 1.4637618 | AB8: 1.4476422 | AC8: 1.4742825 | AD8: 1.5094144 | AE8: 1.4856782 | AF8: 1.4442739 | AG8: 1.4264686 | AH8: 1.416213
B9: Primary receipts | C9: 800.843 | D9: 762.78931 | E9: 793.30351 | F9: 855.56568 | G9: 909.73993 | H9: 954.33428 | I9: 993.2776 | J9: 1079.3514 | K9: 1117.8136 | L9: 1157.8391 | M9: 1198.6729 | N9: 1238.6587 | O9: 1279.8854 | P9: 1321.6283 | Q9: 1364.8635 | R9: 1410.0948 | S9: 1456.7042 | T9: 1508.599 | U9: 1563.8765 | V9: 1622.6283 | W9: 1684.6146 | X9: 1747.7488 | Y9: 1810.6268 | Z9: 1876.5851 | AA9: 1944.1541 | AB9: 2014.0147 | AC9: 2087.5214 | AD9: 2164.8713 | AE9: 2244.8519 | AF9: 2327.6542 | AG9: 2413.6899 | AH9: 2503.034
B10: of which:
B11: Fuel duty | C11: 27.572 | D11: 21.53798 | E11: 25.741264 | F11: 28.690303 | G11: 29.312457 | H11: 29.324392 | I11: 29.404397 | J11: 29.466943 | K11: 29.110656 | L11: 28.146641 | M11: 26.952919 | N11: 25.374489 | O11: 23.733404 | P11: 22.042485 | Q11: 20.281179 | R11: 18.419344 | S11: 16.488888 | T11: 14.690465 | U11: 13.00753 | V11: 11.456594 | W11: 10.024355 | X11: 8.7037562 | Y11: 7.5226628 | Z11: 6.4571278 | AA11: 5.5384108 | AB11: 4.7731046 | AC11: 4.0519843 | AD11: 3.3659406 | AE11: 2.7370113 | AF11: 2.1435173 | AG11: 1.5715927 | AH11: 1.1343948
B12: VED | C12: 6.771 | D12: 6.938 | E12: 6.9436784 | F12: 6.9580918 | G12: 7.0084572 | H12: 7.0182793 | I12: 6.9947822 | J12: 7.0574367 | K12: 7.0159421 | L12: 6.8628717 | M12: 6.5908985 | N12: 6.1756802 | O12: 5.678157 | P12: 5.1788748 | Q12: 4.6791879 | R12: 4.1908502 | S12: 3.5551394 | T12: 3.090992 | U12: 2.6574991 | V12: 2.2576002 | W12: 1.8964474 | X12: 1.5770299 | Y12: 1.3009469 | Z12: 1.0669301 | AA12: 0.87233746 | AB12: 0.71352469 | AC12: 0.5862047 | AD12: 0.4755437 | AE12: 0.38277606 | AF12: 0.30367455 | AG12: 0.23466392 | AH12: 0.17288305
B13: APD | C13: 3.655 | D13: 0.60476139 | E13: 1.3482154 | F13: 2.0220758 | G13: 3.0955134 | H13: 3.8931504 | I13: 3.9716806 | J13: 4.1322016 | K13: 4.2984678 | L13: 4.4708043 | M13: 4.6486879 | N13: 4.3909919 | O13: 4.3376288 | P13: 4.2059603 | Q13: 4.0580569 | R13: 4.133644 | S13: 4.238982 | T13: 4.423284 | U13: 4.5945604 | V13: 4.7633658 | W13: 5.011444 | X13: 5.121703 | Y13: 5.2963754 | Z13: 5.4286256 | AA13: 5.6608055 | AB13: 5.7881927 | AC13: 6.0081491 | AD13: 6.2091044 | AE13: 6.424824 | AF13: 6.6121949 | AG13: 6.820632 | AH13: 7.0541316
B14: Landfill | C14: 0.732 | D14: 0.71876983 | E14: 0.71684729 | F14: 0.66708104 | G14: 0.56327001 | H14: 0.52985147 | I14: 0.5218915 | J14: 0.5218188 | K14: 0.52077263 | L14: 0.51869941 | M14: 0.51544463 | N14: 0.51089887 | O14: 0.5049744 | P14: 0.49761318 | Q14: 0.48883508 | R14: 0.47849674 | S14: 0.46646226 | T14: 0.45335454 | U14: 0.43843887 | V14: 0.42157434 | W14: 0.40257736 | X14: 0.3813192 | Y14: 0.35770693 | Z14: 0.33159451 | AA14: 0.30284419 | AB14: 0.27133377 | AC14: 0.23693583 | AD14: 0.19950279 | AE14: 0.15886622 | AF14: 0.11488707 | AG14: 0.067409063 | AH14: 0.016256476
B15: Plastics | C15: 0 | D15: 0 | E15: 0 | F15: 0.28162974 | G15: 0.21973291 | H15: 0.19529414 | I15: 0.17752784 | J15: 0.17750312 | K15: 0.17714725 | L15: 0.17644202 | M15: 0.17533486 | N15: 0.17378857 | O15: 0.17177328 | P15: 0.16926928 | Q15: 0.1662833 | R15: 0.16276658 | S15: 0.1586729 | T15: 0.15421415 | U15: 0.1491404 | V15: 0.14340372 | W15: 0.13694167 | X15: 0.12971044 | Y15: 0.12167843 | Z15: 0.11279597 | AA15: 0.1030162 | AB15: 0.092297538 | AC15: 0.08059665 | AD15: 0.067863341 | AE15: 0.054040309 | AF15: 0.039080258 | AG15: 0.022930026 | AH15: 0.0055298414
B16: Carbon tax | C16: 1.5812711 | D16: 1.7214706 | E16: 1.7354169 | F16: 1.6910443 | G16: 1.6957065 | H16: 1.697572 | I16: 1.6310708 | J16: 50.444614 | K16: 50.475107 | L16: 50.505586 | M16: 50.313454 | N16: 49.410795 | O16: 48.942635 | P16: 47.761903 | Q16: 46.866539 | R16: 45.935775 | S16: 44.390426 | T16: 43.209261 | U16: 42.350515 | V16: 41.869 | W16: 41.301824 | X16: 40.107597 | Y16: 38.786544 | Z16: 37.857464 | AA16: 37.030467 | AB16: 36.094661 | AC16: 35.396184 | AD16: 34.927097 | AE16: 34.50162 | AF16: 34.720899 | AG16: 35.401301 | AH16: 36.249327
B17: Road tax | C17: 0 | D17: 0 | E17: 0 | F17: 0 | G17: 0 | H17: 0 | I17: 0 | J17: 0 | K17: 0 | L17: 0 | M17: 0 | N17: 0 | O17: 0 | P17: 0 | Q17: 0 | R17: 0 | S17: 0 | T17: 0 | U17: 0 | V17: 0 | W17: 0 | X17: 0 | Y17: 0 | Z17: 0 | AA17: 0 | AB17: 0 | AC17: 0 | AD17: 0 | AE17: 0 | AF17: 0 | AG17: 0 | AH17: 0
B18: Non net zero related receipts | C18: 760.53173 | D18: 731.26833 | E18: 756.81809 | F18: 815.25546 | G18: 867.84479 | H18: 911.67575 | I18: 950.57625 | J18: 987.55093 | K18: 1026.2155 | L18: 1067.158 | M18: 1109.4762 | N18: 1152.622 | O18: 1196.5168 | P18: 1241.7722 | Q18: 1288.3234 | R18: 1336.7739 | S18: 1387.4057 | T18: 1442.5774 | U18: 1500.6788 | V18: 1561.7168 | W18: 1625.841 | X18: 1691.7277 | Y18: 1757.2409 | Z18: 1825.3306 | AA18: 1894.6462 | AB18: 1966.2816 | AC18: 2041.1613 | AD18: 2119.6262 | AE18: 2200.5928 | AF18: 2283.72 | AG18: 2369.5713 | AH18: 2458.4015
B19: Primary spending | C19: 830.44 | D19: 1097.8293 | E19: 1007.8547 | F19: 944.96108 | G19: 976.99075 | H19: 1010.2213 | I19: 1048.5668 | J19: 1102.655 | K19: 1145.1525 | L19: 1187.9702 | M19: 1230.1684 | N19: 1274.1188 | O19: 1315.3114 | P19: 1361.2737 | Q19: 1407.8796 | R19: 1456.8576 | S19: 1507.6358 | T19: 1557.9885 | U19: 1612.3662 | V19: 1669.3407 | W19: 1730.4881 | X19: 1791.2594 | Y19: 1857.5006 | Z19: 1927.3178 | AA19: 1998.0107 | AB19: 2070.6509 | AC19: 2147.221 | AD19: 2228.0138 | AE19: 2310.6155 | AF19: 2396.6002 | AG19: 2480.7262 | AH19: 2571.8427
B20: of which:
B21: Net zero spending | C21: 0 | D21: 0 | E21: 0 | F21: 0 | G21: 0 | H21: 0 | I21: 0 | J21: 17.442652 | K21: 21.333447 | L21: 23.78524 | M21: 24.438977 | N21: 26.035199 | O21: 24.095104 | P21: 25.852154 | Q21: 27.04771 | R21: 29.155017 | S21: 31.528496 | T21: 29.464303 | U21: 29.082917 | V21: 29.102059 | W21: 31.164921 | X21: 31.438427 | Y21: 30.401777 | Z21: 30.437695 | AA21: 29.558721 | AB21: 28.229047 | AC21: 27.893515 | AD21: 28.636488 | AE21: 28.675652 | AF21: 29.699535 | AG21: 26.006476 | AH21: 26.20206
B22: Non net zero spending | C22: 830.44 | D22: 1097.8293 | E22: 1007.8547 | F22: 944.96108 | G22: 976.99075 | H22: 1010.2213 | I22: 1048.5668 | J22: 1085.2124 | K22: 1123.8191 | L22: 1164.185 | M22: 1205.7294 | N22: 1248.0836 | O22: 1291.2163 | P22: 1335.4216 | Q22: 1380.8319 | R22: 1427.7026 | S22: 1476.1073 | T22: 1528.5242 | U22: 1583.2832 | V22: 1640.2386 | W22: 1699.3232 | X22: 1759.821 | Y22: 1827.0988 | Z22: 1896.8801 | AA22: 1968.452 | AB22: 2042.4218 | AC22: 2119.3275 | AD22: 2199.3773 | AE22: 2281.9399 | AF22: 2366.9007 | AG22: 2454.7197 | AH22: 2545.6406
B23: Primary deficit | C23: 29.597 | D23: 335.03995 | E23: 214.55117 | F23: 89.395397 | G23: 67.250819 | H23: 55.887059 | I23: 55.289176 | J23: 23.303564 | K23: 27.338913 | L23: 30.131125 | M23: 31.4955 | N23: 35.460124 | O23: 35.426009 | P23: 39.645485 | Q23: 43.016125 | R23: 46.762854 | S23: 50.931555 | T23: 49.389511 | U23: 48.489705 | V23: 46.712332 | W23: 45.87355 | X23: 43.510639 | Y23: 46.873797 | Z23: 50.732708 | AA23: 53.85664 | AB23: 56.636178 | AC23: 59.699623 | AD23: 63.142522 | AE23: 65.763617 | AF23: 68.946016 | AG23: 67.036308 | AH23: 68.808665
B24: Net interest spending | C24: 27.48 | D24: 19.58995 | E24: 19.929521 | F24: 19.377769 | G24: 21.584905 | H24: 23.778655 | I24: 25.119043 | J24: 30.501491 | K24: 36.279682 | L24: 42.454989 | M24: 49.060322 | N24: 56.130414 | O24: 63.771434 | P24: 71.975807 | Q24: 80.911817 | R24: 90.622306 | S24: 101.20429 | T24: 112.95405 | U24: 125.51752 | V24: 139.12469 | W24: 153.83085 | X24: 169.78992 | Y24: 180.0183 | Z24: 190.69448 | AA24: 201.86743 | AB24: 213.55091 | AC24: 225.76496 | AD24: 238.54025 | AE24: 251.89691 | AF24: 265.87415 | AG24: 280.52595 | AH24: 295.70886
B25: Public sector net borrowing | C25: 57.077 | D25: 354.6299 | E25: 234.48069 | F25: 108.77317 | G25: 88.835724 | H25: 79.665714 | I25: 80.408219 | J25: 53.805055 | K25: 63.618596 | L25: 72.586114 | M25: 80.555822 | N25: 91.590537 | O25: 99.197443 | P25: 111.62129 | Q25: 123.92794 | R25: 137.38516 | S25: 152.13584 | T25: 162.34356 | U25: 174.00723 | V25: 185.83702 | W25: 199.7044 | X25: 213.30056 | Y25: 226.89209 | Z25: 241.42719 | AA25: 255.72407 | AB25: 270.18709 | AC25: 285.46458 | AD25: 301.68277 | AE25: 317.66053 | AF25: 334.82017 | AG25: 347.56225 | AH25: 364.51753
B26: Public sector net debt | C26: 1798.2 | D26: 2197.9306 | E26: 2503.4391 | F26: 2633.0353 | G26: 2753.0703 | H26: 2772.2371 | I26: 2822.1094 | J26: 2893.6652 | K26: 2975.7295 | L26: 3067.4973 | M26: 3167.9954 | N26: 3280.3037 | O26: 3401.008 | P26: 3534.9495 | Q26: 3682.0344 | R26: 3843.4474 | S26: 4020.5212 | T26: 4208.7944 | U26: 4409.7756 | V26: 4623.6837 | W26: 4852.6118 | X26: 5096.3203 | Y26: 5354.7979 | Z26: 5629.0345 | AA26: 5918.8139 | AB26: 6224.3439 | AC26: 6546.4974 | AD26: 6886.2794 | AE26: 7243.4945 | AF26: 7619.3634 | AG26: 8009.5175 | AH26: 8418.2236
B27: £ billion, 2019 prices | C27: 2019-20 | D27: 2020-21 | E27: 2021-22 | F27: 2022-23 | G27: 2023-24 | H27: 2024-25 | I27: 2025-26 | J27: 2026-27 | K27: 2027-28 | L27: 2028-29 | M27: 2029-30 | N27: 2030-31 | O27: 2031-32 | P27: 2032-33 | Q27: 2033-34 | R27: 2034-35 | S27: 2035-36 | T27: 2036-37 | U27: 2037-38 | V27: 2038-39 | W27: 2039-40 | X27: 2040-41 | Y27: 2041-42 | Z27: 2042-43 | AA27: 2043-44 | AB27: 2044-45 | AC27: 2045-46 | AD27: 2046-47 | AE27: 2047-48 | AF27: 2048-49 | AG27: 2049-50 | AH27: 2050-51
B28: Primary receipts | C28: 795.77684 | D28: 707.96672 | E28: 748.36022 | F28: 808.22661 | G28: 842.34336 | H28: 865.56562 | I28: 882.02017 | J28: 936.87763 | K28: 948.44851 | L28: 960.32211 | M28: 971.83778 | N28: 981.67809 | O28: 991.5461 | P28: 1000.865 | Q28: 1010.3684 | R28: 1020.383 | S28: 1030.4114 | T28: 1043.1277 | U28: 1057.0377 | V28: 1072.0905 | W28: 1088.0211 | X28: 1103.4182 | Y28: 1117.4148 | Z28: 1132.0826 | AA28: 1146.4758 | AB28: 1160.9706 | AC28: 1176.2886 | AD28: 1192.4479 | AE28: 1208.7024 | AF28: 1225.1084 | AG28: 1241.8292 | AH28: 1258.8429
B29: of which:
B30: Fuel duty | C30: 27.397579 | D30: 19.990019 | E30: 24.282936 | F30: 27.102847 | G30: 27.140892 | H30: 26.596745 | I30: 26.110798 | J30: 25.577322 | K30: 24.699966 | L30: 23.345076 | M30: 21.852388 | N30: 20.110124 | O30: 18.386618 | P30: 16.692706 | Q30: 15.013562 | R30: 13.328739 | S30: 11.663548 | T30: 10.157789 | U30: 8.7919023 | V30: 7.5695125 | W30: 6.4743052 | X30: 5.4950018 | Y30: 4.6425552 | Z30: 3.8953746 | AA30: 3.2660241 | AB30: 2.7514368 | AC30: 2.2832355 | AD30: 1.8540172 | AE30: 1.4736973 | AF30: 1.1281921 | AG30: 0.80857518 | AH30: 0.57051755
B31: VED | C31: 6.7281664 | D31: 6.4393576 | E31: 6.5502958 | F31: 6.5730955 | G31: 6.4892473 | H31: 6.3654648 | I31: 6.2112938 | J31: 6.1258588 | K31: 5.9529242 | L31: 5.6921273 | M31: 5.3436464 | N31: 4.8944315 | O31: 4.398952 | P31: 3.9219459 | Q31: 3.4638657 | R31: 3.0326135 | S31: 2.5147564 | T31: 2.1372805 | U31: 1.7962267 | V31: 1.4916242 | W31: 1.2248349 | X31: 0.99563705 | Y31: 0.80286968 | Z31: 0.64364415 | AA31: 0.51442106 | AB31: 0.41130841 | AC31: 0.33031801 | AD31: 0.26193754 | AE31: 0.20609927 | AF31: 0.15983226 | AG31: 0.12073321 | AH31: 0.086947522
B32: APD | C32: 3.6318783 | D32: 0.56129646 | E32: 1.2718345 | F32: 1.9101928 | G32: 2.8661874 | H32: 3.5310238 | I32: 3.526811 | J32: 3.5867532 | K32: 3.647187 | L32: 3.7081251 | M32: 3.768977 | N32: 3.4800068 | O32: 3.360425 | P32: 3.1851608 | Q32: 3.0040606 | R32: 2.9912175 | S32: 2.998478 | T32: 3.0585 | U32: 3.1055032 | V32: 3.1472143 | W32: 3.236679 | X32: 3.2335197 | Y32: 3.2686186 | Z32: 3.2749128 | AA32: 3.3382007 | AB32: 3.3365801 | AC32: 3.3855065 | AD32: 3.4200801 | AE32: 3.4593373 | AF32: 3.4801799 | AG32: 3.509175 | AH32: 3.5477118
B33: Landfill | C33: 0.72736934 | D33: 0.66711097 | E33: 0.6762355 | F33: 0.63017096 | G33: 0.52154109 | H33: 0.48056663 | I33: 0.46343422 | J33: 0.45293899 | K33: 0.44186796 | L33: 0.43021394 | M33: 0.41790263 | N33: 0.40490431 | O33: 0.39121111 | P33: 0.37684093 | Q33: 0.36187028 | R33: 0.34625328 | S33: 0.32995582 | T33: 0.31347407 | U33: 0.29634464 | V33: 0.27853935 | W33: 0.26000764 | X33: 0.24074085 | Y33: 0.22075616 | Z33: 0.20004015 | AA33: 0.17858849 | AB33: 0.15640925 | AC33: 0.13350996 | AD33: 0.10988952 | AE33: 0.085538818 | AF33: 0.060468224 | AG33: 0.034681566 | AH33: 0.0081758177
B34: Plastics | C34: 0 | D34: 0 | E34: 0 | F34: 0.26604696 | G34: 0.20345436 | H34: 0.17712859 | I34: 0.15764288 | J34: 0.1540728 | K34: 0.15030685 | L34: 0.14634259 | M34: 0.14215475 | N34: 0.13773321 | O34: 0.1330753 | P34: 0.1281871 | Q34: 0.12309465 | R34: 0.11778234 | S34: 0.11223855 | T34: 0.10663208 | U34: 0.10080529 | V34: 0.094748603 | W34: 0.088444812 | X34: 0.081890977 | Y34: 0.075092938 | Z34: 0.068046131 | AA34: 0.060749082 | AB34: 0.053204541 | AC34: 0.045415065 | AD34: 0.03738028 | AE34: 0.029097087 | AF34: 0.020569014 | AG34: 0.011797364 | AH34: 0.0027811055
B35: Carbon tax | C35: 1.5712679 | D35: 1.5977464 | E35: 1.6370998 | F35: 1.5974776 | G35: 1.5700829 | H35: 1.5396701 | I35: 1.4483739 | J35: 43.785952 | K35: 42.82739 | L35: 41.889786 | M35: 40.792209 | N35: 39.159695 | O35: 37.916581 | P35: 36.169942 | Q35: 34.693925 | R35: 33.240379 | S35: 31.399924 | T35: 29.877241 | U35: 28.62508 | V35: 27.663363 | W35: 26.675095 | X35: 25.321403 | Y35: 23.936827 | Z35: 22.838174 | AA35: 21.837022 | AB35: 20.806621 | AC35: 19.945246 | AD35: 19.238438 | AE35: 18.576811 | AF35: 18.274564 | AG35: 18.213761 | AH35: 18.230758
B36: Road tax | C36: 0 | D36: 0 | E36: 0 | F36: 0 | G36: 0 | H36: 0 | I36: 0 | J36: 0 | K36: 0 | L36: 0 | M36: 0 | N36: 0 | O36: 0 | P36: 0 | Q36: 0 | R36: 0 | S36: 0 | T36: 0 | U36: 0 | V36: 0 | W36: 0 | X36: 0 | Y36: 0 | Z36: 0 | AA36: 0 | AB36: 0 | AC36: 0 | AD36: 0 | AE36: 0 | AF36: 0 | AG36: 0 | AH36: 0
B37: Non net zero related receipts | C37: 755.72058 | D37: 678.71119 | E37: 713.94182 | F37: 770.14678 | G37: 803.55196 | H37: 826.87502 | I37: 844.10182 | J37: 857.19473 | K37: 870.72887 | L37: 885.11044 | M37: 899.5205 | N37: 913.4912 | O37: 926.95923 | P37: 940.39022 | Q37: 953.70804 | R37: 967.32605 | S37: 981.39253 | T37: 997.47674 | U37: 1014.3218 | V37: 1031.8455 | W37: 1050.0617 | X37: 1068.05 | Y37: 1084.4681 | Z37: 1101.1624 | AA37: 1117.2808 | AB37: 1133.455 | AC37: 1150.1654 | AD37: 1167.5261 | AE37: 1184.8718 | AF37: 1201.9846 | AG37: 1219.1305 | AH37: 1236.396
B38: Primary spending | C38: 825.18661 | D38: 1018.9269 | E38: 950.75636 | F38: 892.67569 | G38: 904.61202 | H38: 916.25427 | I38: 931.11638 | J38: 957.10513 | K38: 971.64518 | L38: 985.31313 | M38: 997.37312 | N38: 1009.7814 | O38: 1018.9911 | P38: 1030.8884 | Q38: 1042.212 | R38: 1054.2219 | S38: 1066.4383 | T38: 1077.2783 | U38: 1089.8123 | V38: 1102.9539 | W38: 1117.6488 | X38: 1130.888 | Y38: 1146.3426 | Z38: 1162.688 | AA38: 1178.2353 | AB38: 1193.6183 | AC38: 1209.9285 | AD38: 1227.2278 | AE38: 1244.1117 | AF38: 1261.3966 | AG38: 1276.319 | AH38: 1293.4486
B39: of which:
B40: Net zero spending | C40: 0 | D40: 0 | E40: 0 | F40: 0 | G40: 0 | H40: 0 | I40: 0 | J40: 15.140232 | K40: 18.101118 | L40: 19.727691 | M40: 19.814181 | N40: 20.633759 | O40: 18.666832 | P40: 19.577757 | Q40: 20.022627 | R40: 21.097365 | S40: 22.301934 | T40: 20.373227 | U40: 19.657396 | V40: 19.228088 | W40: 20.1281 | X40: 19.848237 | Y40: 18.76223 | Z40: 18.362069 | AA40: 17.430902 | AB40: 16.27252 | AC40: 15.717599 | AD40: 15.773464 | AE40: 15.439918 | AF40: 15.631682 | AG40: 13.380179 | AH40: 13.177718
B41: Non net zero spending | C41: 825.18661 | D41: 1018.9269 | E41: 950.75636 | F41: 892.67569 | G41: 904.61202 | H41: 916.25427 | I41: 931.11638 | J41: 941.9649 | K41: 953.54406 | L41: 965.58544 | M41: 977.55894 | N41: 989.14766 | O41: 1000.3243 | P41: 1011.3107 | Q41: 1022.1894 | R41: 1033.1245 | S41: 1044.1363 | T41: 1056.905 | U41: 1070.1549 | V41: 1083.7258 | W41: 1097.5207 | X41: 1111.0398 | Y41: 1127.5804 | Z41: 1144.3259 | AA41: 1160.8044 | AB41: 1177.3458 | AC41: 1194.2109 | AD41: 1211.4544 | AE41: 1228.6718 | AF41: 1245.7649 | AG41: 1262.9389 | AH41: 1280.2709
B42: Primary deficit | C42: 29.409768 | D42: 310.96023 | E42: 202.39613 | F42: 84.449085 | G42: 62.268654 | H42: 50.68865 | I42: 49.096213 | J42: 20.227506 | K42: 23.196668 | L42: 24.991025 | M42: 25.535337 | N42: 28.103325 | O42: 27.445051 | P42: 30.023403 | Q42: 31.843576 | R42: 33.838876 | S42: 36.026844 | T42: 34.150603 | U42: 32.774612 | V42: 30.863412 | W42: 29.627779 | X42: 27.469869 | Y42: 28.927814 | Z42: 30.605388 | AA42: 31.759486 | AB42: 32.647695 | AC42: 33.639888 | AD42: 34.779973 | AE42: 35.409302 | AF42: 36.288183 | AG42: 34.489786 | AH42: 34.605722
B43: Net interest spending | C43: 27.306161 | D43: 18.181997 | E43: 18.800448 | F43: 18.305583 | G43: 19.985824 | H43: 21.566852 | I43: 22.305449 | J43: 26.475311 | K43: 30.78278 | L43: 35.212548 | M43: 39.776218 | N43: 44.485215 | O43: 49.40467 | P43: 54.507056 | Q43: 59.896647 | R43: 65.576771 | S43: 71.587664 | T43: 78.102593 | U43: 84.838382 | V43: 91.92139 | W43: 99.352816 | X43: 107.19463 | Y43: 111.09695 | Z43: 115.03976 | AA43: 119.04207 | AB43: 123.10056 | AC43: 127.21534 | AD43: 131.39202 | AE43: 135.62961 | AF43: 139.93687 | AG43: 144.32895 | AH43: 148.71991
B44: Public sector net borrowing | C44: 56.715929 | D44: 329.14222 | E44: 221.19658 | F44: 102.75467 | G44: 82.254478 | H44: 72.255503 | I44: 71.401662 | J44: 46.702816 | K44: 53.979447 | L44: 60.203573 | M44: 65.311555 | N44: 72.58854 | O44: 76.849722 | P44: 84.53046 | Q44: 91.740223 | R44: 99.415647 | S44: 107.61451 | T44: 112.2532 | U44: 117.61299 | V44: 122.7848 | W44: 128.9806 | X44: 134.6645 | Y44: 140.02476 | Z44: 145.64515 | AA44: 150.80156 | AB44: 155.74825 | AC44: 160.85523 | AD44: 166.17199 | AE44: 171.03892 | AF44: 176.22506 | AG44: 178.81874 | AH44: 183.32563
B45: Public sector net debt | C45: 1786.8245 | D45: 2039.9627 | E45: 2361.6109 | F45: 2487.3475 | G45: 2549.1137 | H45: 2514.3738 | I45: 2506.0038 | J45: 2511.7029 | K45: 2524.863 | L45: 2544.2097 | M45: 2568.4885 | N45: 2599.7496 | O45: 2634.811 | P45: 2677.0064 | Q45: 2725.7022 | R45: 2781.2233 | S45: 2843.948 | T45: 2910.1901 | U45: 2980.6056 | V45: 3054.9246 | W45: 3134.096 | X45: 3217.4946 | Y45: 3304.6736 | Z45: 3395.813 | AA45: 3490.3494 | AB45: 3587.9978 | AC45: 3688.8581 | AD45: 3793.0796 | AE45: 3900.1366 | AF45: 4010.2804 | AG45: 4120.8496 | AH45: 4233.7503
B46: Per cent of GDP | C46: 2019-20 | D46: 2020-21 | E46: 2021-22 | F46: 2022-23 | G46: 2023-24 | H46: 2024-25 | I46: 2025-26 | J46: 2026-27 | K46: 2027-28 | L46: 2028-29 | M46: 2029-30 | N46: 2030-31 | O46: 2031-32 | P46: 2032-33 | Q46: 2033-34 | R46: 2034-35 | S46: 2035-36 | T46: 2036-37 | U46: 2037-38 | V46: 2038-39 | W46: 2039-40 | X46: 2040-41 | Y46: 2041-42 | Z46: 2042-43 | AA46: 2043-44 | AB46: 2044-45 | AC46: 2045-46 | AD46: 2046-47 | AE46: 2047-48 | AF46: 2048-49 | AG46: 2049-50 | AH46: 2050-51
B47: Primary receipts | C47: 36.007881 | D47: 36.381047 | E47: 35.055957 | F47: 36.14461 | G47: 37.224815 | H47: 37.686836 | I47: 37.786799 | J47: 39.523901 | K47: 39.390114 | L47: 39.235202 | M47: 39.069616 | N47: 38.861643 | O47: 38.68198 | P47: 38.487866 | Q47: 38.310758 | R47: 38.145804 | S47: 37.968579 | T47: 37.817351 | U47: 37.685226 | V47: 37.572769 | W47: 37.469588 | X47: 37.359838 | Y47: 37.260963 | Z47: 37.177755 | AA47: 37.107268 | AB47: 37.040202 | AC47: 36.983672 | AD47: 36.934245 | AE47: 36.889642 | AF47: 36.858024 | AG47: 36.83563 | AH47: 36.818863
B48: of which:
B49: Fuel duty | C49: 1.2397053 | D49: 1.0272486 | E49: 1.1375024 | F49: 1.2120633 | G49: 1.1994096 | H49: 1.1580256 | I49: 1.1186178 | J49: 1.0790262 | K49: 1.0258169 | L49: 0.95379329 | M49: 0.87850505 | N49: 0.79609852 | O49: 0.71729474 | P49: 0.64191137 | Q49: 0.56927843 | R49: 0.49827904 | S49: 0.42977816 | T49: 0.36825855 | U49: 0.31344657 | V49: 0.26528315 | W49: 0.22296402 | X49: 0.18605129 | Y49: 0.15480918 | Z49: 0.12792466 | AA49: 0.10570937 | AB49: 0.087783253 | AC49: 0.071787173 | AD49: 0.057425342 | AE49: 0.044977296 | AF49: 0.033942245 | AG49: 0.023984277 | AH49: 0.016686599
B50: VED | C50: 0.3044409 | D50: 0.33090619 | E50: 0.30684005 | F50: 0.29395465 | G50: 0.28677264 | H50: 0.27715314 | I50: 0.26609926 | J50: 0.25843059 | K50: 0.24723152 | L50: 0.23255922 | M50: 0.21482414 | N50: 0.19375562 | O50: 0.17161096 | P50: 0.15081687 | Q50: 0.13134152 | R50: 0.11337064 | S50: 0.092663692 | T50: 0.077484562 | U50: 0.064038598 | V50: 0.052275858 | W50: 0.042181224 | X50: 0.033710555 | Y50: 0.02677224 | Z50: 0.021137367 | AA50: 0.016649946 | AB50: 0.013122595 | AC50: 0.010385524 | AD50: 0.0081131138 | AE50: 0.0062901575 | AF50: 0.0048086368 | AG50: 0.0035812362 | AH50: 0.0025430567
B51: APD | C51: 0.16433784 | D51: 0.028843945 | E51: 0.059577425 | F51: 0.085425516 | G51: 0.12666248 | H51: 0.15374122 | I51: 0.15109281 | J51: 0.15131376 | K51: 0.15147171 | L51: 0.15150025 | M51: 0.15151961 | N51: 0.13776286 | O51: 0.13109617 | P51: 0.12248409 | Q51: 0.11390681 | R51: 0.1118231 | S51: 0.11048785 | T51: 0.11088228 | U51: 0.11071658 | V51: 0.11029811 | W51: 0.1114657 | X51: 0.1094814 | Y51: 0.10899433 | Z51: 0.10754861 | AA51: 0.10804546 | AB51: 0.10645197 | AC51: 0.10644366 | AD51: 0.10593174 | AE51: 0.10557911 | AF51: 0.10470302 | AG51: 0.10409054 | AH51: 0.10376411
B52: Landfill | C52: 0.03291253 | D52: 0.034281549 | E52: 0.031677369 | F52: 0.028181803 | G52: 0.02304793 | H52: 0.020923932 | I52: 0.019854076 | J52: 0.019108062 | K52: 0.018351264 | L52: 0.017576947 | M52: 0.016800433 | N52: 0.016028927 | O52: 0.015261843 | P52: 0.014491268 | Q52: 0.013721257 | R52: 0.012944266 | S52: 0.012158205 | T52: 0.011364629 | U52: 0.0105652 | V52: 0.0097617643 | W52: 0.0089542191 | X52: 0.0081510704 | Y52: 0.0073612655 | Z52: 0.0065693474 | AA52: 0.0057802624 | AB52: 0.0049901612 | AC52: 0.0041976848 | AD52: 0.0034036596 | AE52: 0.002610648 | AF52: 0.001819218 | AG52: 0.0010287383 | AH52: 0.00023912778
B53: Plastics | C53: 0 | D53: 0 | E53: 0 | F53: 0.011897856 | G53: 0.0089910495 | H53: 0.0077122014 | I53: 0.0067536095 | J53: 0.0064998436 | K53: 0.0062424095 | L53: 0.0059790159 | M53: 0.0057148749 | N53: 0.0054524378 | O53: 0.0051915045 | P53: 0.0049293839 | Q53: 0.0046674553 | R53: 0.0044031523 | S53: 0.0041357639 | T53: 0.0038658191 | U53: 0.0035938835 | V53: 0.0033205848 | W53: 0.0030458883 | X53: 0.0027726874 | Y53: 0.0025040255 | Z53: 0.0022346447 | AA53: 0.0019662277 | AB53: 0.001697465 | AC53: 0.0014278944 | AD53: 0.0011577969 | AE53: 0.00088804418 | AF53: 0.00061882949 | AG53: 0.00034993806 | AH53: 8.1342271e-05
B54: Carbon tax | C54: 0.071097857 | D54: 0.082105115 | E54: 0.076687802 | F54: 0.071440611 | G54: 0.069385061 | H54: 0.067037429 | I54: 0.062050069 | J54: 1.8471907 | K54: 1.7786688 | L54: 1.7114614 | M54: 1.6399197 | N54: 1.5502129 | O54: 1.4791934 | P54: 1.3909007 | Q54: 1.3155108 | R54: 1.242652 | S54: 1.1570238 | T54: 1.0831638 | U54: 1.0205338 | V54: 0.9694976 | W54: 0.91864474 | X54: 0.85733907 | Y54: 0.79818988 | Z54: 0.75000891 | AA54: 0.70678528 | AB54: 0.66382513 | AC54: 0.62709817 | AD54: 0.59588113 | AE54: 0.56696498 | AF54: 0.54979975 | AG54: 0.54026379 | AH54: 0.53321648
B55: Road tax | C55: 0 | D55: 0 | E55: 0 | F55: 0 | G55: 0 | H55: 0 | I55: 0 | J55: 0 | K55: 0 | L55: 0 | M55: 0 | N55: 0 | O55: 0 | P55: 0 | Q55: 0 | R55: 0 | S55: 0 | T55: 0 | U55: 0 | V55: 0 | W55: 0 | X55: 0 | Y55: 0 | Z55: 0 | AA55: 0 | AB55: 0 | AC55: 0 | AD55: 0 | AE55: 0 | AF55: 0 | AG55: 0 | AH55: 0
B56: Non net zero related receipts | C56: 34.195387 | D56: 34.877662 | E56: 33.443672 | F56: 34.441646 | G56: 35.510546 | H56: 36.002243 | I56: 36.162332 | J56: 36.162332 | K56: 36.162332 | L56: 36.162332 | M56: 36.162332 | N56: 36.162332 | O56: 36.162332 | P56: 36.162332 | Q56: 36.162332 | R56: 36.162332 | S56: 36.162332 | T56: 36.162332 | U56: 36.162332 | V56: 36.162332 | W56: 36.162332 | X56: 36.162332 | Y56: 36.162332 | Z56: 36.162332 | AA56: 36.162332 | AB56: 36.162332 | AC56: 36.162332 | AD56: 36.162332 | AE56: 36.162332 | AF56: 36.162332 | AG56: 36.162332 | AH56: 36.162332
B57: Primary spending | C57: 37.338635 | D57: 52.360695 | E57: 44.53694 | F57: 39.921248 | G57: 39.976589 | H57: 39.893826 | I57: 39.89014 | J57: 40.377235 | K57: 40.353498 | L57: 40.256243 | M57: 40.096182 | N57: 39.974168 | O57: 39.752661 | P57: 39.642404 | Q57: 39.518191 | R57: 39.41083 | S57: 39.296096 | T57: 39.055441 | U57: 38.853698 | V57: 38.654416 | W57: 38.489918 | X57: 38.28992 | Y57: 38.225581 | Z57: 38.182841 | AA57: 38.135208 | AB57: 38.081811 | AC57: 38.041343 | AD57: 38.011501 | AE57: 37.970335 | AF57: 37.949772 | AG57: 37.85868 | AH57: 37.831017
B58: of which:
B59: Net zero spending | C59: 0 | D59: 0 | E59: 0 | F59: 0 | G59: 0 | H59: 0 | I59: 0 | J59: 0.63871844 | K59: 0.75175941 | L59: 0.80600034 | M59: 0.79656547 | N59: 0.81682761 | O59: 0.72822639 | P59: 0.75285484 | Q59: 0.7592102 | R59: 0.78869986 | S59: 0.82178122 | T59: 0.73860709 | U59: 0.70082026 | V59: 0.67387271 | W59: 0.6931774 | X59: 0.67202709 | Y59: 0.62563941 | Z59: 0.60301299 | AA59: 0.56417515 | AB59: 0.51916683 | AC59: 0.49417678 | AD59: 0.48855886 | AE59: 0.47122687 | AF59: 0.47028727 | AG59: 0.39688815 | AH59: 0.38542427
B60: Non net zero spending | C60: 37.338635 | D60: 52.360695 | E60: 44.53694 | F60: 39.921248 | G60: 39.976589 | H60: 39.893826 | I60: 39.89014 | J60: 39.738517 | K60: 39.601738 | L60: 39.450242 | M60: 39.299616 | N60: 39.15734 | O60: 39.024434 | P60: 38.889549 | Q60: 38.75898 | R60: 38.62213 | S60: 38.474314 | T60: 38.316834 | U60: 38.152878 | V60: 37.980544 | W60: 37.79674 | X60: 37.617893 | Y60: 37.599941 | Z60: 37.579828 | AA60: 37.571033 | AB60: 37.562644 | AC60: 37.547166 | AD60: 37.522942 | AE60: 37.499108 | AF60: 37.479485 | AG60: 37.461792 | AH60: 37.445593
B61: Primary deficit | C61: 1.3307543 | D61: 15.979648 | E61: 9.4809825 | F61: 3.7766378 | G61: 2.7517747 | H61: 2.2069902 | I61: 2.1033405 | J61: 0.85333443 | K61: 0.96338324 | L61: 1.0210407 | M61: 1.0265662 | N61: 1.112525 | O61: 1.0706804 | P61: 1.154538 | Q61: 1.2074324 | R61: 1.2650261 | S61: 1.3275164 | T61: 1.2380895 | U61: 1.1684718 | V61: 1.0816474 | W61: 1.0203301 | X61: 0.93008242 | Y61: 0.96461778 | Z61: 1.0050854 | AA61: 1.0279395 | AB61: 1.0416088 | AC61: 1.0576712 | AD61: 1.0772564 | AE61: 1.0806932 | AF61: 1.0917489 | AG61: 1.0230497 | AH61: 1.0121543
B62: Net interest spending | C62: 1.2355687 | D62: 0.93433782 | E62: 0.88068241 | F62: 0.81864187 | G62: 0.88321298 | H62: 0.93902346 | I62: 0.95559212 | J62: 1.1169095 | K62: 1.2784428 | L62: 1.4386542 | M62: 1.599075 | N62: 1.7610341 | O62: 1.9273642 | P62: 2.0960472 | Q62: 2.2711378 | R62: 2.4515095 | S62: 2.6378608 | T62: 2.8315165 | U62: 3.0246355 | V62: 3.2215015 | W62: 3.4215414 | X62: 3.6294254 | Y62: 3.7046039 | Z62: 3.7779223 | AA62: 3.8529606 | AB62: 3.9274634 | AC62: 3.9997757 | AD62: 4.0696663 | AE62: 4.1394209 | AF62: 4.2100736 | AG62: 4.2811424 | AH62: 4.3497866
B63: Public sector net borrowing | C63: 2.566323 | D63: 16.913985 | E63: 10.361665 | F63: 4.5952797 | G63: 3.6349876 | H63: 3.1460137 | I63: 3.0589326 | J63: 1.970244 | K63: 2.2418261 | L63: 2.4596949 | M63: 2.6256412 | N63: 2.873559 | O63: 2.9980446 | P63: 3.2505852 | Q63: 3.4785702 | R63: 3.7165355 | S63: 3.9653772 | T63: 4.069606 | U63: 4.1931073 | V63: 4.3031489 | W63: 4.4418715 | X63: 4.5595078 | Y63: 4.6692216 | Z63: 4.7830077 | AA63: 4.8809002 | AB63: 4.9690723 | AC63: 5.0574469 | AD63: 5.1469227 | AE63: 5.2201142 | AF63: 5.3018225 | AG63: 5.3041921 | AH63: 5.361941
B64: Public sector net debt | C64: 84.385651 | D64: 100.18536 | E64: 107.45255 | F64: 109.4587 | G64: 110.60786 | H64: 107.42374 | I64: 105.34746 | J64: 103.97429 | K64: 102.89447 | L64: 101.99823 | M64: 101.322 | N64: 100.98673 | O64: 100.86164 | P64: 101.01328 | Q64: 101.41452 | R64: 102.02349 | S64: 102.82911 | T64: 103.52751 | U64: 104.27157 | V64: 105.05652 | W64: 105.90944 | X64: 106.89649 | Y64: 108.13069 | Z64: 109.42828 | AA64: 110.85205 | AB64: 112.32723 | AC64: 113.80696 | AD64: 115.28227 | AE64: 116.80075 | AF64: 118.38945 | AG64: 119.94268 | AH64: 121.50798

Sheet 1.7
A1: Back to contents
B2: Table 1.7: Low public spending share variant
B4: £ billion, unless otherwise stated | C4: 2019-20 | D4: 2020-21 | E4: 2021-22 | F4: 2022-23 | G4: 2023-24 | H4: 2024-25 | I4: 2025-26 | J4: 2026-27 | K4: 2027-28 | L4: 2028-29 | M4: 2029-30 | N4: 2030-31 | O4: 2031-32 | P4: 2032-33 | Q4: 2033-34 | R4: 2034-35 | S4: 2035-36 | T4: 2036-37 | U4: 2037-38 | V4: 2038-39 | W4: 2039-40 | X4: 2040-41 | Y4: 2041-42 | Z4: 2042-43 | AA4: 2043-44 | AB4: 2044-45 | AC4: 2045-46 | AD4: 2046-47 | AE4: 2047-48 | AF4: 2048-49 | AG4: 2049-50 | AH4: 2050-51
B5: Nominal GDP | C5: 2220.063 | D5: 2101.287 | E5: 2263.2272 | F5: 2366.7538 | G5: 2443.8619 | H5: 2532.2696 | I5: 2628.5011 | J5: 2730.7422 | K5: 2837.6563 | L5: 2950.869 | M5: 3067.8857 | N5: 3187.1911 | O5: 3308.5676 | P5: 3433.7061 | Q5: 3562.4279 | R5: 3696.4017 | S5: 3836.4069 | T5: 3988.9659 | U5: 4149.6258 | V5: 4318.4061 | W5: 4495.7201 | X5: 4677.9078 | Y5: 4859.0626 | Z5: 5047.3419 | AA5: 5239.0111 | AB5: 5437.0948 | AC5: 5644.1498 | AD5: 5861.1183 | AE5: 6085.0041 | AF5: 6314.8647 | AG5: 6552.258 | AH5: 6797.8881
B6: Nominal GDP (Percentage change on a year earlier) | C6: 2.6511924 | D6: -5.3501174 | E6: 7.7067115 | F6: 4.5742939 | G6: 3.2579676 | H6: 3.6175393 | I6: 3.800208 | J6: 3.8897123 | K6: 3.915202 | L6: 3.9896583 | M6: 3.965498 | N6: 3.8888492 | O6: 3.8082575 | P6: 3.7822551 | Q6: 3.7487734 | R6: 3.7607433 | S6: 3.7876069 | T6: 3.9766129 | U6: 4.0276082 | V6: 4.0673607 | W6: 4.1060055 | X6: 4.0524696 | Y6: 3.8725615 | Z6: 3.8748062 | AA6: 3.7974283 | AB6: 3.7809379 | AC6: 3.808191 | AD6: 3.844131 | AE6: 3.8198488 | AF6: 3.7774922 | AG6: 3.7592773 | AH6: 3.7487859
B7: Real GDP | C7: 2206.0188 | D7: 1950.265 | E7: 2135.0078 | F7: 2235.7996 | G7: 2262.8125 | H7: 2296.7271 | I7: 2334.0816 | J7: 2370.2857 | K7: 2407.7098 | L7: 2447.4772 | M7: 2487.3234 | N7: 2525.9547 | O7: 2563.1961 | P7: 2600.335 | Q7: 2637.161 | R7: 2674.817 | S7: 2713.7132 | T7: 2758.1887 | U7: 2804.7681 | V7: 2853.224 | W7: 2903.5948 | X7: 2953.3354 | Y7: 2998.7342 | Z7: 3044.8968 | AA7: 3089.4668 | AB7: 3134.1912 | AC7: 3180.398 | AD7: 3228.4034 | AE7: 3276.3671 | AF7: 3323.6868 | AG7: 3371.0982 | AH7: 3418.8401
B8: Real GDP (Percentage change on a year earlier) | C8: 0.44000534 | D8: -11.593456 | E8: 9.4727026 | F8: 4.7209107 | G8: 1.2081969 | H8: 1.4987848 | I8: 1.6264202 | J8: 1.551106 | K8: 1.5788876 | L8: 1.6516698 | M8: 1.6280528 | N8: 1.5531272 | O8: 1.4743475 | P8: 1.4489297 | Q8: 1.4162008 | R8: 1.4279015 | S8: 1.4541612 | T8: 1.6389177 | U8: 1.6887666 | V8: 1.7276253 | W8: 1.7654013 | X8: 1.713069 | Y8: 1.5372057 | Z8: 1.5394 | AA8: 1.4637618 | AB8: 1.4476422 | AC8: 1.4742825 | AD8: 1.5094144 | AE8: 1.4856782 | AF8: 1.4442739 | AG8: 1.4264686 | AH8: 1.416213
B9: Primary receipts | C9: 800.843 | D9: 762.78931 | E9: 793.30351 | F9: 855.56568 | G9: 909.73993 | H9: 954.33428 | I9: 993.2776 | J9: 1079.3514 | K9: 1117.8136 | L9: 1157.8391 | M9: 1198.6729 | N9: 1238.6587 | O9: 1279.8854 | P9: 1321.6283 | Q9: 1364.8635 | R9: 1410.0948 | S9: 1456.7042 | T9: 1508.599 | U9: 1563.8765 | V9: 1622.6283 | W9: 1684.6146 | X9: 1747.7488 | Y9: 1810.6268 | Z9: 1876.5851 | AA9: 1944.1541 | AB9: 2014.0147 | AC9: 2087.5214 | AD9: 2164.8713 | AE9: 2244.8519 | AF9: 2327.6542 | AG9: 2413.6899 | AH9: 2503.034
B10: of which:
B11: Fuel duty | C11: 27.572 | D11: 21.53798 | E11: 25.741264 | F11: 28.690303 | G11: 29.312457 | H11: 29.324392 | I11: 29.404397 | J11: 29.466943 | K11: 29.110656 | L11: 28.146641 | M11: 26.952919 | N11: 25.374489 | O11: 23.733404 | P11: 22.042485 | Q11: 20.281179 | R11: 18.419344 | S11: 16.488888 | T11: 14.690465 | U11: 13.00753 | V11: 11.456594 | W11: 10.024355 | X11: 8.7037562 | Y11: 7.5226628 | Z11: 6.4571278 | AA11: 5.5384108 | AB11: 4.7731046 | AC11: 4.0519843 | AD11: 3.3659406 | AE11: 2.7370113 | AF11: 2.1435173 | AG11: 1.5715927 | AH11: 1.1343948
B12: VED | C12: 6.771 | D12: 6.938 | E12: 6.9436784 | F12: 6.9580918 | G12: 7.0084572 | H12: 7.0182793 | I12: 6.9947822 | J12: 7.0574367 | K12: 7.0159421 | L12: 6.8628717 | M12: 6.5908985 | N12: 6.1756802 | O12: 5.678157 | P12: 5.1788748 | Q12: 4.6791879 | R12: 4.1908502 | S12: 3.5551394 | T12: 3.090992 | U12: 2.6574991 | V12: 2.2576002 | W12: 1.8964474 | X12: 1.5770299 | Y12: 1.3009469 | Z12: 1.0669301 | AA12: 0.87233746 | AB12: 0.71352469 | AC12: 0.5862047 | AD12: 0.4755437 | AE12: 0.38277606 | AF12: 0.30367455 | AG12: 0.23466392 | AH12: 0.17288305
B13: APD | C13: 3.655 | D13: 0.60476139 | E13: 1.3482154 | F13: 2.0220758 | G13: 3.0955134 | H13: 3.8931504 | I13: 3.9716806 | J13: 4.1322016 | K13: 4.2984678 | L13: 4.4708043 | M13: 4.6486879 | N13: 4.3909919 | O13: 4.3376288 | P13: 4.2059603 | Q13: 4.0580569 | R13: 4.133644 | S13: 4.238982 | T13: 4.423284 | U13: 4.5945604 | V13: 4.7633658 | W13: 5.011444 | X13: 5.121703 | Y13: 5.2963754 | Z13: 5.4286256 | AA13: 5.6608055 | AB13: 5.7881927 | AC13: 6.0081491 | AD13: 6.2091044 | AE13: 6.424824 | AF13: 6.6121949 | AG13: 6.820632 | AH13: 7.0541316
B14: Landfill | C14: 0.732 | D14: 0.71876983 | E14: 0.71684729 | F14: 0.66708104 | G14: 0.56327001 | H14: 0.52985147 | I14: 0.5218915 | J14: 0.5218188 | K14: 0.52077263 | L14: 0.51869941 | M14: 0.51544463 | N14: 0.51089887 | O14: 0.5049744 | P14: 0.49761318 | Q14: 0.48883508 | R14: 0.47849674 | S14: 0.46646226 | T14: 0.45335454 | U14: 0.43843887 | V14: 0.42157434 | W14: 0.40257736 | X14: 0.3813192 | Y14: 0.35770693 | Z14: 0.33159451 | AA14: 0.30284419 | AB14: 0.27133377 | AC14: 0.23693583 | AD14: 0.19950279 | AE14: 0.15886622 | AF14: 0.11488707 | AG14: 0.067409063 | AH14: 0.016256476
B15: Plastics | C15: 0 | D15: 0 | E15: 0 | F15: 0.28162974 | G15: 0.21973291 | H15: 0.19529414 | I15: 0.17752784 | J15: 0.17750312 | K15: 0.17714725 | L15: 0.17644202 | M15: 0.17533486 | N15: 0.17378857 | O15: 0.17177328 | P15: 0.16926928 | Q15: 0.1662833 | R15: 0.16276658 | S15: 0.1586729 | T15: 0.15421415 | U15: 0.1491404 | V15: 0.14340372 | W15: 0.13694167 | X15: 0.12971044 | Y15: 0.12167843 | Z15: 0.11279597 | AA15: 0.1030162 | AB15: 0.092297538 | AC15: 0.08059665 | AD15: 0.067863341 | AE15: 0.054040309 | AF15: 0.039080258 | AG15: 0.022930026 | AH15: 0.0055298414
B16: Carbon tax | C16: 1.5812711 | D16: 1.7214706 | E16: 1.7354169 | F16: 1.6910443 | G16: 1.6957065 | H16: 1.697572 | I16: 1.6310708 | J16: 50.444614 | K16: 50.475107 | L16: 50.505586 | M16: 50.313454 | N16: 49.410795 | O16: 48.942635 | P16: 47.761903 | Q16: 46.866539 | R16: 45.935775 | S16: 44.390426 | T16: 43.209261 | U16: 42.350515 | V16: 41.869 | W16: 41.301824 | X16: 40.107597 | Y16: 38.786544 | Z16: 37.857464 | AA16: 37.030467 | AB16: 36.094661 | AC16: 35.396184 | AD16: 34.927097 | AE16: 34.50162 | AF16: 34.720899 | AG16: 35.401301 | AH16: 36.249327
B17: Road tax | C17: 0 | D17: 0 | E17: 0 | F17: 0 | G17: 0 | H17: 0 | I17: 0 | J17: 0 | K17: 0 | L17: 0 | M17: 0 | N17: 0 | O17: 0 | P17: 0 | Q17: 0 | R17: 0 | S17: 0 | T17: 0 | U17: 0 | V17: 0 | W17: 0 | X17: 0 | Y17: 0 | Z17: 0 | AA17: 0 | AB17: 0 | AC17: 0 | AD17: 0 | AE17: 0 | AF17: 0 | AG17: 0 | AH17: 0
B18: Non net zero related receipts | C18: 760.53173 | D18: 731.26833 | E18: 756.81809 | F18: 815.25546 | G18: 867.84479 | H18: 911.67575 | I18: 950.57625 | J18: 987.55093 | K18: 1026.2155 | L18: 1067.158 | M18: 1109.4762 | N18: 1152.622 | O18: 1196.5168 | P18: 1241.7722 | Q18: 1288.3234 | R18: 1336.7739 | S18: 1387.4057 | T18: 1442.5774 | U18: 1500.6788 | V18: 1561.7168 | W18: 1625.841 | X18: 1691.7277 | Y18: 1757.2409 | Z18: 1825.3306 | AA18: 1894.6462 | AB18: 1966.2816 | AC18: 2041.1613 | AD18: 2119.6262 | AE18: 2200.5928 | AF18: 2283.72 | AG18: 2369.5713 | AH18: 2458.4015
B19: Primary spending | C19: 830.44 | D19: 1097.8293 | E19: 1007.8547 | F19: 944.96108 | G19: 976.99075 | H19: 1010.2213 | I19: 1048.5668 | J19: 1090.561 | K19: 1129.55 | L19: 1170.1567 | M19: 1212.3019 | N19: 1255.4758 | O19: 1297.9655 | P19: 1342.1643 | Q19: 1387.656 | R19: 1435.1347 | S19: 1484.5407 | T19: 1536.5101 | U19: 1590.8251 | V19: 1647.1874 | W19: 1706.576 | X19: 1767.1041 | Y19: 1834.3123 | Z19: 1903.8641 | AA19: 1975.5386 | AB19: 2049.6207 | AC19: 2126.4346 | AD19: 2206.5731 | AE19: 2289.0555 | AF19: 2374.451 | AG19: 2461.8038 | AH19: 2552.8082
B20: of which:
B21: Net zero spending | C21: 0 | D21: 0 | E21: 0 | F21: 0 | G21: 0 | H21: 0 | I21: 0 | J21: 5.2832683 | K21: 5.6339672 | L21: 5.8544123 | M21: 6.448603 | N21: 7.2529547 | O21: 6.6069504 | P21: 6.5727566 | Q21: 6.6282671 | R21: 7.208243 | S21: 8.1878484 | T21: 7.756702 | U21: 7.3169448 | V21: 6.7279827 | W21: 7.0332881 | X21: 7.0775055 | Y21: 7.0140219 | Z21: 6.7834584 | AA21: 6.8903572 | AB21: 7.0122313 | AC21: 6.9245131 | AD21: 7.0152325 | AE21: 6.9424208 | AF21: 7.3787729 | AG21: 6.9426718 | AH21: 7.0298574
B22: Non net zero spending | C22: 830.44 | D22: 1097.8293 | E22: 1007.8547 | F22: 944.96108 | G22: 976.99075 | H22: 1010.2213 | I22: 1048.5668 | J22: 1085.2778 | K22: 1123.916 | L22: 1164.3023 | M22: 1205.8533 | N22: 1248.2228 | O22: 1291.3586 | P22: 1335.5916 | Q22: 1381.0278 | R22: 1427.9265 | S22: 1476.3528 | T22: 1528.7534 | U22: 1583.5082 | V22: 1640.4594 | W22: 1699.5427 | X22: 1760.0266 | Y22: 1827.2982 | Z22: 1897.0807 | AA22: 1968.6483 | AB22: 2042.6084 | AC22: 2119.51 | AD22: 2199.5579 | AE22: 2282.1131 | AF22: 2367.0723 | AG22: 2454.8612 | AH22: 2545.7784
B23: Primary deficit | C23: 29.597 | D23: 335.03995 | E23: 214.55117 | F23: 89.395397 | G23: 67.250819 | H23: 55.887059 | I23: 55.289176 | J23: 11.209603 | K23: 11.736364 | L23: 12.317649 | M23: 13.628987 | N23: 16.817094 | O23: 18.080121 | P23: 20.536058 | Q23: 22.792588 | R23: 25.039949 | S23: 27.83644 | T23: 27.911123 | U23: 26.948654 | V23: 24.55909 | W23: 21.961472 | X23: 19.35529 | Y23: 23.685477 | Z23: 27.279042 | AA23: 31.384562 | AB23: 35.605977 | AC23: 38.913172 | AD23: 41.701812 | AE23: 44.203597 | AF23: 46.796807 | AG23: 48.113953 | AH23: 49.774224
B24: Net interest spending | C24: 27.48 | D24: 19.58995 | E24: 19.929521 | F24: 19.377769 | G24: 21.584905 | H24: 23.778655 | I24: 25.119043 | J24: 30.501491 | K24: 36.128053 | L24: 42.057677 | M24: 48.323674 | N24: 54.984733 | O24: 62.129651 | P24: 69.78673 | Q24: 78.0567 | R24: 86.984265 | S24: 96.644263 | T24: 107.31181 | U24: 118.71937 | V24: 131.0389 | W24: 144.29792 | X24: 158.59417 | Y24: 167.46702 | Z24: 176.76787 | AA24: 186.50256 | AB24: 196.72739 | AC24: 207.47926 | AD24: 218.74687 | AE24: 230.51824 | AF24: 242.84594 | AG24: 255.76398 | AH24: 269.26536
B25: Public sector net borrowing | C25: 57.077 | D25: 354.6299 | E25: 234.48069 | F25: 108.77317 | G25: 88.835724 | H25: 79.665714 | I25: 80.408219 | J25: 41.711095 | K25: 47.864417 | L25: 54.375326 | M25: 61.952661 | N25: 71.801827 | O25: 80.209772 | P25: 90.322788 | Q25: 100.84929 | R25: 112.02421 | S25: 124.4807 | T25: 135.22293 | U25: 145.66803 | V25: 155.59799 | W25: 166.25939 | X25: 177.94946 | Y25: 191.1525 | Z25: 204.04691 | AA25: 217.88712 | AB25: 232.33337 | AC25: 246.39243 | AD25: 260.44868 | AE25: 274.72184 | AF25: 289.64275 | AG25: 303.87793 | AH25: 319.03959
B26: Public sector net debt | C26: 1798.2 | D26: 2197.9306 | E26: 2503.4391 | F26: 2633.0353 | G26: 2753.0703 | H26: 2772.2371 | I26: 2822.1094 | J26: 2881.5713 | K26: 2947.8814 | L26: 3021.4384 | M26: 3103.3333 | N26: 3195.8529 | O26: 3297.5695 | P26: 3410.2125 | Q26: 3534.2188 | R26: 3670.2709 | S26: 3819.6895 | T26: 3980.842 | U26: 4153.484 | V26: 4337.1531 | W26: 4532.6362 | X26: 4740.9936 | Y26: 4963.7316 | Z26: 5200.588 | AA26: 5452.5304 | AB26: 5720.2067 | AC26: 6003.288 | AD26: 6301.8359 | AE26: 6616.1123 | AF26: 6946.8038 | AG26: 7293.2736 | AH26: 7656.5018
B27: £ billion, 2019 prices | C27: 2019-20 | D27: 2020-21 | E27: 2021-22 | F27: 2022-23 | G27: 2023-24 | H27: 2024-25 | I27: 2025-26 | J27: 2026-27 | K27: 2027-28 | L27: 2028-29 | M27: 2029-30 | N27: 2030-31 | O27: 2031-32 | P27: 2032-33 | Q27: 2033-34 | R27: 2034-35 | S27: 2035-36 | T27: 2036-37 | U27: 2037-38 | V27: 2038-39 | W27: 2039-40 | X27: 2040-41 | Y27: 2041-42 | Z27: 2042-43 | AA27: 2043-44 | AB27: 2044-45 | AC27: 2045-46 | AD27: 2046-47 | AE27: 2047-48 | AF27: 2048-49 | AG27: 2049-50 | AH27: 2050-51
B28: Primary receipts | C28: 795.77684 | D28: 707.96672 | E28: 748.36022 | F28: 808.22661 | G28: 842.34336 | H28: 865.56562 | I28: 882.02017 | J28: 936.87763 | K28: 948.44851 | L28: 960.32211 | M28: 971.83778 | N28: 981.67809 | O28: 991.5461 | P28: 1000.865 | Q28: 1010.3684 | R28: 1020.383 | S28: 1030.4114 | T28: 1043.1277 | U28: 1057.0377 | V28: 1072.0905 | W28: 1088.0211 | X28: 1103.4182 | Y28: 1117.4148 | Z28: 1132.0826 | AA28: 1146.4758 | AB28: 1160.9706 | AC28: 1176.2886 | AD28: 1192.4479 | AE28: 1208.7024 | AF28: 1225.1084 | AG28: 1241.8292 | AH28: 1258.8429
B29: of which:
B30: Fuel duty | C30: 27.397579 | D30: 19.990019 | E30: 24.282936 | F30: 27.102847 | G30: 27.140892 | H30: 26.596745 | I30: 26.110798 | J30: 25.577322 | K30: 24.699966 | L30: 23.345076 | M30: 21.852388 | N30: 20.110124 | O30: 18.386618 | P30: 16.692706 | Q30: 15.013562 | R30: 13.328739 | S30: 11.663548 | T30: 10.157789 | U30: 8.7919023 | V30: 7.5695125 | W30: 6.4743052 | X30: 5.4950018 | Y30: 4.6425552 | Z30: 3.8953746 | AA30: 3.2660241 | AB30: 2.7514368 | AC30: 2.2832355 | AD30: 1.8540172 | AE30: 1.4736973 | AF30: 1.1281921 | AG30: 0.80857518 | AH30: 0.57051755
B31: VED | C31: 6.7281664 | D31: 6.4393576 | E31: 6.5502958 | F31: 6.5730955 | G31: 6.4892473 | H31: 6.3654648 | I31: 6.2112938 | J31: 6.1258588 | K31: 5.9529242 | L31: 5.6921273 | M31: 5.3436464 | N31: 4.8944315 | O31: 4.398952 | P31: 3.9219459 | Q31: 3.4638657 | R31: 3.0326135 | S31: 2.5147564 | T31: 2.1372805 | U31: 1.7962267 | V31: 1.4916242 | W31: 1.2248349 | X31: 0.99563705 | Y31: 0.80286968 | Z31: 0.64364415 | AA31: 0.51442106 | AB31: 0.41130841 | AC31: 0.33031801 | AD31: 0.26193754 | AE31: 0.20609927 | AF31: 0.15983226 | AG31: 0.12073321 | AH31: 0.086947522
